Workbook

Sheet Formato_9_Exp_Proponente
A1: No. PROPONENTE | B1: NOMBRE DEL PROPONENTE | C1: INTEGRANTES DEL PROPONENTE SI ES UT, CONSORCIO O UNICO PROPONENTE (Nombre y Nit) | D1: % DE PARTICIPACIÓN | E1: PRESUPUESTO OFICIAL | F1: PRESUPUESTO OFICIAL EXPRESADO EN SMMLV 2024 | G1: CERTIFICACIÓN NÚMERO | H1: ENTIDAD CONTRATANTE | I1: EMPRESA QUE APORTA LA EXPERIENCIA (Nombre y Nit) | J1: OBJETO SIMILAR RELACIONADAS CON SUPERVISIÓN INTEGRAL O INTERVENTORÍA INTEGRAL O AUDITORÍA INTEGRAL | K1: % PARTICIPACION DEL CONTRATO ACREDITADO | L1: FECHA INICIO | M1: FECHA FINAL | N1: Certificación de contrato finalizado, terminado y/o liquidado antes de la fecha de cierre del presente proceso de selección | O1: VALOR DEL CONTRATO EN PESOS COLOMBIANOS | P1: VALOR A TENER EN CUENTA PESOS COLOMBIANOS % PARTICIPACIÓN | Q1: SMMLV (A LA FECHA DE TERMINACION DEL CONTRATO) | R1: SMMLV RUP | S1: VALOR ACTUALIZADO CON SMMMLV (2024) | T1: VERIFICACIÓN DEL CODIGO UNSP EN EL RUP | U1: CONSECUTIVO RUP | V1: VALIDACIÓN CERTIFICACIÓN INDIVIDUAL | W1: OBSERVACIONES INDIVIDUALES EXPERIENCIA | X1: INTEGRANTE | Y1: VALOR EXPERIENCIA DE INTEGRANTE FRENTE AL 100% DEL PRESUPUESTO OFICIAL | Z1: VALIDACIÓN EXPERIENCIA INTEGRANTE | AA1: TOTAL EXPERIENCIA APORTADA POR PROPONENTE | AB1: OBSERVACIONES INDIVIDUALES POR INTEGRANTE | AC1: CONSOLIDADO | AD1: OBSERVACIONES GENERALES
A2: 1 | B2: ARES SECURITY LTDA: NIT 900.599.147-1 | C2: =B2 -> ARES SECURITY LTDA: NIT 900.599.147-1 | D2: 1 | E2: =Listados!$M$3 -> 1351954266 | F2: =E2/Listados!$C$32 -> 1039.9648 | G2: 1 | H2: ACCION DEL CAUCA SA | I2: ARES SECURITY LTDA: NIT 900.599.147-1 | J2: NO CUMPLE | K2: 1 | L2: 43101 | M2: 43465 | N2: =IF(M2<>"",IF(M2>Listados!$O$4,"NO CUMPLE","CUMPLE"),"") -> CUMPLE | P2: =IF(O2>0,K2*O2,"") | Q2: =IFERROR((P2/_xlfn.XLOOKUP(YEAR(M2),Listados!$B$3:$B$32,Listados!$C$3:$C$32)),"") | R2: 578.53 | S2: =IF(V2="CUMPLE",IFERROR(R2*Listados!$C$32,"0"),"") | T2: 801015 | U2: 3 | V2: =IF(COUNTBLANK(J2)+COUNTBLANK(N2)+COUNTBLANK(T2)=3,"",IF(COUNTIF(J2,"CUMPLE")+COUNTIF(N2,"CUMPLE")+COUNTIF(T2,"801015")+COUNTIF(T2,"801016")+COUNTIF(T2,"841116")=3,IF(W2="","CUMPLE","NO CUMPLE"),"NO CUMPLE")) -> NO CUMPLE | W2: El proponente en el término de traslado deberá aportar las certificaciones expedidas por las entidades contratantes según lo indicado en el Pliego de Condiciones definitivo, toda vez que no allegó estas certificaciones para la validación en concordancia con el el numeral 4.5.2. CONDICIONES GENERALES PARA LA ACREDITACIÓN DE LA EXPERIENCIA. Adjuntar el RUP con fecha de expedición no mayor a treinta (30) días calendario anteriores a la fecha límite para la presentación de las Ofertas, de acuerdo con el numeral 2.15.1. GENERALIDADES del Pliego de Condiciones Definitivo. | X2: =IF(C2<>"",C2,"") -> ARES SECURITY LTDA: NIT 900.599.147-1 | Y2: =+IF(X2<>"",(SUMIFS($S2:$S9,$I2:$I9,C2,$V2:$V9,"CUMPLE")),"") -> 0 | Z2: =IF(D2>0,(IF(Y2>=($D2*E$2),"CUMPLE","NO CUMPLE")),"") -> NO CUMPLE | AA2: =IF(C2>0,SUMIFS(Y2:Y9,Z2:Z9,"CUMPLE"),"") -> 0 | AC2: =IF(B2="","",IF(COUNTIF(Z2:Z9,"NO CUMPLE")>0,"NO CUMPLE",IF(E2>AA2,"NO CUMPLE",IF(AA2="","","CUMPLE")))) -> NO CUMPLE | AD2: De acuerdo con las observaciones particulares a cada unas de las experiencias, el proponente en el término de traslado deberá aportar las certificaciones expedidas por las entidades contratantes según lo indicado en el formato No. de acuerdo con la solicitado en el numeral 4.5.2 CONDICIONES GENERALES PARA LA ACREDITACIÓN DE LA EXPERIENCIA.del Pliego de Condiciones definitivo, toda vez que no las aporto en la propuesta. Por otro lado, se deberá adjuntar el RUP con fecha de expedición no mayor a treinta (30) días calendario anteriores a la fecha límite para la presentación de las Ofertas, en concordancia con el numeral 2.15.1. GENERALIDADES del Pliego de Condiciones Definitivo.
G3: 2 | H3: AEROREPUBLICA SA | I3: ARES SECURITY LTDA: NIT 900.599.147-1 | J3: NO CUMPLE | K3: 1 | L3: 43101 | M3: 43465 | N3: =IF(M3<>"",IF(M3>Listados!$O$4,"NO CUMPLE","CUMPLE"),"") -> CUMPLE | P3: =IF(O3>0,K3*O3,"") | Q3: =IFERROR((P3/_xlfn.XLOOKUP(YEAR(M3),Listados!$B$3:$B$32,Listados!$C$3:$C$32)),"") | R3: 380.65 | S3: =IF(V3="CUMPLE",IFERROR(R3*Listados!$C$32,"0"),"") | T3: 801015 | U3: 4 | V3: =IF(COUNTBLANK(J3)+COUNTBLANK(N3)+COUNTBLANK(T3)=3,"",IF(COUNTIF(J3,"CUMPLE")+COUNTIF(N3,"CUMPLE")+COUNTIF(T3,"801015")+COUNTIF(T3,"801016")+COUNTIF(T3,"841116")=3,IF(W3="","CUMPLE","NO CUMPLE"),"NO CUMPLE")) -> NO CUMPLE | W3: El proponente en el término de traslado deberá aportar las certificaciones expedidas por las entidades contratantes según lo indicado en el Pliego de Condiciones definitivo, toda vez que no allegó estas certificaciones para la validación en concordancia con el el numeral 4.5.2. CONDICIONES GENERALES PARA LA ACREDITACIÓN DE LA EXPERIENCIA. Adjuntar el RUP con fecha de expedición no mayor a treinta (30) días calendario anteriores a la fecha límite para la presentación de las Ofertas, de acuerdo con el numeral 2.15.1. GENERALIDADES del Pliego de Condiciones Definitivo. | X3: =IF(C3<>"",C3,"") | Y3: =+IF(X3<>"",(SUMIFS($S2:$S9,$I2:$I9,C3,$V2:$V9,"CUMPLE")),"") | Z3: =IF(D3>0,(IF(Y3>=($D3*E$2),"CUMPLE","NO CUMPLE")),"")
G4: 3 | H4: PLUS RISK SAS | I4: ARES SECURITY LTDA: NIT 900.599.147-1 | J4: NO CUMPLE | K4: 1 | L4: 43101 | M4: 45291 | N4: =IF(M4<>"",IF(M4>Listados!$O$4,"NO CUMPLE","CUMPLE"),"") -> CUMPLE | P4: =IF(O4>0,K4*O4,"") | Q4: =IFERROR((P4/_xlfn.XLOOKUP(YEAR(M4),Listados!$B$3:$B$32,Listados!$C$3:$C$32)),"") | R4: 294.36 | S4: =IF(V4="CUMPLE",IFERROR(R4*Listados!$C$32,"0"),"") | T4: 801015 | U4: 13 | V4: =IF(COUNTBLANK(J4)+COUNTBLANK(N4)+COUNTBLANK(T4)=3,"",IF(COUNTIF(J4,"CUMPLE")+COUNTIF(N4,"CUMPLE")+COUNTIF(T4,"801015")+COUNTIF(T4,"801016")+COUNTIF(T4,"841116")=3,IF(W4="","CUMPLE","NO CUMPLE"),"NO CUMPLE")) -> NO CUMPLE | W4: El proponente en el término de traslado deberá aportar las certificaciones expedidas por las entidades contratantes según lo indicado en el Pliego de Condiciones definitivo, toda vez que no allegó estas certificaciones para la validación en concordancia con el el numeral 4.5.2. CONDICIONES GENERALES PARA LA ACREDITACIÓN DE LA EXPERIENCIA. Adjuntar el RUP con fecha de expedición no mayor a treinta (30) días calendario anteriores a la fecha límite para la presentación de las Ofertas, de acuerdo con el numeral 2.15.1. GENERALIDADES del Pliego de Condiciones Definitivo. | X4: =IF(C4<>"",C4,"") | Y4: =+IF(X4<>"",(SUMIFS($S2:$S9,$I2:$I9,C4,$V2:$V9,"CUMPLE")),"") | Z4: =IF(D4>0,(IF(Y4>=($D4*E$2),"CUMPLE","NO CUMPLE")),"")
G5: 4 | H5: ASOCIACION DE BANANEROS DE COLOMBIA | I5: ARES SECURITY LTDA: NIT 900.599.147-1 | J5: NO CUMPLE | K5: 1 | L5: 44927 | M5: 45291 | N5: =IF(M5<>"",IF(M5>Listados!$O$4,"NO CUMPLE","CUMPLE"),"") -> CUMPLE | P5: =IF(O5>0,K5*O5,"") | Q5: =IFERROR((P5/_xlfn.XLOOKUP(YEAR(M5),Listados!$B$3:$B$32,Listados!$C$3:$C$32)),"") | R5: 254.5 | S5: =IF(V5="CUMPLE",IFERROR(R5*Listados!$C$32,"0"),"") | T5: 801015 | U5: 16 | V5: =IF(COUNTBLANK(J5)+COUNTBLANK(N5)+COUNTBLANK(T5)=3,"",IF(COUNTIF(J5,"CUMPLE")+COUNTIF(N5,"CUMPLE")+COUNTIF(T5,"801015")+COUNTIF(T5,"801016")+COUNTIF(T5,"841116")=3,IF(W5="","CUMPLE","NO CUMPLE"),"NO CUMPLE")) -> NO CUMPLE | W5: El proponente en el término de traslado deberá aportar las certificaciones expedidas por las entidades contratantes según lo indicado en el Pliego de Condiciones definitivo, toda vez que no allegó estas certificaciones para la validación en concordancia con el el numeral 4.5.2. CONDICIONES GENERALES PARA LA ACREDITACIÓN DE LA EXPERIENCIA. Adjuntar el RUP con fecha de expedición no mayor a treinta (30) días calendario anteriores a la fecha límite para la presentación de las Ofertas, de acuerdo con el numeral 2.15.1. GENERALIDADES del Pliego de Condiciones Definitivo. | X5: =IF(C5<>"",C5,"") | Y5: =+IF(X5<>"",(SUMIFS($S2:$S9,$I2:$I9,C5,$V2:$V9,"CUMPLE")),"") | Z5: =IF(D5>0,(IF(Y5>=($D5*E$2),"CUMPLE","NO CUMPLE")),"")
G6: 5 | H6: PASH SAS | I6: ARES SECURITY LTDA: NIT 900.599.147-1 | J6: NO CUMPLE | K6: 1 | L6: 44927 | M6: 45291 | N6: =IF(M6<>"",IF(M6>Listados!$O$4,"NO CUMPLE","CUMPLE"),"") -> CUMPLE | P6: =IF(O6>0,K6*O6,"") | Q6: =IFERROR((P6/_xlfn.XLOOKUP(YEAR(M6),Listados!$B$3:$B$32,Listados!$C$3:$C$32)),"") | R6: 86.2 | S6: =IF(V6="CUMPLE",IFERROR(R6*Listados!$C$32,"0"),"") | T6: 801015 | U6: 20 | V6: =IF(COUNTBLANK(J6)+COUNTBLANK(N6)+COUNTBLANK(T6)=3,"",IF(COUNTIF(J6,"CUMPLE")+COUNTIF(N6,"CUMPLE")+COUNTIF(T6,"801015")+COUNTIF(T6,"801016")+COUNTIF(T6,"841116")=3,IF(W6="","CUMPLE","NO CUMPLE"),"NO CUMPLE")) -> NO CUMPLE | W6: El proponente en el término de traslado deberá aportar las certificaciones expedidas por las entidades contratantes según lo indicado en el Pliego de Condiciones definitivo, toda vez que no allegó estas certificaciones para la validación en concordancia con el el numeral 4.5.2. CONDICIONES GENERALES PARA LA ACREDITACIÓN DE LA EXPERIENCIA. Adjuntar el RUP con fecha de expedición no mayor a treinta (30) días calendario anteriores a la fecha límite para la presentación de las Ofertas, de acuerdo con el numeral 2.15.1. GENERALIDADES del Pliego de Condiciones Definitivo. | X6: =IF(C6<>"",C6,"") | Y6: =+IF(X6<>"",(SUMIFS($S2:$S9,$I2:$I9,C6,$V2:$V9,"CUMPLE")),"") | Z6: =IF(D6>0,(IF(Y6>=($D6*E$2),"CUMPLE","NO CUMPLE")),"")
G7: 6 | H7: MANUFACTURAS ELIOT SAS | I7: ARES SECURITY LTDA: NIT 900.599.147-1 | J7: NO CUMPLE | K7: 1 | L7: 44927 | M7: 45291 | N7: =IF(M7<>"",IF(M7>Listados!$O$4,"NO CUMPLE","CUMPLE"),"") -> CUMPLE | P7: =IF(O7>0,K7*O7,"") | Q7: =IFERROR((P7/_xlfn.XLOOKUP(YEAR(M7),Listados!$B$3:$B$32,Listados!$C$3:$C$32)),"") | R7: 44.7 | S7: =IF(V7="CUMPLE",IFERROR(R7*Listados!$C$32,"0"),"") | T7: 801015 | U7: 18 | V7: =IF(COUNTBLANK(J7)+COUNTBLANK(N7)+COUNTBLANK(T7)=3,"",IF(COUNTIF(J7,"CUMPLE")+COUNTIF(N7,"CUMPLE")+COUNTIF(T7,"801015")+COUNTIF(T7,"801016")+COUNTIF(T7,"841116")=3,IF(W7="","CUMPLE","NO CUMPLE"),"NO CUMPLE")) -> NO CUMPLE | W7: El proponente en el término de traslado deberá aportar las certificaciones expedidas por las entidades contratantes según lo indicado en el Pliego de Condiciones definitivo, toda vez que no allegó estas certificaciones para la validación en concordancia con el el numeral 4.5.2. CONDICIONES GENERALES PARA LA ACREDITACIÓN DE LA EXPERIENCIA. Adjuntar el RUP con fecha de expedición no mayor a treinta (30) días calendario anteriores a la fecha límite para la presentación de las Ofertas, de acuerdo con el numeral 2.15.1. GENERALIDADES del Pliego de Condiciones Definitivo. | X7: =IF(C7<>"",C7,"") | Y7: =+IF(X7<>"",(SUMIFS($S2:$S9,$I2:$I9,C7,$V2:$V9,"CUMPLE")),"") | Z7: =IF(D7>0,(IF(Y7>=($D7*E$2),"CUMPLE","NO CUMPLE")),"")
N8: =IF(M8<>"",IF(M8>Listados!$O$4,"NO CUMPLE","CUMPLE"),"") | P8: =IF(O8>0,K8*O8,"") | Q8: =IFERROR((P8/_xlfn.XLOOKUP(YEAR(M8),Listados!$B$3:$B$32,Listados!$C$3:$C$32)),"") | S8: =IF(V8="CUMPLE",IFERROR(R8*Listados!$C$32,"0"),"") | V8: =IF(COUNTBLANK(J8)+COUNTBLANK(N8)+COUNTBLANK(T8)=3,"",IF(COUNTIF(J8,"CUMPLE")+COUNTIF(N8,"CUMPLE")+COUNTIF(T8,"801015")+COUNTIF(T8,"801016")+COUNTIF(T8,"841116")=3,IF(W8="","CUMPLE","NO CUMPLE"),"NO CUMPLE")) | X8: =IF(C8<>"",C8,"") | Y8: =+IF(X8<>"",(SUMIFS($S2:$S9,$I2:$I9,C8,$V2:$V9,"CUMPLE")),"") | Z8: =IF(D8>0,(IF(Y8>=($D8*E$2),"CUMPLE","NO CUMPLE")),"")
N9: =IF(M9<>"",IF(M9>Listados!$O$4,"NO CUMPLE","CUMPLE"),"") | P9: =IF(O9>0,K9*O9,"") | Q9: =IFERROR((P9/_xlfn.XLOOKUP(YEAR(M9),Listados!$B$3:$B$32,Listados!$C$3:$C$32)),"") | S9: =IF(V9="CUMPLE",IFERROR(R9*Listados!$C$32,"0"),"") | V9: =IF(COUNTBLANK(J9)+COUNTBLANK(N9)+COUNTBLANK(T9)=3,"",IF(COUNTIF(J9,"CUMPLE")+COUNTIF(N9,"CUMPLE")+COUNTIF(T9,"801015")+COUNTIF(T9,"801016")+COUNTIF(T9,"841116")=3,IF(W9="","CUMPLE","NO CUMPLE"),"NO CUMPLE")) | X9: =IF(C9<>"",C9,"") | Y9: =+IF(X9<>"",(SUMIFS($S2:$S9,$I2:$I9,C9,$V2:$V9,"CUMPLE")),"") | Z9: =IF(D9>0,(IF(Y9>=($D9*E$2),"CUMPLE","NO CUMPLE")),"")
A10: 2 | B10: GERMAN MONTENEGRO FAJARDO AUDITORES & ASESORES S.A.S. BIC 900.335.334-8 | C10: =B10 -> GERMAN MONTENEGRO FAJARDO AUDITORES & ASESORES S.A.S. BIC 900.335.334-8 | D10: 1 | E10: =Listados!$M$3 -> 1351954266 | F10: =E10/Listados!$C$32 -> 1039.9648 | G10: 1 | H10: DEPARTAMENTO DE NARIÑO: LA SOCIEDAD se obliga para con EL DEPARTAMENTO a realizar, por sus propios medios, con plena autonomía técnica y administrativa, la interventoría técnica, administrativa y financiera de los contratos resultantes, que se orientan hacia la ejecución de recursos direccionados a garantizar la implementación de los proyectos de inversión formulados por el Departamento de Nariño - Secretaría de Equidad de Género e Inclusión Social - SEGIS, los cuales fueron presentados ante el Órgano Colegiado de Administración y Decisión - OCAD Región Pacífico y aprobados por el mismo mediante acuerdo No. 007 del 04 de julio de 2013; en atención al parágrafo primero del artículo 28 de la ley 1530 de 2012, de conformidad con las condiciones establecidas en el Pliego de Condiciones, sus anexos, y la propuesta presentada, bajo la siguiente discriminación: | I10: GERMAN MONTENEGRO FAJARDO AUDITORES & ASESORES S.A.S. BIC 900.335.334-8 | J10: CUMPLE | K10: 1 | L10: 41701 | M10: 42075 | N10: =IF(M10<>"",IF(M10>Listados!$O$4,"NO CUMPLE","CUMPLE"),"") -> CUMPLE | O10: =476771238 -> 476771238 | P10: =IF(O10>0,K10*O10,"") -> 476771238 | Q10: =IFERROR((P10/_xlfn.XLOOKUP(YEAR(M10),Listados!$B$3:$B$32,Listados!$C$3:$C$32)),"") -> 739.92588 | R10: 739.93 | S10: =IF(V10="CUMPLE",IFERROR(R10*Listados!$C$32,"0"),"") -> 9.61909e+08 | T10: 801015 | U10: 50 | V10: =IF(COUNTBLANK(J10)+COUNTBLANK(N10)+COUNTBLANK(T10)=3,"",IF(COUNTIF(J10,"CUMPLE")+COUNTIF(N10,"CUMPLE")+COUNTIF(T10,"801015")+COUNTIF(T10,"801016")+COUNTIF(T10,"841116")=3,IF(W10="","CUMPLE","NO CUMPLE"),"NO CUMPLE")) -> CUMPLE | X10: =IF(C10<>"",C10,"") -> GERMAN MONTENEGRO FAJARDO AUDITORES & ASESORES S.A.S. BIC 900.335.334-8 | Y10: =+IF(X10<>"",(SUMIFS($S10:$S17,$I10:$I17,C10,$V10:$V17,"CUMPLE")),"") -> 3976882000 | Z10: =IF(D10>0,(IF(Y10>=($D10*E$2),"CUMPLE","NO CUMPLE")),"") -> CUMPLE | AA10: =IF(C10>0,SUMIFS(Y10:Y17,Z10:Z17,"CUMPLE"),"") -> 3976882000 | AC10: =IF(B10="","",IF(COUNTIF(Z10:Z17,"NO CUMPLE")>0,"NO CUMPLE",IF(E10>AA10,"NO CUMPLE",IF(AA10="","","CUMPLE")))) -> CUMPLE
G11: 2 | H11: MUNICIPIO DE PASTO - SECRETARIA DE EDUCACIÓN: El Contratista se compromete para con el Municipio de Pasto – Secretaría de Educación, a realizar la Interventoría Integral conforme a los lineamientos Técnico administrativos, estándares y condiciones mínimas de la Resolución No. 16432 de 2015 y Decreto 1075 de 2015 sobre el Contrato de operación del PAE | I11: =C10 -> GERMAN MONTENEGRO FAJARDO AUDITORES & ASESORES S.A.S. BIC 900.335.334-8 | J11: CUMPLE | K11: 1 | L11: 42853 | M11: 43084 | N11: =IF(M11<>"",IF(M11>Listados!$O$4,"NO CUMPLE","CUMPLE"),"") -> CUMPLE | O11: 448000000 | P11: =IF(O11>0,K11*O11,"") -> 448000000 | Q11: =IFERROR((P11/_xlfn.XLOOKUP(YEAR(M11),Listados!$B$3:$B$32,Listados!$C$3:$C$32)),"") -> 607.27894 | R11: 607.27 | S11: =IF(V11="CUMPLE",IFERROR(R11*Listados!$C$32,"0"),"") -> 789451000 | T11: 801015 | U11: 112 | V11: =IF(COUNTBLANK(J11)+COUNTBLANK(N11)+COUNTBLANK(T11)=3,"",IF(COUNTIF(J11,"CUMPLE")+COUNTIF(N11,"CUMPLE")+COUNTIF(T11,"801015")+COUNTIF(T11,"801016")+COUNTIF(T11,"841116")=3,IF(W11="","CUMPLE","NO CUMPLE"),"NO CUMPLE")) -> CUMPLE | X11: =IF(C11<>"",C11,"") | Y11: =+IF(X11<>"",(SUMIFS($S10:$S17,$I10:$I17,C11,$V10:$V17,"CUMPLE")),"") | Z11: =IF(D11>0,(IF(Y11>=($D11*E$2),"CUMPLE","NO CUMPLE")),"")
G12: 3 | H12: MUNICIPIO DE PASTO - SECRETARIA DE EDUCACIÓN: El Contratista se compromete para con el Municipio de Pasto – Secretaría de Educación, a realizar la Interventoría Integral conforme a los lineamientos Técnico administrativos, estándares y condiciones mínimas de la Resolución No. 16432 de 2015 y Decreto 1075 de 2015 sobre el Contrato de operación del PAE | I12: GERMAN MONTENEGRO FAJARDO AUDITORES & ASESORES S.A.S. BIC 900.335.334-8 | J12: CUMPLE | K12: 1 | L12: 43126 | M12: 43434 | N12: =IF(M12<>"",IF(M12>Listados!$O$4,"NO CUMPLE","CUMPLE"),"") -> CUMPLE | O12: 665000000 | P12: =IF(O12>0,K12*O12,"") -> 665000000 | Q12: =IFERROR((P12/_xlfn.XLOOKUP(YEAR(M12),Listados!$B$3:$B$32,Listados!$C$3:$C$32)),"") -> 851.20872 | R12: 851.2 | S12: =IF(V12="CUMPLE",IFERROR(R12*Listados!$C$32,"0"),"") -> 1106560000 | T12: 801015 | U12: 124 | V12: =IF(COUNTBLANK(J12)+COUNTBLANK(N12)+COUNTBLANK(T12)=3,"",IF(COUNTIF(J12,"CUMPLE")+COUNTIF(N12,"CUMPLE")+COUNTIF(T12,"801015")+COUNTIF(T12,"801016")+COUNTIF(T12,"841116")=3,IF(W12="","CUMPLE","NO CUMPLE"),"NO CUMPLE")) -> CUMPLE | X12: =IF(C12<>"",C12,"") | Y12: =+IF(X12<>"",(SUMIFS($S10:$S17,$I10:$I17,C12,$V10:$V17,"CUMPLE")),"") | Z12: =IF(D12>0,(IF(Y12>=($D12*E$2),"CUMPLE","NO CUMPLE")),"")
G13: 4 | H13: MUNICIPIO DE PASTO - SECRETARIA DE EDUCACIÓN: El Contratista se compromete para con el Municipio de Pasto – Secretaría de Educación, a realizar la Interventoría Integral conforme a los lineamientos Técnico administrativos, estándares y condiciones mínimas de la Resolución No. 16432 de 2015 y Decreto 1075 de 2015 sobre el Contrato de operación del PAE | I13: GERMAN MONTENEGRO FAJARDO AUDITORES & ASESORES S.A.S. BIC 900.335.334-8 | J13: CUMPLE | K13: 1 | L13: 43479 | M13: 43801 | N13: =IF(M13<>"",IF(M13>Listados!$O$4,"NO CUMPLE","CUMPLE"),"") -> CUMPLE | O13: 712800000 | P13: =IF(O13>0,K13*O13,"") -> 712800000 | Q13: =IFERROR((P13/_xlfn.XLOOKUP(YEAR(M13),Listados!$B$3:$B$32,Listados!$C$3:$C$32)),"") -> 860.74898 | R13: 860.74 | S13: =IF(V13="CUMPLE",IFERROR(R13*Listados!$C$32,"0"),"") -> 1118962000 | T13: 801015 | U13: 132 | V13: =IF(COUNTBLANK(J13)+COUNTBLANK(N13)+COUNTBLANK(T13)=3,"",IF(COUNTIF(J13,"CUMPLE")+COUNTIF(N13,"CUMPLE")+COUNTIF(T13,"801015")+COUNTIF(T13,"801016")+COUNTIF(T13,"841116")=3,IF(W13="","CUMPLE","NO CUMPLE"),"NO CUMPLE")) -> CUMPLE | X13: =IF(C13<>"",C13,"") | Y13: =+IF(X13<>"",(SUMIFS($S10:$S17,$I10:$I17,C13,$V10:$V17,"CUMPLE")),"") | Z13: =IF(D13>0,(IF(Y13>=($D13*E$2),"CUMPLE","NO CUMPLE")),"")
N14: =IF(M14<>"",IF(M14>Listados!$O$4,"NO CUMPLE","CUMPLE"),"") | P14: =IF(O14>0,K14*O14,"") | Q14: =IFERROR((P14/_xlfn.XLOOKUP(YEAR(M14),Listados!$B$3:$B$32,Listados!$C$3:$C$32)),"") | S14: =IF(V14="CUMPLE",IFERROR(R14*Listados!$C$32,"0"),"") | V14: =IF(COUNTBLANK(J14)+COUNTBLANK(N14)+COUNTBLANK(T14)=3,"",IF(COUNTIF(J14,"CUMPLE")+COUNTIF(N14,"CUMPLE")+COUNTIF(T14,"801015")+COUNTIF(T14,"801016")+COUNTIF(T14,"841116")=3,IF(W14="","CUMPLE","NO CUMPLE"),"NO CUMPLE")) | X14: =IF(C14<>"",C14,"") | Y14: =+IF(X14<>"",(SUMIFS($S10:$S17,$I10:$I17,C14,$V10:$V17,"CUMPLE")),"") | Z14: =IF(D14>0,(IF(Y14>=($D14*E$2),"CUMPLE","NO CUMPLE")),"")
N15: =IF(M15<>"",IF(M15>Listados!$O$4,"NO CUMPLE","CUMPLE"),"") | P15: =IF(O15>0,K15*O15,"") | Q15: =IFERROR((P15/_xlfn.XLOOKUP(YEAR(M15),Listados!$B$3:$B$32,Listados!$C$3:$C$32)),"") | S15: =IF(V15="CUMPLE",IFERROR(R15*Listados!$C$32,"0"),"") | V15: =IF(COUNTBLANK(J15)+COUNTBLANK(N15)+COUNTBLANK(T15)=3,"",IF(COUNTIF(J15,"CUMPLE")+COUNTIF(N15,"CUMPLE")+COUNTIF(T15,"801015")+COUNTIF(T15,"801016")+COUNTIF(T15,"841116")=3,IF(W15="","CUMPLE","NO CUMPLE"),"NO CUMPLE")) | X15: =IF(C15<>"",C15,"") | Y15: =+IF(X15<>"",(SUMIFS($S10:$S17,$I10:$I17,C15,$V10:$V17,"CUMPLE")),"") | Z15: =IF(D15>0,(IF(Y15>=($D15*E$2),"CUMPLE","NO CUMPLE")),"")
N16: =IF(M16<>"",IF(M16>Listados!$O$4,"NO CUMPLE","CUMPLE"),"") | P16: =IF(O16>0,K16*O16,"") | Q16: =IFERROR((P16/_xlfn.XLOOKUP(YEAR(M16),Listados!$B$3:$B$32,Listados!$C$3:$C$32)),"") | S16: =IF(V16="CUMPLE",IFERROR(R16*Listados!$C$32,"0"),"") | V16: =IF(COUNTBLANK(J16)+COUNTBLANK(N16)+COUNTBLANK(T16)=3,"",IF(COUNTIF(J16,"CUMPLE")+COUNTIF(N16,"CUMPLE")+COUNTIF(T16,"801015")+COUNTIF(T16,"801016")+COUNTIF(T16,"841116")=3,IF(W16="","CUMPLE","NO CUMPLE"),"NO CUMPLE")) | X16: =IF(C16<>"",C16,"") | Y16: =+IF(X16<>"",(SUMIFS($S10:$S17,$I10:$I17,C16,$V10:$V17,"CUMPLE")),"") | Z16: =IF(D16>0,(IF(Y16>=($D16*E$2),"CUMPLE","NO CUMPLE")),"")
N17: =IF(M17<>"",IF(M17>Listados!$O$4,"NO CUMPLE","CUMPLE"),"") | P17: =IF(O17>0,K17*O17,"") | Q17: =IFERROR((P17/_xlfn.XLOOKUP(YEAR(M17),Listados!$B$3:$B$32,Listados!$C$3:$C$32)),"") | S17: =IF(V17="CUMPLE",IFERROR(R17*Listados!$C$32,"0"),"") | V17: =IF(COUNTBLANK(J17)+COUNTBLANK(N17)+COUNTBLANK(T17)=3,"",IF(COUNTIF(J17,"CUMPLE")+COUNTIF(N17,"CUMPLE")+COUNTIF(T17,"801015")+COUNTIF(T17,"801016")+COUNTIF(T17,"841116")=3,IF(W17="","CUMPLE","NO CUMPLE"),"NO CUMPLE")) | X17: =IF(C17<>"",C17,"") | Y17: =+IF(X17<>"",(SUMIFS($S10:$S17,$I10:$I17,C17,$V10:$V17,"CUMPLE")),"") | Z17: =IF(D17>0,(IF(Y17>=($D17*E$2),"CUMPLE","NO CUMPLE")),"")
A18: 3 | B18: JFS CONSULTORES S.A.S. -BIC 901.542.814-2 | C18: =B18 -> JFS CONSULTORES S.A.S. -BIC 901.542.814-2 | D18: 1 | E18: =Listados!$M$3 -> 1351954266 | F18: =E18/Listados!$C$32 -> 1039.9648 | G18: 1 | H18: RTVC: Requiere contratar la interventoría integral para la verificación y control y seguimiento correcta ejecución y cumplimiento del contrato derivado. | I18: JFS CONSULTORES S.A.S. -BIC 901.542.814-2 | J18: CUMPLE | K18: 1 | L18: 43816 | M18: 44271 | N18: =IF(M18<>"",IF(M18>Listados!$O$4,"NO CUMPLE","CUMPLE"),"") -> CUMPLE | O18: 4638840000 | P18: =IF(O18>0,K18*O18,"") -> 4638840000 | Q18: =IFERROR((P18/_xlfn.XLOOKUP(YEAR(M18),Listados!$B$3:$B$32,Listados!$C$3:$C$32)),"") -> 5105.8968 | R18: =5105.89*0.22 -> 1123.2958 | S18: =IF(V18="CUMPLE",IFERROR(R18*Listados!$C$32,"0"),"") -> 1.4602845e+09 | T18: 801015 | U18: 84 | V18: =IF(COUNTBLANK(J18)+COUNTBLANK(N18)+COUNTBLANK(T18)=3,"",IF(COUNTIF(J18,"CUMPLE")+COUNTIF(N18,"CUMPLE")+COUNTIF(T18,"801015")+COUNTIF(T18,"801016")+COUNTIF(T18,"841116")=3,IF(W18="","CUMPLE","NO CUMPLE"),"NO CUMPLE")) -> CUMPLE | X18: =IF(C18<>"",C18,"") -> JFS CONSULTORES S.A.S. -BIC 901.542.814-2 | Y18: =+IF(X18<>"",(SUMIFS($S18:$S25,$I18:$I25,C18,$V18:$V25,"CUMPLE")),"") -> 1.4602845e+09 | Z18: =IF(D18>0,(IF(Y18>=($D18*E$2),"CUMPLE","NO CUMPLE")),"") -> CUMPLE | AA18: =IF(C18>0,SUMIFS(Y18:Y25,Z18:Z25,"CUMPLE"),"") -> 1.4602845e+09 | AC18: =IF(B18="","",IF(COUNTIF(Z18:Z25,"NO CUMPLE")>0,"NO CUMPLE",IF(E18>AA18,"NO CUMPLE",IF(AA18="","","CUMPLE")))) -> CUMPLE
N19: =IF(M19<>"",IF(M19>Listados!$O$4,"NO CUMPLE","CUMPLE"),"") | P19: =IF(O19>0,K19*O19,"") | Q19: =IFERROR((P19/_xlfn.XLOOKUP(YEAR(M19),Listados!$B$3:$B$32,Listados!$C$3:$C$32)),"") | S19: =IF(V19="CUMPLE",IFERROR(R19*Listados!$C$32,"0"),"") | V19: =IF(COUNTBLANK(J19)+COUNTBLANK(N19)+COUNTBLANK(T19)=3,"",IF(COUNTIF(J19,"CUMPLE")+COUNTIF(N19,"CUMPLE")+COUNTIF(T19,"801015")+COUNTIF(T19,"801016")+COUNTIF(T19,"841116")=3,IF(W19="","CUMPLE","NO CUMPLE"),"NO CUMPLE")) | X19: =IF(C19<>"",C19,"") | Y19: =+IF(X19<>"",(SUMIFS($S18:$S25,$I18:$I25,C19,$V18:$V25,"CUMPLE")),"") | Z19: =IF(D19>0,(IF(Y19>=($D19*E$2),"CUMPLE","NO CUMPLE")),"")
N20: =IF(M20<>"",IF(M20>Listados!$O$4,"NO CUMPLE","CUMPLE"),"") | P20: =IF(O20>0,K20*O20,"") | Q20: =IFERROR((P20/_xlfn.XLOOKUP(YEAR(M20),Listados!$B$3:$B$32,Listados!$C$3:$C$32)),"") | S20: =IF(V20="CUMPLE",IFERROR(R20*Listados!$C$32,"0"),"") | V20: =IF(COUNTBLANK(J20)+COUNTBLANK(N20)+COUNTBLANK(T20)=3,"",IF(COUNTIF(J20,"CUMPLE")+COUNTIF(N20,"CUMPLE")+COUNTIF(T20,"801015")+COUNTIF(T20,"801016")+COUNTIF(T20,"841116")=3,IF(W20="","CUMPLE","NO CUMPLE"),"NO CUMPLE")) | X20: =IF(C20<>"",C20,"") | Y20: =+IF(X20<>"",(SUMIFS($S18:$S25,$I18:$I25,C20,$V18:$V25,"CUMPLE")),"") | Z20: =IF(D20>0,(IF(Y20>=($D20*E$2),"CUMPLE","NO CUMPLE")),"")
N21: =IF(M21<>"",IF(M21>Listados!$O$4,"NO CUMPLE","CUMPLE"),"") | P21: =IF(O21>0,K21*O21,"") | Q21: =IFERROR((P21/_xlfn.XLOOKUP(YEAR(M21),Listados!$B$3:$B$32,Listados!$C$3:$C$32)),"") | S21: =IF(V21="CUMPLE",IFERROR(R21*Listados!$C$32,"0"),"") | V21: =IF(COUNTBLANK(J21)+COUNTBLANK(N21)+COUNTBLANK(T21)=3,"",IF(COUNTIF(J21,"CUMPLE")+COUNTIF(N21,"CUMPLE")+COUNTIF(T21,"801015")+COUNTIF(T21,"801016")+COUNTIF(T21,"841116")=3,IF(W21="","CUMPLE","NO CUMPLE"),"NO CUMPLE")) | X21: =IF(C21<>"",C21,"") | Y21: =+IF(X21<>"",(SUMIFS($S18:$S25,$I18:$I25,C21,$V18:$V25,"CUMPLE")),"") | Z21: =IF(D21>0,(IF(Y21>=($D21*E$2),"CUMPLE","NO CUMPLE")),"")
N22: =IF(M22<>"",IF(M22>Listados!$O$4,"NO CUMPLE","CUMPLE"),"") | P22: =IF(O22>0,K22*O22,"") | Q22: =IFERROR((P22/_xlfn.XLOOKUP(YEAR(M22),Listados!$B$3:$B$32,Listados!$C$3:$C$32)),"") | S22: =IF(V22="CUMPLE",IFERROR(R22*Listados!$C$32,"0"),"") | V22: =IF(COUNTBLANK(J22)+COUNTBLANK(N22)+COUNTBLANK(T22)=3,"",IF(COUNTIF(J22,"CUMPLE")+COUNTIF(N22,"CUMPLE")+COUNTIF(T22,"801015")+COUNTIF(T22,"801016")+COUNTIF(T22,"841116")=3,IF(W22="","CUMPLE","NO CUMPLE"),"NO CUMPLE")) | X22: =IF(C22<>"",C22,"") | Y22: =+IF(X22<>"",(SUMIFS($S18:$S25,$I18:$I25,C22,$V18:$V25,"CUMPLE")),"") | Z22: =IF(D22>0,(IF(Y22>=($D22*E$2),"CUMPLE","NO CUMPLE")),"")
N23: =IF(M23<>"",IF(M23>Listados!$O$4,"NO CUMPLE","CUMPLE"),"") | P23: =IF(O23>0,K23*O23,"") | Q23: =IFERROR((P23/_xlfn.XLOOKUP(YEAR(M23),Listados!$B$3:$B$32,Listados!$C$3:$C$32)),"") | S23: =IF(V23="CUMPLE",IFERROR(R23*Listados!$C$32,"0"),"") | V23: =IF(COUNTBLANK(J23)+COUNTBLANK(N23)+COUNTBLANK(T23)=3,"",IF(COUNTIF(J23,"CUMPLE")+COUNTIF(N23,"CUMPLE")+COUNTIF(T23,"801015")+COUNTIF(T23,"801016")+COUNTIF(T23,"841116")=3,IF(W23="","CUMPLE","NO CUMPLE"),"NO CUMPLE")) | X23: =IF(C23<>"",C23,"") | Y23: =+IF(X23<>"",(SUMIFS($S18:$S25,$I18:$I25,C23,$V18:$V25,"CUMPLE")),"") | Z23: =IF(D23>0,(IF(Y23>=($D23*E$2),"CUMPLE","NO CUMPLE")),"")
N24: =IF(M24<>"",IF(M24>Listados!$O$4,"NO CUMPLE","CUMPLE"),"") | P24: =IF(O24>0,K24*O24,"") | Q24: =IFERROR((P24/_xlfn.XLOOKUP(YEAR(M24),Listados!$B$3:$B$32,Listados!$C$3:$C$32)),"") | S24: =IF(V24="CUMPLE",IFERROR(R24*Listados!$C$32,"0"),"") | V24: =IF(COUNTBLANK(J24)+COUNTBLANK(N24)+COUNTBLANK(T24)=3,"",IF(COUNTIF(J24,"CUMPLE")+COUNTIF(N24,"CUMPLE")+COUNTIF(T24,"801015")+COUNTIF(T24,"801016")+COUNTIF(T24,"841116")=3,IF(W24="","CUMPLE","NO CUMPLE"),"NO CUMPLE")) | X24: =IF(C24<>"",C24,"") | Y24: =+IF(X24<>"",(SUMIFS($S18:$S25,$I18:$I25,C24,$V18:$V25,"CUMPLE")),"") | Z24: =IF(D24>0,(IF(Y24>=($D24*E$2),"CUMPLE","NO CUMPLE")),"")
N25: =IF(M25<>"",IF(M25>Listados!$O$4,"NO CUMPLE","CUMPLE"),"") | P25: =IF(O25>0,K25*O25,"") | Q25: =IFERROR((P25/_xlfn.XLOOKUP(YEAR(M25),Listados!$B$3:$B$32,Listados!$C$3:$C$32)),"") | S25: =IF(V25="CUMPLE",IFERROR(R25*Listados!$C$32,"0"),"") | V25: =IF(COUNTBLANK(J25)+COUNTBLANK(N25)+COUNTBLANK(T25)=3,"",IF(COUNTIF(J25,"CUMPLE")+COUNTIF(N25,"CUMPLE")+COUNTIF(T25,"801015")+COUNTIF(T25,"801016")+COUNTIF(T25,"841116")=3,IF(W25="","CUMPLE","NO CUMPLE"),"NO CUMPLE")) | X25: =IF(C25<>"",C25,"") | Y25: =+IF(X25<>"",(SUMIFS($S18:$S25,$I18:$I25,C25,$V18:$V25,"CUMPLE")),"") | Z25: =IF(D25>0,(IF(Y25>=($D25*E$2),"CUMPLE","NO CUMPLE")),"")
A26: 4 | B26: SCAIPROYEKTA S.A.S. BIC: NIT 901.476.977-1 | C26: =B26 -> SCAIPROYEKTA S.A.S. BIC: NIT 901.476.977-1 | D26: 1 | E26: =Listados!$M$3 -> 1351954266 | F26: =E26/Listados!$C$32 -> 1039.9648 | G26: 1 | H26: Secretaria de Educación Distrital: Contratar la interventoría integral, técnica, financiera, ambiental, jurídica y administrativa a los contratos de prestación de servicio de transporte especial escolar, con los vehículos que requiera la Secretaría de Educación del Distrito. Contrato CO1.PCCNTR.378276 del 27 marzo de 2018, resultado del proceso No SED-CM-A-DBE-007-2018 | I26: SCAIPROYEKTA S.A.S. BIC: NIT 901.476.977-1 | J26: CUMPLE | K26: 1 | L26: 43191 | M26: 43616 | N26: =IF(M26<>"",IF(M26>Listados!$O$4,"NO CUMPLE","CUMPLE"),"") -> CUMPLE | O26: 7043148265 | P26: =IF(O26>0,K26*O26,"") -> 7043148265 | Q26: =IFERROR((P26/_xlfn.XLOOKUP(YEAR(M26),Listados!$B$3:$B$32,Listados!$C$3:$C$32)),"") -> 8505.0262 | R26: 8505.02 | S26: =IF(V26="CUMPLE",IFERROR(R26*Listados!$C$32,"0"),"") -> 11056526000 | T26: 801015 | U26: 84 | V26: =IF(COUNTBLANK(J26)+COUNTBLANK(N26)+COUNTBLANK(T26)=3,"",IF(COUNTIF(J26,"CUMPLE")+COUNTIF(N26,"CUMPLE")+COUNTIF(T26,"801015")+COUNTIF(T26,"801016")+COUNTIF(T26,"841116")=3,IF(W26="","CUMPLE","NO CUMPLE"),"NO CUMPLE")) -> CUMPLE | X26: =IF(C26<>"",C26,"") -> SCAIPROYEKTA S.A.S. BIC: NIT 901.476.977-1 | Y26: =+IF(X26<>"",(SUMIFS($S26:$S33,$I26:$I33,C26,$V26:$V33,"CUMPLE")),"") -> 24315083000 | Z26: =IF(D26>0,(IF(Y26>=($D26*E$2),"CUMPLE","NO CUMPLE")),"") -> CUMPLE | AA26: =IF(C26>0,SUMIFS(Y26:Y33,Z26:Z33,"CUMPLE"),"") -> 24315083000 | AC26: =IF(B26="","",IF(COUNTIF(Z26:Z33,"NO CUMPLE")>0,"NO CUMPLE",IF(E26>AA26,"NO CUMPLE",IF(AA26="","","CUMPLE")))) -> CUMPLE
G27: 2 | H27: Secretaria de Educación Distrital: Realizar la interventoría integral, técnica, financiera, ambiental, jurídica y administrativa a los contratos de prestación de servicio de transporte especial escolar, con los vehículos que requiera la Secretaría de Educación del Distrito. Contrato Interventoría 1525 del 30 marzo de 2017 | I27: SCAIPROYEKTA S.A.S. BIC: NIT 901.476.977-1 | J27: CUMPLE | K27: 1 | L27: 42826 | M27: 43220 | N27: =IF(M27<>"",IF(M27>Listados!$O$4,"NO CUMPLE","CUMPLE"),"") -> CUMPLE | O27: 4407408950 | P27: =IF(O27>0,K27*O27,"") -> 4407408950 | Q27: =IFERROR((P27/_xlfn.XLOOKUP(YEAR(M27),Listados!$B$3:$B$32,Listados!$C$3:$C$32)),"") -> 5641.5412 | R27: 5641.54 | S27: =IF(V27="CUMPLE",IFERROR(R27*Listados!$C$32,"0"),"") -> 7334002000 | T27: 801015 | U27: 75 | V27: =IF(COUNTBLANK(J27)+COUNTBLANK(N27)+COUNTBLANK(T27)=3,"",IF(COUNTIF(J27,"CUMPLE")+COUNTIF(N27,"CUMPLE")+COUNTIF(T27,"801015")+COUNTIF(T27,"801016")+COUNTIF(T27,"841116")=3,IF(W27="","CUMPLE","NO CUMPLE"),"NO CUMPLE")) -> CUMPLE | X27: =IF(C27<>"",C27,"") | Y27: =+IF(X27<>"",(SUMIFS($S26:$S33,$I26:$I33,C27,$V26:$V33,"CUMPLE")),"") | Z27: =IF(D27>0,(IF(Y27>=($D27*E$2),"CUMPLE","NO CUMPLE")),"")
G28: 3 | H28: Secretaria Distrital de Seguridad, Convivencia y Justicia de Bogotá D.C: interventoría administrativa, financiera, técnica, contable, jurídica y ambiental para los proyectos del sistema de vídeo vigilancia de Bogotá. Contrato 1020 del 6 de septiembre 2019. | I28: SCAIPROYEKTA S.A.S. BIC: NIT 901.476.977-1 | J28: CUMPLE | K28: 0.5 | L28: 43715 | M28: 44042 | N28: =IF(M28<>"",IF(M28>Listados!$O$4,"NO CUMPLE","CUMPLE"),"") -> CUMPLE | O28: 4000458660 | P28: =IF(O28>0,K28*O28,"") -> 2000229330 | Q28: =IFERROR((P28/_xlfn.XLOOKUP(YEAR(M28),Listados!$B$3:$B$32,Listados!$C$3:$C$32)),"") -> 2278.6768 | R28: 4557.35 | S28: =IF(V28="CUMPLE",IFERROR(R28*Listados!$C$32,"0"),"") -> 5924555000 | T28: 801016 | U28: 100 | V28: =IF(COUNTBLANK(J28)+COUNTBLANK(N28)+COUNTBLANK(T28)=3,"",IF(COUNTIF(J28,"CUMPLE")+COUNTIF(N28,"CUMPLE")+COUNTIF(T28,"801015")+COUNTIF(T28,"801016")+COUNTIF(T28,"841116")=3,IF(W28="","CUMPLE","NO CUMPLE"),"NO CUMPLE")) -> CUMPLE | X28: =IF(C28<>"",C28,"") | Y28: =+IF(X28<>"",(SUMIFS($S26:$S33,$I26:$I33,C28,$V26:$V33,"CUMPLE")),"") | Z28: =IF(D28>0,(IF(Y28>=($D28*E$2),"CUMPLE","NO CUMPLE")),"")
N29: =IF(M29<>"",IF(M29>Listados!$O$4,"NO CUMPLE","CUMPLE"),"") | P29: =IF(O29>0,K29*O29,"") | Q29: =IFERROR((P29/_xlfn.XLOOKUP(YEAR(M29),Listados!$B$3:$B$32,Listados!$C$3:$C$32)),"") | S29: =IF(V29="CUMPLE",IFERROR(R29*Listados!$C$32,"0"),"") | V29: =IF(COUNTBLANK(J29)+COUNTBLANK(N29)+COUNTBLANK(T29)=3,"",IF(COUNTIF(J29,"CUMPLE")+COUNTIF(N29,"CUMPLE")+COUNTIF(T29,"801015")+COUNTIF(T29,"801016")+COUNTIF(T29,"841116")=3,IF(W29="","CUMPLE","NO CUMPLE"),"NO CUMPLE")) | X29: =IF(C29<>"",C29,"") | Y29: =+IF(X29<>"",(SUMIFS($S26:$S33,$I26:$I33,C29,$V26:$V33,"CUMPLE")),"") | Z29: =IF(D29>0,(IF(Y29>=($D29*E$2),"CUMPLE","NO CUMPLE")),"")
N30: =IF(M30<>"",IF(M30>Listados!$O$4,"NO CUMPLE","CUMPLE"),"") | P30: =IF(O30>0,K30*O30,"") | Q30: =IFERROR((P30/_xlfn.XLOOKUP(YEAR(M30),Listados!$B$3:$B$32,Listados!$C$3:$C$32)),"") | S30: =IF(V30="CUMPLE",IFERROR(R30*Listados!$C$32,"0"),"") | V30: =IF(COUNTBLANK(J30)+COUNTBLANK(N30)+COUNTBLANK(T30)=3,"",IF(COUNTIF(J30,"CUMPLE")+COUNTIF(N30,"CUMPLE")+COUNTIF(T30,"801015")+COUNTIF(T30,"801016")+COUNTIF(T30,"841116")=3,IF(W30="","CUMPLE","NO CUMPLE"),"NO CUMPLE")) | X30: =IF(C30<>"",C30,"") | Y30: =+IF(X30<>"",(SUMIFS($S26:$S33,$I26:$I33,C30,$V26:$V33,"CUMPLE")),"") | Z30: =IF(D30>0,(IF(Y30>=($D30*E$2),"CUMPLE","NO CUMPLE")),"")
N31: =IF(M31<>"",IF(M31>Listados!$O$4,"NO CUMPLE","CUMPLE"),"") | P31: =IF(O31>0,K31*O31,"") | Q31: =IFERROR((P31/_xlfn.XLOOKUP(YEAR(M31),Listados!$B$3:$B$32,Listados!$C$3:$C$32)),"") | S31: =IF(V31="CUMPLE",IFERROR(R31*Listados!$C$32,"0"),"") | V31: =IF(COUNTBLANK(J31)+COUNTBLANK(N31)+COUNTBLANK(T31)=3,"",IF(COUNTIF(J31,"CUMPLE")+COUNTIF(N31,"CUMPLE")+COUNTIF(T31,"801015")+COUNTIF(T31,"801016")+COUNTIF(T31,"841116")=3,IF(W31="","CUMPLE","NO CUMPLE"),"NO CUMPLE")) | X31: =IF(C31<>"",C31,"") | Y31: =+IF(X31<>"",(SUMIFS($S26:$S33,$I26:$I33,C31,$V26:$V33,"CUMPLE")),"") | Z31: =IF(D31>0,(IF(Y31>=($D31*E$2),"CUMPLE","NO CUMPLE")),"")
N32: =IF(M32<>"",IF(M32>Listados!$O$4,"NO CUMPLE","CUMPLE"),"") | P32: =IF(O32>0,K32*O32,"") | Q32: =IFERROR((P32/_xlfn.XLOOKUP(YEAR(M32),Listados!$B$3:$B$32,Listados!$C$3:$C$32)),"") | S32: =IF(V32="CUMPLE",IFERROR(R32*Listados!$C$32,"0"),"") | V32: =IF(COUNTBLANK(J32)+COUNTBLANK(N32)+COUNTBLANK(T32)=3,"",IF(COUNTIF(J32,"CUMPLE")+COUNTIF(N32,"CUMPLE")+COUNTIF(T32,"801015")+COUNTIF(T32,"801016")+COUNTIF(T32,"841116")=3,IF(W32="","CUMPLE","NO CUMPLE"),"NO CUMPLE")) | X32: =IF(C32<>"",C32,"") | Y32: =+IF(X32<>"",(SUMIFS($S26:$S33,$I26:$I33,C32,$V26:$V33,"CUMPLE")),"") | Z32: =IF(D32>0,(IF(Y32>=($D32*E$2),"CUMPLE","NO CUMPLE")),"")
N33: =IF(M33<>"",IF(M33>Listados!$O$4,"NO CUMPLE","CUMPLE"),"") | P33: =IF(O33>0,K33*O33,"") | Q33: =IFERROR((P33/_xlfn.XLOOKUP(YEAR(M33),Listados!$B$3:$B$32,Listados!$C$3:$C$32)),"") | S33: =IF(V33="CUMPLE",IFERROR(R33*Listados!$C$32,"0"),"") | V33: =IF(COUNTBLANK(J33)+COUNTBLANK(N33)+COUNTBLANK(T33)=3,"",IF(COUNTIF(J33,"CUMPLE")+COUNTIF(N33,"CUMPLE")+COUNTIF(T33,"801015")+COUNTIF(T33,"801016")+COUNTIF(T33,"841116")=3,IF(W33="","CUMPLE","NO CUMPLE"),"NO CUMPLE")) | X33: =IF(C33<>"",C33,"") | Y33: =+IF(X33<>"",(SUMIFS($S26:$S33,$I26:$I33,C33,$V26:$V33,"CUMPLE")),"") | Z33: =IF(D33>0,(IF(Y33>=($D33*E$2),"CUMPLE","NO CUMPLE")),"")
A34: 5 | B34: UT GREM-NOVAC | C34: INTERNOVAC GROUP S.A.S – BIC- NIT 901.719.021-0 | D34: 0.6 | E34: =Listados!$M$3 -> 1351954266 | F34: =E34/Listados!$C$32 -> 1039.9648 | G34: 1 | H34: SECRETARIA DE EDUCACIÓN DISTRITAL: Realizar la interventoría integral para el seguimiento a los convenios suscritos en la vigencia del año 2023 entre la Secretaría de Educación del Distrito – SED y las Instituciones de Educación Superior - IES, que realicen el acompañamiento a Instituciones Educativas del Distrito – IED, dentro del marco del proyecto de inversión 7689 de la Dirección de Educación Media | I34: GRUPO EMPRESARIAL DE CONSULTORES E INTERVENTORES S.A.S BIC, NIT 901.548.063-5 | J34: CUMPLE | K34: 0.5 | L34: 45029 | M34: 45304 | N34: =IF(M34<>"",IF(M34>Listados!$O$4,"NO CUMPLE","CUMPLE"),"") -> CUMPLE | O34: 1083284662 | P34: =IF(O34>0,K34*O34,"") -> 541642331 | Q34: =IFERROR((P34/_xlfn.XLOOKUP(YEAR(M34),Listados!$B$3:$B$32,Listados!$C$3:$C$32)),"") -> 416.64795 | R34: 416.5 | S34: =IF(V34="CUMPLE",IFERROR(R34*Listados!$C$32,"0"),"") | T34: 841116 | U34: 67 | V34: =IF(COUNTBLANK(J34)+COUNTBLANK(N34)+COUNTBLANK(T34)=3,"",IF(COUNTIF(J34,"CUMPLE")+COUNTIF(N34,"CUMPLE")+COUNTIF(T34,"801015")+COUNTIF(T34,"801016")+COUNTIF(T34,"841116")=3,IF(W34="","CUMPLE","NO CUMPLE"),"NO CUMPLE")) -> NO CUMPLE | W34: La SED le solicita al oferente aclarar cual es el porcentaje de participación de la UT teniendo en cuenta que el documento de conformación y el porcentaje definido en el SECOP II es diferente. En ese sentido se solicita aclarar y subsanar lo correspondiente | X34: =IF(C34<>"",C34,"") -> INTERNOVAC GROUP S.A.S – BIC- NIT 901.719.021-0 | Y34: =+IF(X34<>"",(SUMIFS($S34:$S41,$I34:$I41,C34,$V34:$V41,"CUMPLE")),"") -> 0 | Z34: =IF(D34>0,(IF(Y34>=($D34*E$2),"CUMPLE","NO CUMPLE")),"") -> NO CUMPLE | AA34: =IF(C34>0,SUMIFS(Y34:Y41,Z34:Z41,"CUMPLE"),"") -> 0 | AC34: =IF(B34="","",IF(COUNTIF(Z34:Z41,"NO CUMPLE")>0,"NO CUMPLE",IF(E34>AA34,"NO CUMPLE",IF(AA34="","","CUMPLE")))) -> NO CUMPLE | AD34: La SED le solicita al oferente aclarar cual es el porcentaje de participación de la UT teniendo en cuenta que el documento de conformación y el porcentaje definido en el SECOP II es diferente. En ese sentido se solicita aclarar y subsanar lo correspondiente
C35: GRUPO EMPRESARIAL DE CONSULTORES E INTERVENTORES S.A.S BIC, NIT 901.548.063-5 | D35: 0.4 | G35: 2 | H35: MINISTERIO DE LAS TECNOLOGIAS DE LA INFORMACIÓN Y LAS COMUNICACIONES: Desarrollo de la interventoría jurídica, técnica, administrativa, financiera y social al contrato celebrado en el marco de la licitación pública No. 002 de 2008 para la región 1. | I35: INTERNOVAC GROUP S.A.S – BIC- NIT 901.719.021-0 | J35: CUMPLE | K35: 0.5 | L35: 39826 | M35: 40785 | N35: =IF(M35<>"",IF(M35>Listados!$O$4,"NO CUMPLE","CUMPLE"),"") -> CUMPLE | O35: 2485311943 | P35: =IF(O35>0,K35*O35,"") -> 1.242656e+09 | Q35: =IFERROR((P35/_xlfn.XLOOKUP(YEAR(M35),Listados!$B$3:$B$32,Listados!$C$3:$C$32)),"") -> 2320.1194 | R35: 2320.2 | S35: =IF(V35="CUMPLE",IFERROR(R35*Listados!$C$32,"0"),"") | T35: 801015 | U35: 10 | V35: =IF(COUNTBLANK(J35)+COUNTBLANK(N35)+COUNTBLANK(T35)=3,"",IF(COUNTIF(J35,"CUMPLE")+COUNTIF(N35,"CUMPLE")+COUNTIF(T35,"801015")+COUNTIF(T35,"801016")+COUNTIF(T35,"841116")=3,IF(W35="","CUMPLE","NO CUMPLE"),"NO CUMPLE")) -> NO CUMPLE | W35: La SED le solicita al oferente aclarar cual es el porcentaje de participación de la UT teniendo en cuenta que el documento de conformación y el porcentaje definido en el SECOP II es diferente. En ese sentido se solicita aclarar y subsanar lo correspondiente | X35: =IF(C35<>"",C35,"") -> GRUPO EMPRESARIAL DE CONSULTORES E INTERVENTORES S.A.S BIC, NIT 901.548.063-5 | Y35: =+IF(X35<>"",(SUMIFS($S34:$S41,$I34:$I41,C35,$V34:$V41,"CUMPLE")),"") -> 0 | Z35: =IF(D35>0,(IF(Y35>=($D35*E$2),"CUMPLE","NO CUMPLE")),"") -> NO CUMPLE
G36: 3 | H36: MINISTERIO DE LAS TECNOLOGIAS DE LA INFORMACIÓN Y LAS COMUNICACIONES: Desarrollo de la interventoría jurídica, técnica, administrativa, financiera y social en el marco de la licitación pública No. 008 de 2008 para la región 5. | I36: INTERNOVAC GROUP S.A.S – BIC- NIT 901.719.021-0 | J36: CUMPLE | K36: 0.5 | L36: 39826 | M36: 40513 | N36: =IF(M36<>"",IF(M36>Listados!$O$4,"NO CUMPLE","CUMPLE"),"") -> CUMPLE | O36: 2580314357 | P36: =IF(O36>0,K36*O36,"") -> 1.2901572e+09 | Q36: =IFERROR((P36/_xlfn.XLOOKUP(YEAR(M36),Listados!$B$3:$B$32,Listados!$C$3:$C$32)),"") -> 2505.1596 | R36: 2408 | S36: =IF(V36="CUMPLE",IFERROR(R36*Listados!$C$32,"0"),"") | T36: 801015 | U36: 11 | V36: =IF(COUNTBLANK(J36)+COUNTBLANK(N36)+COUNTBLANK(T36)=3,"",IF(COUNTIF(J36,"CUMPLE")+COUNTIF(N36,"CUMPLE")+COUNTIF(T36,"801015")+COUNTIF(T36,"801016")+COUNTIF(T36,"841116")=3,IF(W36="","CUMPLE","NO CUMPLE"),"NO CUMPLE")) -> NO CUMPLE | W36: La SED le solicita al oferente aclarar cual es el porcentaje de participación de la UT teniendo en cuenta que el documento de conformación y el porcentaje definido en el SECOP II es diferente. En ese sentido se solicita aclarar y subsanar lo correspondiente | X36: =IF(C36<>"",C36,"") | Y36: =+IF(X36<>"",(SUMIFS($S34:$S41,$I34:$I41,C36,$V34:$V41,"CUMPLE")),"") | Z36: =IF(D36>0,(IF(Y36>=($D36*E$2),"CUMPLE","NO CUMPLE")),"")
N37: =IF(M37<>"",IF(M37>Listados!$O$4,"NO CUMPLE","CUMPLE"),"") | P37: =IF(O37>0,K37*O37,"") | Q37: =IFERROR((P37/_xlfn.XLOOKUP(YEAR(M37),Listados!$B$3:$B$32,Listados!$C$3:$C$32)),"") | S37: =IF(V37="CUMPLE",IFERROR(R37*Listados!$C$32,"0"),"") | V37: =IF(COUNTBLANK(J37)+COUNTBLANK(N37)+COUNTBLANK(T37)=3,"",IF(COUNTIF(J37,"CUMPLE")+COUNTIF(N37,"CUMPLE")+COUNTIF(T37,"801015")+COUNTIF(T37,"801016")+COUNTIF(T37,"841116")=3,IF(#REF!="","CUMPLE","NO CUMPLE"),"NO CUMPLE")) | X37: =IF(C37<>"",C37,"") | Y37: =+IF(X37<>"",(SUMIFS($S34:$S41,$I34:$I41,C37,$V34:$V41,"CUMPLE")),"") | Z37: =IF(D37>0,(IF(Y37>=($D37*E$2),"CUMPLE","NO CUMPLE")),"")
N38: =IF(M38<>"",IF(M38>Listados!$O$4,"NO CUMPLE","CUMPLE"),"") | P38: =IF(O38>0,K38*O38,"") | Q38: =IFERROR((P38/_xlfn.XLOOKUP(YEAR(M38),Listados!$B$3:$B$32,Listados!$C$3:$C$32)),"") | S38: =IF(V38="CUMPLE",IFERROR(R38*Listados!$C$32,"0"),"") | V38: =IF(COUNTBLANK(J38)+COUNTBLANK(N38)+COUNTBLANK(T38)=3,"",IF(COUNTIF(J38,"CUMPLE")+COUNTIF(N38,"CUMPLE")+COUNTIF(T38,"801015")+COUNTIF(T38,"801016")+COUNTIF(T38,"841116")=3,IF(#REF!="","CUMPLE","NO CUMPLE"),"NO CUMPLE")) | X38: =IF(C38<>"",C38,"") | Y38: =+IF(X38<>"",(SUMIFS($S34:$S41,$I34:$I41,C38,$V34:$V41,"CUMPLE")),"") | Z38: =IF(D38>0,(IF(Y38>=($D38*E$2),"CUMPLE","NO CUMPLE")),"")
N39: =IF(M39<>"",IF(M39>Listados!$O$4,"NO CUMPLE","CUMPLE"),"") | P39: =IF(O39>0,K39*O39,"") | Q39: =IFERROR((P39/_xlfn.XLOOKUP(YEAR(M39),Listados!$B$3:$B$32,Listados!$C$3:$C$32)),"") | S39: =IF(V39="CUMPLE",IFERROR(R39*Listados!$C$32,"0"),"") | V39: =IF(COUNTBLANK(J39)+COUNTBLANK(N39)+COUNTBLANK(T39)=3,"",IF(COUNTIF(J39,"CUMPLE")+COUNTIF(N39,"CUMPLE")+COUNTIF(T39,"801015")+COUNTIF(T39,"801016")+COUNTIF(T39,"841116")=3,IF(W38="","CUMPLE","NO CUMPLE"),"NO CUMPLE")) | X39: =IF(C39<>"",C39,"") | Y39: =+IF(X39<>"",(SUMIFS($S34:$S41,$I34:$I41,C39,$V34:$V41,"CUMPLE")),"") | Z39: =IF(D39>0,(IF(Y39>=($D39*E$2),"CUMPLE","NO CUMPLE")),"")
N40: =IF(M40<>"",IF(M40>Listados!$O$4,"NO CUMPLE","CUMPLE"),"") | P40: =IF(O40>0,K40*O40,"") | Q40: =IFERROR((P40/_xlfn.XLOOKUP(YEAR(M40),Listados!$B$3:$B$32,Listados!$C$3:$C$32)),"") | S40: =IF(V40="CUMPLE",IFERROR(R40*Listados!$C$32,"0"),"") | V40: =IF(COUNTBLANK(J40)+COUNTBLANK(N40)+COUNTBLANK(T40)=3,"",IF(COUNTIF(J40,"CUMPLE")+COUNTIF(N40,"CUMPLE")+COUNTIF(T40,"801015")+COUNTIF(T40,"801016")+COUNTIF(T40,"841116")=3,IF(W39="","CUMPLE","NO CUMPLE"),"NO CUMPLE")) | X40: =IF(C40<>"",C40,"") | Y40: =+IF(X40<>"",(SUMIFS($S34:$S41,$I34:$I41,C40,$V34:$V41,"CUMPLE")),"") | Z40: =IF(D40>0,(IF(Y40>=($D40*E$2),"CUMPLE","NO CUMPLE")),"")
N41: =IF(M41<>"",IF(M41>Listados!$O$4,"NO CUMPLE","CUMPLE"),"") | P41: =IF(O41>0,K41*O41,"") | Q41: =IFERROR((P41/_xlfn.XLOOKUP(YEAR(M41),Listados!$B$3:$B$32,Listados!$C$3:$C$32)),"") | S41: =IF(V41="CUMPLE",IFERROR(R41*Listados!$C$32,"0"),"") | V41: =IF(COUNTBLANK(J41)+COUNTBLANK(N41)+COUNTBLANK(T41)=3,"",IF(COUNTIF(J41,"CUMPLE")+COUNTIF(N41,"CUMPLE")+COUNTIF(T41,"801015")+COUNTIF(T41,"801016")+COUNTIF(T41,"841116")=3,IF(W41="","CUMPLE","NO CUMPLE"),"NO CUMPLE")) | X41: =IF(C41<>"",C41,"") | Y41: =+IF(X41<>"",(SUMIFS($S34:$S41,$I34:$I41,C41,$V34:$V41,"CUMPLE")),"") | Z41: =IF(D41>0,(IF(Y41>=($D41*E$2),"CUMPLE","NO CUMPLE")),"")
A42: 6 | B42: SGA CONSULTORES S.A.S: NIT 901.549.833-4 | C42: =B42 -> SGA CONSULTORES S.A.S: NIT 901.549.833-4 | D42: 1 | E42: =Listados!$M$3 -> 1351954266 | F42: =E42/Listados!$C$32 -> 1039.9648 | G42: 1 | H42: FONDO FINANCIERO DISTRITAL DE SALUD: REALIZAR LA AUDITORIA INTEGRAL (TÉCNICA, ADMINISTRATIVA, FINANCIERA Y REVISORIA DE CUENTAS) Y CONCURRENTE CON ÉNFASIS EN CALIDAD DE LOS SERVICIOS DE SALUD, A LOS CONTRATOS DE COMPRAVENTA SUSCRITOS O CON OBLIGACIÓN DE PAGO POR PARTE DEL FFDS, CON LAS SUBREDES INTEGRADAS DE SERVICIOS DE SALUD, IPS CONTRATADAS (RED COMPLEMENTARIA), IPS NO CONTRATADAS, PROVEEDORES DE MEDICAMENTOS INSUMOS Y EPS QUE PRESENTAN RECOBROS POR FALLOS DE TUTELAS Y CTC, PRESTADOS A LA POBLACIÓN CON CARGO AL FFDS (POBLACIÓN POBRE NO ASEGURADA PPNA Y SERVICIOS NO POS DE LOS AFILIADOS AL REGIMEN SUBSIDIADO). Contrato No 1373-2017 suscrito el 28 de diciembre de 2017. | I42: SGA CONSULTORES S.A.S: NIT 901.549.833-4 | J42: CUMPLE | K42: 1 | L42: 43137 | M42: 43651 | N42: =IF(M42<>"",IF(M42>Listados!$O$4,"NO CUMPLE","CUMPLE"),"") -> CUMPLE | O42: 7418181518 | P42: =IF(O42>0,K42*O42,"") -> 7418181518 | Q42: =IFERROR((P42/_xlfn.XLOOKUP(YEAR(M42),Listados!$B$3:$B$32,Listados!$C$3:$C$32)),"") -> 8957.9015 | R42: 8957.9 | S42: =IF(V42="CUMPLE",IFERROR(R42*Listados!$C$32,"0"),"") -> 11645270000 | T42: 801016 | U42: 86 | V42: =IF(COUNTBLANK(J42)+COUNTBLANK(N42)+COUNTBLANK(T42)=3,"",IF(COUNTIF(J42,"CUMPLE")+COUNTIF(N42,"CUMPLE")+COUNTIF(T42,"801015")+COUNTIF(T42,"801016")+COUNTIF(T42,"841116")=3,IF(W42="","CUMPLE","NO CUMPLE"),"NO CUMPLE")) -> CUMPLE | X42: =IF(C42<>"",C42,"") -> SGA CONSULTORES S.A.S: NIT 901.549.833-4 | Y42: =+IF(X42<>"",(SUMIFS($S42:$S49,$I42:$I49,C42,$V42:$V49,"CUMPLE")),"") -> 17038008000 | Z42: =IF(D42>0,(IF(Y42>=($D42*E$2),"CUMPLE","NO CUMPLE")),"") -> CUMPLE | AA42: =IF(C42>0,SUMIFS(Y42:Y49,Z42:Z49,"CUMPLE"),"") -> 17038008000 | AC42: =IF(B42="","",IF(COUNTIF(Z42:Z49,"NO CUMPLE")>0,"NO CUMPLE",IF(E42>AA42,"NO CUMPLE",IF(AA42="","","CUMPLE")))) -> CUMPLE
G43: 2 | H43: FONDO FINANCIERO DISTRITAL DE SALUD: EJERCER LA INTERVENTORÍA TÉCNICA, ADMINISTRATIVA, FINANCIERA Y CONTABLE CON ÉNFASIS EN CALIDAD SOBRE UN GRUPO DE CONTRATOS COMPRAVENTA DE SERVICIOS DE SALUD SUSCRITOS ENTRE LA SECRETARÍA DISTRITAL DE SALUD- FONDO FINANCIERO DISTRITAL DE SALUD Y LA EMPRESAS SOCIALES DEL ESTADO DE LA RED ADSCRITA A LA SECRETARÍA DISTRITAL DE SALUD. Contrato 386 de 2021, suscrito el 21 de septiembre de 2001. | I43: SGA CONSULTORES S.A.S: NIT 901.549.833-4 | J43: CUMPLE | K43: 1 | L43: 37165 | M43: 37864 | N43: =IF(M43<>"",IF(M43>Listados!$O$4,"NO CUMPLE","CUMPLE"),"") -> CUMPLE | O43: 1377224595 | P43: =IF(O43>0,K43*O43,"") -> 1377224595 | Q43: =IFERROR((P43/_xlfn.XLOOKUP(YEAR(M43),Listados!$B$3:$B$32,Listados!$C$3:$C$32)),"") -> 4148.2669 | R43: 4148.26 | S43: =IF(V43="CUMPLE",IFERROR(R43*Listados!$C$32,"0"),"") -> 5392738000 | T43: 801015 | U43: 9 | V43: =IF(COUNTBLANK(J43)+COUNTBLANK(N43)+COUNTBLANK(T43)=3,"",IF(COUNTIF(J43,"CUMPLE")+COUNTIF(N43,"CUMPLE")+COUNTIF(T43,"801015")+COUNTIF(T43,"801016")+COUNTIF(T43,"841116")=3,IF(W43="","CUMPLE","NO CUMPLE"),"NO CUMPLE")) -> CUMPLE | X43: =IF(C43<>"",C43,"") | Y43: =+IF(X43<>"",(SUMIFS($S42:$S49,$I42:$I49,C43,$V42:$V49,"CUMPLE")),"") | Z43: =IF(D43>0,(IF(Y43>=($D43*E$2),"CUMPLE","NO CUMPLE")),"")
N44: =IF(M44<>"",IF(M44>Listados!$O$4,"NO CUMPLE","CUMPLE"),"") | P44: =IF(O44>0,K44*O44,"") | Q44: =IFERROR((P44/_xlfn.XLOOKUP(YEAR(M44),Listados!$B$3:$B$32,Listados!$C$3:$C$32)),"") | S44: =IF(V44="CUMPLE",IFERROR(R44*Listados!$C$32,"0"),"") | V44: =IF(COUNTBLANK(J44)+COUNTBLANK(N44)+COUNTBLANK(T44)=3,"",IF(COUNTIF(J44,"CUMPLE")+COUNTIF(N44,"CUMPLE")+COUNTIF(T44,"801015")+COUNTIF(T44,"801016")+COUNTIF(T44,"841116")=3,IF(W44="","CUMPLE","NO CUMPLE"),"NO CUMPLE")) | X44: =IF(C44<>"",C44,"") | Y44: =+IF(X44<>"",(SUMIFS($S42:$S49,$I42:$I49,C44,$V42:$V49,"CUMPLE")),"") | Z44: =IF(D44>0,(IF(Y44>=($D44*E$2),"CUMPLE","NO CUMPLE")),"")
N45: =IF(M45<>"",IF(M45>Listados!$O$4,"NO CUMPLE","CUMPLE"),"") | P45: =IF(O45>0,K45*O45,"") | Q45: =IFERROR((P45/_xlfn.XLOOKUP(YEAR(M45),Listados!$B$3:$B$32,Listados!$C$3:$C$32)),"") | S45: =IF(V45="CUMPLE",IFERROR(R45*Listados!$C$32,"0"),"") | V45: =IF(COUNTBLANK(J45)+COUNTBLANK(N45)+COUNTBLANK(T45)=3,"",IF(COUNTIF(J45,"CUMPLE")+COUNTIF(N45,"CUMPLE")+COUNTIF(T45,"801015")+COUNTIF(T45,"801016")+COUNTIF(T45,"841116")=3,IF(W45="","CUMPLE","NO CUMPLE"),"NO CUMPLE")) | X45: =IF(C45<>"",C45,"") | Y45: =+IF(X45<>"",(SUMIFS($S42:$S49,$I42:$I49,C45,$V42:$V49,"CUMPLE")),"") | Z45: =IF(D45>0,(IF(Y45>=($D45*E$2),"CUMPLE","NO CUMPLE")),"")
N46: =IF(M46<>"",IF(M46>Listados!$O$4,"NO CUMPLE","CUMPLE"),"") | P46: =IF(O46>0,K46*O46,"") | Q46: =IFERROR((P46/_xlfn.XLOOKUP(YEAR(M46),Listados!$B$3:$B$32,Listados!$C$3:$C$32)),"") | S46: =IF(V46="CUMPLE",IFERROR(R46*Listados!$C$32,"0"),"") | V46: =IF(COUNTBLANK(J46)+COUNTBLANK(N46)+COUNTBLANK(T46)=3,"",IF(COUNTIF(J46,"CUMPLE")+COUNTIF(N46,"CUMPLE")+COUNTIF(T46,"801015")+COUNTIF(T46,"801016")+COUNTIF(T46,"841116")=3,IF(W46="","CUMPLE","NO CUMPLE"),"NO CUMPLE")) | X46: =IF(C46<>"",C46,"") | Y46: =+IF(X46<>"",(SUMIFS($S42:$S49,$I42:$I49,C46,$V42:$V49,"CUMPLE")),"") | Z46: =IF(D46>0,(IF(Y46>=($D46*E$2),"CUMPLE","NO CUMPLE")),"")
N47: =IF(M47<>"",IF(M47>Listados!$O$4,"NO CUMPLE","CUMPLE"),"") | P47: =IF(O47>0,K47*O47,"") | Q47: =IFERROR((P47/_xlfn.XLOOKUP(YEAR(M47),Listados!$B$3:$B$32,Listados!$C$3:$C$32)),"") | S47: =IF(V47="CUMPLE",IFERROR(R47*Listados!$C$32,"0"),"") | V47: =IF(COUNTBLANK(J47)+COUNTBLANK(N47)+COUNTBLANK(T47)=3,"",IF(COUNTIF(J47,"CUMPLE")+COUNTIF(N47,"CUMPLE")+COUNTIF(T47,"801015")+COUNTIF(T47,"801016")+COUNTIF(T47,"841116")=3,IF(W47="","CUMPLE","NO CUMPLE"),"NO CUMPLE")) | X47: =IF(C47<>"",C47,"") | Y47: =+IF(X47<>"",(SUMIFS($S42:$S49,$I42:$I49,C47,$V42:$V49,"CUMPLE")),"") | Z47: =IF(D47>0,(IF(Y47>=($D47*E$2),"CUMPLE","NO CUMPLE")),"")
N48: =IF(M48<>"",IF(M48>Listados!$O$4,"NO CUMPLE","CUMPLE"),"") | P48: =IF(O48>0,K48*O48,"") | Q48: =IFERROR((P48/_xlfn.XLOOKUP(YEAR(M48),Listados!$B$3:$B$32,Listados!$C$3:$C$32)),"") | S48: =IF(V48="CUMPLE",IFERROR(R48*Listados!$C$32,"0"),"") | V48: =IF(COUNTBLANK(J48)+COUNTBLANK(N48)+COUNTBLANK(T48)=3,"",IF(COUNTIF(J48,"CUMPLE")+COUNTIF(N48,"CUMPLE")+COUNTIF(T48,"801015")+COUNTIF(T48,"801016")+COUNTIF(T48,"841116")=3,IF(W48="","CUMPLE","NO CUMPLE"),"NO CUMPLE")) | X48: =IF(C48<>"",C48,"") | Y48: =+IF(X48<>"",(SUMIFS($S42:$S49,$I42:$I49,C48,$V42:$V49,"CUMPLE")),"") | Z48: =IF(D48>0,(IF(Y48>=($D48*E$2),"CUMPLE","NO CUMPLE")),"")
N49: =IF(M49<>"",IF(M49>Listados!$O$4,"NO CUMPLE","CUMPLE"),"") | P49: =IF(O49>0,K49*O49,"") | Q49: =IFERROR((P49/_xlfn.XLOOKUP(YEAR(M49),Listados!$B$3:$B$32,Listados!$C$3:$C$32)),"") | S49: =IF(V49="CUMPLE",IFERROR(R49*Listados!$C$32,"0"),"") | V49: =IF(COUNTBLANK(J49)+COUNTBLANK(N49)+COUNTBLANK(T49)=3,"",IF(COUNTIF(J49,"CUMPLE")+COUNTIF(N49,"CUMPLE")+COUNTIF(T49,"801015")+COUNTIF(T49,"801016")+COUNTIF(T49,"841116")=3,IF(W49="","CUMPLE","NO CUMPLE"),"NO CUMPLE")) | X49: =IF(C49<>"",C49,"") | Y49: =+IF(X49<>"",(SUMIFS($S42:$S49,$I42:$I49,C49,$V42:$V49,"CUMPLE")),"") | Z49: =IF(D49>0,(IF(Y49>=($D49*E$2),"CUMPLE","NO CUMPLE")),"")
A50: 7 | B50: SMARTY COLOMBIA SAS BIC: NIT 900249549-6 | C50: =B50 -> SMARTY COLOMBIA SAS BIC: NIT 900249549-6 | D50: 1 | E50: =Listados!$M$3 -> 1351954266 | F50: =E50/Listados!$C$32 -> 1039.9648 | G50: 1 | H50: MINISTERIO DE EDUCACION NACIONAL (MEN): REALIZAR LA INTERVENTORÍA INTEGRAL: TÉCNICA, FINANCIERA, CONTABLE, ADMINISTRATIVA Y JURÍDICA DE LOS CONTRATOS PARA LA OPERACIÓN GLOBAL DE LOS SERVICIOS TIC DEL MINISTERIO. Contrato 1980821 de 2020 | I50: SMARTY COLOMBIA SAS BIC: NIT 900249549-6 | J50: CUMPLE | K50: 1 | L50: 44181 | M50: 44957 | N50: =IF(M50<>"",IF(M50>Listados!$O$4,"NO CUMPLE","CUMPLE"),"") -> CUMPLE | O50: 2.9623849e+09 | P50: =IF(O50>0,K50*O50,"") -> 2.9623849e+09 | Q50: =IFERROR((P50/_xlfn.XLOOKUP(YEAR(M50),Listados!$B$3:$B$32,Listados!$C$3:$C$32)),"") -> 2553.7801 | R50: 2553.78 | S50: =IF(V50="CUMPLE",IFERROR(R50*Listados!$C$32,"0"),"") -> 3.319914e+09 | T50: 801015 | U50: 84 | V50: =IF(COUNTBLANK(J50)+COUNTBLANK(N50)+COUNTBLANK(T50)=3,"",IF(COUNTIF(J50,"CUMPLE")+COUNTIF(N50,"CUMPLE")+COUNTIF(T50,"801015")+COUNTIF(T50,"801016")+COUNTIF(T50,"841116")=3,IF(W50="","CUMPLE","NO CUMPLE"),"NO CUMPLE")) -> CUMPLE | X50: =IF(C50<>"",C50,"") -> SMARTY COLOMBIA SAS BIC: NIT 900249549-6 | Y50: =+IF(X50<>"",(SUMIFS($S50:$S57,$I50:$I57,C50,$V50:$V57,"CUMPLE")),"") -> 3.319914e+09 | Z50: =IF(D50>0,(IF(Y50>=($D50*E$2),"CUMPLE","NO CUMPLE")),"") -> CUMPLE | AA50: =IF(C50>0,SUMIFS(Y50:Y57,Z50:Z57,"CUMPLE"),"") -> 3.319914e+09 | AC50: =IF(B50="","",IF(COUNTIF(Z50:Z57,"NO CUMPLE")>0,"NO CUMPLE",IF(E50>AA50,"NO CUMPLE",IF(AA50="","","CUMPLE")))) -> CUMPLE
N51: =IF(M51<>"",IF(M51>Listados!$O$4,"NO CUMPLE","CUMPLE"),"") | P51: =IF(O51>0,K51*O51,"") | Q51: =IFERROR((P51/_xlfn.XLOOKUP(YEAR(M51),Listados!$B$3:$B$32,Listados!$C$3:$C$32)),"") | S51: =IF(V51="CUMPLE",IFERROR(R51*Listados!$C$32,"0"),"") | V51: =IF(COUNTBLANK(J51)+COUNTBLANK(N51)+COUNTBLANK(T51)=3,"",IF(COUNTIF(J51,"CUMPLE")+COUNTIF(N51,"CUMPLE")+COUNTIF(T51,"801015")+COUNTIF(T51,"801016")+COUNTIF(T51,"841116")=3,IF(W51="","CUMPLE","NO CUMPLE"),"NO CUMPLE")) | X51: =IF(C51<>"",C51,"") | Y51: =+IF(X51<>"",(SUMIFS($S50:$S57,$I50:$I57,C51,$V50:$V57,"CUMPLE")),"") | Z51: =IF(D51>0,(IF(Y51>=($D51*E$2),"CUMPLE","NO CUMPLE")),"")
N52: =IF(M52<>"",IF(M52>Listados!$O$4,"NO CUMPLE","CUMPLE"),"") | P52: =IF(O52>0,K52*O52,"") | Q52: =IFERROR((P52/_xlfn.XLOOKUP(YEAR(M52),Listados!$B$3:$B$32,Listados!$C$3:$C$32)),"") | S52: =IF(V52="CUMPLE",IFERROR(R52*Listados!$C$32,"0"),"") | V52: =IF(COUNTBLANK(J52)+COUNTBLANK(N52)+COUNTBLANK(T52)=3,"",IF(COUNTIF(J52,"CUMPLE")+COUNTIF(N52,"CUMPLE")+COUNTIF(T52,"801015")+COUNTIF(T52,"801016")+COUNTIF(T52,"841116")=3,IF(W52="","CUMPLE","NO CUMPLE"),"NO CUMPLE")) | X52: =IF(C52<>"",C52,"") | Y52: =+IF(X52<>"",(SUMIFS($S50:$S57,$I50:$I57,C52,$V50:$V57,"CUMPLE")),"") | Z52: =IF(D52>0,(IF(Y52>=($D52*E$2),"CUMPLE","NO CUMPLE")),"")
N53: =IF(M53<>"",IF(M53>Listados!$O$4,"NO CUMPLE","CUMPLE"),"") | P53: =IF(O53>0,K53*O53,"") | Q53: =IFERROR((P53/_xlfn.XLOOKUP(YEAR(M53),Listados!$B$3:$B$32,Listados!$C$3:$C$32)),"") | S53: =IF(V53="CUMPLE",IFERROR(R53*Listados!$C$32,"0"),"") | V53: =IF(COUNTBLANK(J53)+COUNTBLANK(N53)+COUNTBLANK(T53)=3,"",IF(COUNTIF(J53,"CUMPLE")+COUNTIF(N53,"CUMPLE")+COUNTIF(T53,"801015")+COUNTIF(T53,"801016")+COUNTIF(T53,"841116")=3,IF(W53="","CUMPLE","NO CUMPLE"),"NO CUMPLE")) | X53: =IF(C53<>"",C53,"") | Y53: =+IF(X53<>"",(SUMIFS($S50:$S57,$I50:$I57,C53,$V50:$V57,"CUMPLE")),"") | Z53: =IF(D53>0,(IF(Y53>=($D53*E$2),"CUMPLE","NO CUMPLE")),"")
N54: =IF(M54<>"",IF(M54>Listados!$O$4,"NO CUMPLE","CUMPLE"),"") | P54: =IF(O54>0,K54*O54,"") | Q54: =IFERROR((P54/_xlfn.XLOOKUP(YEAR(M54),Listados!$B$3:$B$32,Listados!$C$3:$C$32)),"") | S54: =IF(V54="CUMPLE",IFERROR(R54*Listados!$C$32,"0"),"") | V54: =IF(COUNTBLANK(J54)+COUNTBLANK(N54)+COUNTBLANK(T54)=3,"",IF(COUNTIF(J54,"CUMPLE")+COUNTIF(N54,"CUMPLE")+COUNTIF(T54,"801015")+COUNTIF(T54,"801016")+COUNTIF(T54,"841116")=3,IF(W54="","CUMPLE","NO CUMPLE"),"NO CUMPLE")) | X54: =IF(C54<>"",C54,"") | Y54: =+IF(X54<>"",(SUMIFS($S50:$S57,$I50:$I57,C54,$V50:$V57,"CUMPLE")),"") | Z54: =IF(D54>0,(IF(Y54>=($D54*E$2),"CUMPLE","NO CUMPLE")),"")
N55: =IF(M55<>"",IF(M55>Listados!$O$4,"NO CUMPLE","CUMPLE"),"") | P55: =IF(O55>0,K55*O55,"") | Q55: =IFERROR((P55/_xlfn.XLOOKUP(YEAR(M55),Listados!$B$3:$B$32,Listados!$C$3:$C$32)),"") | S55: =IF(V55="CUMPLE",IFERROR(R55*Listados!$C$32,"0"),"") | V55: =IF(COUNTBLANK(J55)+COUNTBLANK(N55)+COUNTBLANK(T55)=3,"",IF(COUNTIF(J55,"CUMPLE")+COUNTIF(N55,"CUMPLE")+COUNTIF(T55,"801015")+COUNTIF(T55,"801016")+COUNTIF(T55,"841116")=3,IF(W55="","CUMPLE","NO CUMPLE"),"NO CUMPLE")) | X55: =IF(C55<>"",C55,"") | Y55: =+IF(X55<>"",(SUMIFS($S50:$S57,$I50:$I57,C55,$V50:$V57,"CUMPLE")),"") | Z55: =IF(D55>0,(IF(Y55>=($D55*E$2),"CUMPLE","NO CUMPLE")),"")
N56: =IF(M56<>"",IF(M56>Listados!$O$4,"NO CUMPLE","CUMPLE"),"") | P56: =IF(O56>0,K56*O56,"") | Q56: =IFERROR((P56/_xlfn.XLOOKUP(YEAR(M56),Listados!$B$3:$B$32,Listados!$C$3:$C$32)),"") | S56: =IF(V56="CUMPLE",IFERROR(R56*Listados!$C$32,"0"),"") | V56: =IF(COUNTBLANK(J56)+COUNTBLANK(N56)+COUNTBLANK(T56)=3,"",IF(COUNTIF(J56,"CUMPLE")+COUNTIF(N56,"CUMPLE")+COUNTIF(T56,"801015")+COUNTIF(T56,"801016")+COUNTIF(T56,"841116")=3,IF(W56="","CUMPLE","NO CUMPLE"),"NO CUMPLE")) | X56: =IF(C56<>"",C56,"") | Y56: =+IF(X56<>"",(SUMIFS($S50:$S57,$I50:$I57,C56,$V50:$V57,"CUMPLE")),"") | Z56: =IF(D56>0,(IF(Y56>=($D56*E$2),"CUMPLE","NO CUMPLE")),"")
N57: =IF(M57<>"",IF(M57>Listados!$O$4,"NO CUMPLE","CUMPLE"),"") | P57: =IF(O57>0,K57*O57,"") | Q57: =IFERROR((P57/_xlfn.XLOOKUP(YEAR(M57),Listados!$B$3:$B$32,Listados!$C$3:$C$32)),"") | S57: =IF(V57="CUMPLE",IFERROR(R57*Listados!$C$32,"0"),"") | V57: =IF(COUNTBLANK(J57)+COUNTBLANK(N57)+COUNTBLANK(T57)=3,"",IF(COUNTIF(J57,"CUMPLE")+COUNTIF(N57,"CUMPLE")+COUNTIF(T57,"801015")+COUNTIF(T57,"801016")+COUNTIF(T57,"841116")=3,IF(W57="","CUMPLE","NO CUMPLE"),"NO CUMPLE")) | X57: =IF(C57<>"",C57,"") | Y57: =+IF(X57<>"",(SUMIFS($S50:$S57,$I50:$I57,C57,$V50:$V57,"CUMPLE")),"") | Z57: =IF(D57>0,(IF(Y57>=($D57*E$2),"CUMPLE","NO CUMPLE")),"")
A58: 8 | B58: CONSORCIO TOOL | C58: TOOL SS SAS NIT 804.013.213-5 | D58: 0.4 | E58: =Listados!$M$3 -> 1351954266 | F58: =E58/Listados!$C$32 -> 1039.9648 | G58: 1 | H58: ALCALDIA MAYOR DE BOGOTA SECRETARIA DE EDUCACION DEL DISTRITO : INTERVENTORIA ADMINISTRATIVA, TECNICA JURIDICA Y FINANCIERA | I58: TOOL SS SAS NIT 804.013.213-5 | J58: CUMPLE | K58: 0.4 | L58: 43235 | M58: 43570 | N58: =IF(M58<>"",IF(M58>Listados!$O$4,"NO CUMPLE","CUMPLE"),"") -> CUMPLE | O58: 2283789750 | P58: =IF(O58>0,K58*O58,"") -> 913515900 | Q58: =IFERROR((P58/_xlfn.XLOOKUP(YEAR(M58),Listados!$B$3:$B$32,Listados!$C$3:$C$32)),"") -> 1103.1255 | R58: =2757.81*0.4 -> 1103.124 | S58: =IF(V58="CUMPLE",IFERROR(R58*Listados!$C$32,"0"),"") -> 1434061200 | T58: 801015 | U58: 255 | V58: =IF(COUNTBLANK(J58)+COUNTBLANK(N58)+COUNTBLANK(T58)=3,"",IF(COUNTIF(J58,"CUMPLE")+COUNTIF(N58,"CUMPLE")+COUNTIF(T58,"801015")+COUNTIF(T58,"801016")+COUNTIF(T58,"841116")=3,IF(W58="","CUMPLE","NO CUMPLE"),"NO CUMPLE")) -> CUMPLE | X58: =IF(C58<>"",C58,"") -> TOOL SS SAS NIT 804.013.213-5 | Y58: =+IF(X58<>"",(SUMIFS($S58:$S65,$I58:$I65,C58,$V58:$V65,"CUMPLE")),"") -> 1434061200 | Z58: =IF(D58>0,(IF(Y58>=($D58*E$2),"CUMPLE","NO CUMPLE")),"") -> CUMPLE | AA58: =IF(C58>0,SUMIFS(Y58:Y65,Z58:Z65,"CUMPLE"),"") -> 3504508800 | AC58: =IF(B58="","",IF(COUNTIF(Z58:Z65,"NO CUMPLE")>0,"NO CUMPLE",IF(E58>AA58,"NO CUMPLE",IF(AA58="","","CUMPLE")))) -> CUMPLE
C59: TOOL CONSULTING SAS NIT 901.430.923-6 | D59: 0.6 | G59: 2 | H59: ALCALDIA MAYOR DE BOGOTA SECRETARIA DE EDUCACION DEL DISTRITO : INTERVENTORIA TECNICA, ADMINISTRATIVA, JURIDICA Y FINANCIERA A LOS CONTRATOS DE PRESTACION DEL SERVICIO INTEGRAL DE ASEO Y CAFETERIA PARA LAS SEDES EDUCATIVAS DEL DISTRITO, PARA LAS AREAS ADMINISTRATIVAS Y LA SEDE CENTRAL DE LA SECRETARIA DE EDUCACION DEL DISTRITO, QUE SE ENCUENTREN VIGENTES | I59: TOOL CONSULTING SAS NIT 901.430.923-6 | J59: CUMPLE | K59: 0.6 | L59: 44021 | M59: 44336 | N59: =IF(M59<>"",IF(M59>Listados!$O$4,"NO CUMPLE","CUMPLE"),"") -> CUMPLE | O59: 2411616075 | P59: =IF(O59>0,K59*O59,"") -> 1446969645 | Q59: =IFERROR((P59/_xlfn.XLOOKUP(YEAR(M59),Listados!$B$3:$B$32,Listados!$C$3:$C$32)),"") -> 1592.6563 | R59: =2654.42*0.6 -> 1592.652 | S59: =IF(V59="CUMPLE",IFERROR(R59*Listados!$C$32,"0"),"") -> 2070447600 | T59: 801016 | U59: 126 | V59: =IF(COUNTBLANK(J59)+COUNTBLANK(N59)+COUNTBLANK(T59)=3,"",IF(COUNTIF(J59,"CUMPLE")+COUNTIF(N59,"CUMPLE")+COUNTIF(T59,"801015")+COUNTIF(T59,"801016")+COUNTIF(T59,"841116")=3,IF(W59="","CUMPLE","NO CUMPLE"),"NO CUMPLE")) -> CUMPLE | X59: =IF(C59<>"",C59,"") -> TOOL CONSULTING SAS NIT 901.430.923-6 | Y59: =+IF(X59<>"",(SUMIFS($S58:$S65,$I58:$I65,C59,$V58:$V65,"CUMPLE")),"") -> 2070447600 | Z59: =IF(D59>0,(IF(Y59>=($D59*E$2),"CUMPLE","NO CUMPLE")),"") -> CUMPLE
N60: =IF(M60<>"",IF(M60>Listados!$O$4,"NO CUMPLE","CUMPLE"),"") | P60: =IF(O60>0,K60*O60,"") | Q60: =IFERROR((P60/_xlfn.XLOOKUP(YEAR(M60),Listados!$B$3:$B$32,Listados!$C$3:$C$32)),"") | S60: =IF(V60="CUMPLE",IFERROR(R60*Listados!$C$32,"0"),"") | V60: =IF(COUNTBLANK(J60)+COUNTBLANK(N60)+COUNTBLANK(T60)=3,"",IF(COUNTIF(J60,"CUMPLE")+COUNTIF(N60,"CUMPLE")+COUNTIF(T60,"801015")+COUNTIF(T60,"801016")+COUNTIF(T60,"841116")=3,IF(W60="","CUMPLE","NO CUMPLE"),"NO CUMPLE")) | X60: =IF(C60<>"",C60,"") | Y60: =+IF(X60<>"",(SUMIFS($S58:$S65,$I58:$I65,C60,$V58:$V65,"CUMPLE")),"") | Z60: =IF(D60>0,(IF(Y60>=($D60*E$2),"CUMPLE","NO CUMPLE")),"")
N61: =IF(M61<>"",IF(M61>Listados!$O$4,"NO CUMPLE","CUMPLE"),"") | P61: =IF(O61>0,K61*O61,"") | Q61: =IFERROR((P61/_xlfn.XLOOKUP(YEAR(M61),Listados!$B$3:$B$32,Listados!$C$3:$C$32)),"") | S61: =IF(V61="CUMPLE",IFERROR(R61*Listados!$C$32,"0"),"") | V61: =IF(COUNTBLANK(J61)+COUNTBLANK(N61)+COUNTBLANK(T61)=3,"",IF(COUNTIF(J61,"CUMPLE")+COUNTIF(N61,"CUMPLE")+COUNTIF(T61,"801015")+COUNTIF(T61,"801016")+COUNTIF(T61,"841116")=3,IF(W61="","CUMPLE","NO CUMPLE"),"NO CUMPLE")) | X61: =IF(C61<>"",C61,"") | Y61: =+IF(X61<>"",(SUMIFS($S58:$S65,$I58:$I65,C61,$V58:$V65,"CUMPLE")),"") | Z61: =IF(D61>0,(IF(Y61>=($D61*E$2),"CUMPLE","NO CUMPLE")),"")
N62: =IF(M62<>"",IF(M62>Listados!$O$4,"NO CUMPLE","CUMPLE"),"") | P62: =IF(O62>0,K62*O62,"") | Q62: =IFERROR((P62/_xlfn.XLOOKUP(YEAR(M62),Listados!$B$3:$B$32,Listados!$C$3:$C$32)),"") | S62: =IF(V62="CUMPLE",IFERROR(R62*Listados!$C$32,"0"),"") | V62: =IF(COUNTBLANK(J62)+COUNTBLANK(N62)+COUNTBLANK(T62)=3,"",IF(COUNTIF(J62,"CUMPLE")+COUNTIF(N62,"CUMPLE")+COUNTIF(T62,"801015")+COUNTIF(T62,"801016")+COUNTIF(T62,"841116")=3,IF(W62="","CUMPLE","NO CUMPLE"),"NO CUMPLE")) | X62: =IF(C62<>"",C62,"") | Y62: =+IF(X62<>"",(SUMIFS($S58:$S65,$I58:$I65,C62,$V58:$V65,"CUMPLE")),"") | Z62: =IF(D62>0,(IF(Y62>=($D62*E$2),"CUMPLE","NO CUMPLE")),"")
N63: =IF(M63<>"",IF(M63>Listados!$O$4,"NO CUMPLE","CUMPLE"),"") | P63: =IF(O63>0,K63*O63,"") | Q63: =IFERROR((P63/_xlfn.XLOOKUP(YEAR(M63),Listados!$B$3:$B$32,Listados!$C$3:$C$32)),"") | S63: =IF(V63="CUMPLE",IFERROR(R63*Listados!$C$32,"0"),"") | V63: =IF(COUNTBLANK(J63)+COUNTBLANK(N63)+COUNTBLANK(T63)=3,"",IF(COUNTIF(J63,"CUMPLE")+COUNTIF(N63,"CUMPLE")+COUNTIF(T63,"801015")+COUNTIF(T63,"801016")+COUNTIF(T63,"841116")=3,IF(W63="","CUMPLE","NO CUMPLE"),"NO CUMPLE")) | X63: =IF(C63<>"",C63,"") | Y63: =+IF(X63<>"",(SUMIFS($S58:$S65,$I58:$I65,C63,$V58:$V65,"CUMPLE")),"") | Z63: =IF(D63>0,(IF(Y63>=($D63*E$2),"CUMPLE","NO CUMPLE")),"")
N64: =IF(M64<>"",IF(M64>Listados!$O$4,"NO CUMPLE","CUMPLE"),"") | P64: =IF(O64>0,K64*O64,"") | Q64: =IFERROR((P64/_xlfn.XLOOKUP(YEAR(M64),Listados!$B$3:$B$32,Listados!$C$3:$C$32)),"") | S64: =IF(V64="CUMPLE",IFERROR(R64*Listados!$C$32,"0"),"") | V64: =IF(COUNTBLANK(J64)+COUNTBLANK(N64)+COUNTBLANK(T64)=3,"",IF(COUNTIF(J64,"CUMPLE")+COUNTIF(N64,"CUMPLE")+COUNTIF(T64,"801015")+COUNTIF(T64,"801016")+COUNTIF(T64,"841116")=3,IF(W64="","CUMPLE","NO CUMPLE"),"NO CUMPLE")) | X64: =IF(C64<>"",C64,"") | Y64: =+IF(X64<>"",(SUMIFS($S58:$S65,$I58:$I65,C64,$V58:$V65,"CUMPLE")),"") | Z64: =IF(D64>0,(IF(Y64>=($D64*E$2),"CUMPLE","NO CUMPLE")),"")
N65: =IF(M65<>"",IF(M65>Listados!$O$4,"NO CUMPLE","CUMPLE"),"") | P65: =IF(O65>0,K65*O65,"") | Q65: =IFERROR((P65/_xlfn.XLOOKUP(YEAR(M65),Listados!$B$3:$B$32,Listados!$C$3:$C$32)),"") | S65: =IF(V65="CUMPLE",IFERROR(R65*Listados!$C$32,"0"),"") | V65: =IF(COUNTBLANK(J65)+COUNTBLANK(N65)+COUNTBLANK(T65)=3,"",IF(COUNTIF(J65,"CUMPLE")+COUNTIF(N65,"CUMPLE")+COUNTIF(T65,"801015")+COUNTIF(T65,"801016")+COUNTIF(T65,"841116")=3,IF(W65="","CUMPLE","NO CUMPLE"),"NO CUMPLE")) | X65: =IF(C65<>"",C65,"") | Y65: =+IF(X65<>"",(SUMIFS($S58:$S65,$I58:$I65,C65,$V58:$V65,"CUMPLE")),"") | Z65: =IF(D65>0,(IF(Y65>=($D65*E$2),"CUMPLE","NO CUMPLE")),"")
A66: 9 | B66: CONSORCIO INTERVENTORÍA DE VIGILANCIA 2024 | C66: ITECO CONSULTORES SAS BIC- NIT 800.181.867 | D66: 0.5 | E66: =Listados!$M$3 -> 1351954266 | F66: =E66/Listados!$C$32 -> 1039.9648 | G66: 1 | H66: MINISTERIO DE AGRICULTURA Y DESARROLLO RURAL: Realizar la interventoría técnica, administrativa, jurídica, ambiental, contable y financiera a los convenios suscritos por el Ministerio de Agricultura y Desarrollo Rural en el marco del Fondo de Fomento Agropecuario con las entidades territoriales u organizaciones correspondientes a las Región Pacífico | I66: STRATUSS SAS NIT 901.417.647 | J66: NO CUMPLE | K66: 0.39 | L66: 44627 | M66: 44872 | N66: =IF(M66<>"",IF(M66>Listados!$O$4,"NO CUMPLE","CUMPLE"),"") -> CUMPLE | O66: 2005848768 | P66: =IF(O66>0,K66*O66,"") -> 7.8228102e+08 | Q66: =IFERROR((P66/_xlfn.XLOOKUP(YEAR(M66),Listados!$B$3:$B$32,Listados!$C$3:$C$32)),"") -> 782.28102 | R66: 781 | S66: =IF(V66="CUMPLE",IFERROR(R66*Listados!$C$32,"0"),"") | T66: 801015 | U66: 331 | V66: =IF(COUNTBLANK(J66)+COUNTBLANK(N66)+COUNTBLANK(T66)=3,"",IF(COUNTIF(J66,"CUMPLE")+COUNTIF(N66,"CUMPLE")+COUNTIF(T66,"801015")+COUNTIF(T66,"801016")+COUNTIF(T66,"841116")=3,IF(W66="","CUMPLE","NO CUMPLE"),"NO CUMPLE")) -> NO CUMPLE | W66: LA CERTIFICACIÓN APORTADA NO SE ENCUENTRA FIRMADA POR EL REPRESENTANTE LEGAL DE LA ENTIDAD, POR LO TANTO, NO CUMPLE, EL PROPONENTE EN EL TERMINO DE TRASLADO DEBERÁ ADJUNTAR LA CERTIFICACIÓN EN LOS TERMINOS ESTABLECIDOS EN EL NUMERAL 4.5.3 REGLAS PARA LA VALORACIÓN DE LA EXPERIENCIA DEL PROPONENTE. | X66: =IF(C66<>"",C66,"") -> ITECO CONSULTORES SAS BIC- NIT 800.181.867 | Y66: =+IF(X66<>"",(SUMIFS($S66:$S73,$I66:$I73,C66,$V66:$V73,"CUMPLE")),"") -> 0 | Z66: =IF(D66>0,(IF(Y66>=($D66*E$2),"CUMPLE","NO CUMPLE")),"") -> NO CUMPLE | AA66: =IF(C66>0,SUMIFS(Y66:Y73,Z66:Z73,"CUMPLE"),"") -> 0 | AC66: =IF(B66="","",IF(COUNTIF(Z66:Z73,"NO CUMPLE")>0,"NO CUMPLE",IF(E66>AA66,"NO CUMPLE",IF(AA66="","","CUMPLE")))) -> NO CUMPLE | AD66: EL PROPONENTE EN EL TÉRMINO DE TRASLADO DEBERÁ ADJUNTAR LAS CERTIFICACIONES DE CONTRATOS DE ACUERDO CON LA OBSERVACIONES INDIVIDUALES EN CADA UNA DE LAS EXPERIENCIAS EN CONCORDANCIA CON EL NUMERAL 4.5.3 REGLAS PARA LA VALORACIÓN DE LA EXPERIENCIA DEL PROPONENTE DEL PLIEGO DE CONDICIONES DEFINITIVO.
C67: STRATUSS SAS NIT 901.417.647 | D67: 0.5 | G67: 2 | H67: SECRETARIA DE DESARROLLO ECONOMICO: Prestar el servicio de interventoría técnica, administrativa, financiera, contable y jurídica al contrato cuyo objeto es “Prestar los servicios para la verificación y validación de los requisitos para la asignación del beneficio a las empresas que vinculen laboralmente población vulnerable en el marco del Programa Empleo Incluyente para el cierre de brechas de población de difícil empleabilidad, de conformidad con lo establecido en el Decreto Distrital 399 de 2022 | I67: ITECO CONSULTORES SAS BIC- NIT 800.181.867 | J67: NO CUMPLE | K67: 1 | L67: 44914 | N67: =IF(M67<>"",IF(M67>Listados!$O$4,"NO CUMPLE","CUMPLE"),"") | O67: 2333200000 | P67: =IF(O67>0,K67*O67,"") -> 2333200000 | Q67: =IFERROR((P67/_xlfn.XLOOKUP(YEAR(M67),Listados!$B$3:$B$32,Listados!$C$3:$C$32)),"") | R67: 1794 | S67: =IF(V67="CUMPLE",IFERROR(R67*Listados!$C$32,"0"),"") | T67: 801015 | U67: 65 | V67: =IF(COUNTBLANK(J67)+COUNTBLANK(N67)+COUNTBLANK(T67)=3,"",IF(COUNTIF(J67,"CUMPLE")+COUNTIF(N67,"CUMPLE")+COUNTIF(T67,"801015")+COUNTIF(T67,"801016")+COUNTIF(T67,"841116")=3,IF(W67="","CUMPLE","NO CUMPLE"),"NO CUMPLE")) -> NO CUMPLE | W67: EL PROPONENTE ADJUNTA COPIA DEL CLUASULADO DEL CONTRATO, JUNTO AL ACTA DE INICIO Y EL MODIFICATORIO No. 1, SIN FIRMA Y LOS DATOS REQUERIDOS POR LO TANTO, NO CUMPLE, EL PROPONENTE EN EL TÉRMINO DE TRASLADO DEBERÁ ADJUNTAR LA CERTIFICACIÓN Y/O ACTA DE LIQUIDACIÓN EN LOS TERMINOS ESTABLECIDOS EN EL NUMERAL 4.5.3 REGLAS PARA LA VALORACIÓN DE LA EXPERIENCIA DEL PROPONENTE | X67: =IF(C67<>"",C67,"") -> STRATUSS SAS NIT 901.417.647 | Y67: =+IF(X67<>"",(SUMIFS($S66:$S73,$I66:$I73,C67,$V66:$V73,"CUMPLE")),"") -> 0 | Z67: =IF(D67>0,(IF(Y67>=($D67*E$2),"CUMPLE","NO CUMPLE")),"") -> NO CUMPLE
N68: =IF(M68<>"",IF(M68>Listados!$O$4,"NO CUMPLE","CUMPLE"),"") | P68: =IF(O68>0,K68*O68,"") | Q68: =IFERROR((P68/_xlfn.XLOOKUP(YEAR(M68),Listados!$B$3:$B$32,Listados!$C$3:$C$32)),"") | S68: =IF(V68="CUMPLE",IFERROR(R68*Listados!$C$32,"0"),"") | V68: =IF(COUNTBLANK(J68)+COUNTBLANK(N68)+COUNTBLANK(T68)=3,"",IF(COUNTIF(J68,"CUMPLE")+COUNTIF(N68,"CUMPLE")+COUNTIF(T68,"801015")+COUNTIF(T68,"801016")+COUNTIF(T68,"841116")=3,IF(W68="","CUMPLE","NO CUMPLE"),"NO CUMPLE")) | X68: =IF(C68<>"",C68,"") | Y68: =+IF(X68<>"",(SUMIFS($S66:$S73,$I66:$I73,C68,$V66:$V73,"CUMPLE")),"") | Z68: =IF(D68>0,(IF(Y68>=($D68*E$2),"CUMPLE","NO CUMPLE")),"")
N69: =IF(M69<>"",IF(M69>Listados!$O$4,"NO CUMPLE","CUMPLE"),"") | P69: =IF(O69>0,K69*O69,"") | Q69: =IFERROR((P69/_xlfn.XLOOKUP(YEAR(M69),Listados!$B$3:$B$32,Listados!$C$3:$C$32)),"") | S69: =IF(V69="CUMPLE",IFERROR(R69*Listados!$C$32,"0"),"") | V69: =IF(COUNTBLANK(J69)+COUNTBLANK(N69)+COUNTBLANK(T69)=3,"",IF(COUNTIF(J69,"CUMPLE")+COUNTIF(N69,"CUMPLE")+COUNTIF(T69,"801015")+COUNTIF(T69,"801016")+COUNTIF(T69,"841116")=3,IF(W69="","CUMPLE","NO CUMPLE"),"NO CUMPLE")) | X69: =IF(C69<>"",C69,"") | Y69: =+IF(X69<>"",(SUMIFS($S66:$S73,$I66:$I73,C69,$V66:$V73,"CUMPLE")),"") | Z69: =IF(D69>0,(IF(Y69>=($D69*E$2),"CUMPLE","NO CUMPLE")),"")
N70: =IF(M70<>"",IF(M70>Listados!$O$4,"NO CUMPLE","CUMPLE"),"") | P70: =IF(O70>0,K70*O70,"") | Q70: =IFERROR((P70/_xlfn.XLOOKUP(YEAR(M70),Listados!$B$3:$B$32,Listados!$C$3:$C$32)),"") | S70: =IF(V70="CUMPLE",IFERROR(R70*Listados!$C$32,"0"),"") | V70: =IF(COUNTBLANK(J70)+COUNTBLANK(N70)+COUNTBLANK(T70)=3,"",IF(COUNTIF(J70,"CUMPLE")+COUNTIF(N70,"CUMPLE")+COUNTIF(T70,"801015")+COUNTIF(T70,"801016")+COUNTIF(T70,"841116")=3,IF(W70="","CUMPLE","NO CUMPLE"),"NO CUMPLE")) | X70: =IF(C70<>"",C70,"") | Y70: =+IF(X70<>"",(SUMIFS($S66:$S73,$I66:$I73,C70,$V66:$V73,"CUMPLE")),"") | Z70: =IF(D70>0,(IF(Y70>=($D70*E$2),"CUMPLE","NO CUMPLE")),"")
N71: =IF(M71<>"",IF(M71>Listados!$O$4,"NO CUMPLE","CUMPLE"),"") | P71: =IF(O71>0,K71*O71,"") | Q71: =IFERROR((P71/_xlfn.XLOOKUP(YEAR(M71),Listados!$B$3:$B$32,Listados!$C$3:$C$32)),"") | S71: =IF(V71="CUMPLE",IFERROR(R71*Listados!$C$32,"0"),"") | V71: =IF(COUNTBLANK(J71)+COUNTBLANK(N71)+COUNTBLANK(T71)=3,"",IF(COUNTIF(J71,"CUMPLE")+COUNTIF(N71,"CUMPLE")+COUNTIF(T71,"801015")+COUNTIF(T71,"801016")+COUNTIF(T71,"841116")=3,IF(W71="","CUMPLE","NO CUMPLE"),"NO CUMPLE")) | X71: =IF(C71<>"",C71,"") | Y71: =+IF(X71<>"",(SUMIFS($S66:$S73,$I66:$I73,C71,$V66:$V73,"CUMPLE")),"") | Z71: =IF(D71>0,(IF(Y71>=($D71*E$2),"CUMPLE","NO CUMPLE")),"")
N72: =IF(M72<>"",IF(M72>Listados!$O$4,"NO CUMPLE","CUMPLE"),"") | P72: =IF(O72>0,K72*O72,"") | Q72: =IFERROR((P72/_xlfn.XLOOKUP(YEAR(M72),Listados!$B$3:$B$32,Listados!$C$3:$C$32)),"") | S72: =IF(V72="CUMPLE",IFERROR(R72*Listados!$C$32,"0"),"") | V72: =IF(COUNTBLANK(J72)+COUNTBLANK(N72)+COUNTBLANK(T72)=3,"",IF(COUNTIF(J72,"CUMPLE")+COUNTIF(N72,"CUMPLE")+COUNTIF(T72,"801015")+COUNTIF(T72,"801016")+COUNTIF(T72,"841116")=3,IF(W72="","CUMPLE","NO CUMPLE"),"NO CUMPLE")) | X72: =IF(C72<>"",C72,"") | Y72: =+IF(X72<>"",(SUMIFS($S66:$S73,$I66:$I73,C72,$V66:$V73,"CUMPLE")),"") | Z72: =IF(D72>0,(IF(Y72>=($D72*E$2),"CUMPLE","NO CUMPLE")),"")
N73: =IF(M73<>"",IF(M73>Listados!$O$4,"NO CUMPLE","CUMPLE"),"") | P73: =IF(O73>0,K73*O73,"") | Q73: =IFERROR((P73/_xlfn.XLOOKUP(YEAR(M73),Listados!$B$3:$B$32,Listados!$C$3:$C$32)),"") | S73: =IF(V73="CUMPLE",IFERROR(R73*Listados!$C$32,"0"),"") | V73: =IF(COUNTBLANK(J73)+COUNTBLANK(N73)+COUNTBLANK(T73)=3,"",IF(COUNTIF(J73,"CUMPLE")+COUNTIF(N73,"CUMPLE")+COUNTIF(T73,"801015")+COUNTIF(T73,"801016")+COUNTIF(T73,"841116")=3,IF(W73="","CUMPLE","NO CUMPLE"),"NO CUMPLE")) | X73: =IF(C73<>"",C73,"") | Y73: =+IF(X73<>"",(SUMIFS($S66:$S73,$I66:$I73,C73,$V66:$V73,"CUMPLE")),"") | Z73: =IF(D73>0,(IF(Y73>=($D73*E$2),"CUMPLE","NO CUMPLE")),"")
A74: 10 | B74: Consultora Central S.A.S BIC | C74: Consultora Central S.A.S. - BIC | D74: 1 | E74: =Listados!$M$3 -> 1351954266 | F74: =E74/Listados!$C$32 -> 1039.9648 | G74: 1 | H74: Gobernación de Antioquia: Realizar interventoría integral a los contratos y/o convenios celebrados por la gerencia de seguridad alimentaria y nutricional - MANÁ para garantizar la atención de programas de alimentación maná infantil. | I74: Consultora Central S.A.S. - BIC | J74: CUMPLE | K74: 1 | L74: 41848 | M74: 42320 | N74: =IF(M74<>"",IF(M74>Listados!$O$4,"NO CUMPLE","CUMPLE"),"") -> CUMPLE | O74: 2956744428 | P74: =IF(O74>0,K74*O74,"") -> 2956744428 | Q74: =IFERROR((P74/_xlfn.XLOOKUP(YEAR(M74),Listados!$B$3:$B$32,Listados!$C$3:$C$32)),"") -> 4588.7242 | R74: 4646.94 | S74: =IF(V74="CUMPLE",IFERROR(R74*Listados!$C$32,"0"),"") -> 6.041022e+09 | T74: 801016 | U74: 134 | V74: =IF(COUNTBLANK(J74)+COUNTBLANK(N74)+COUNTBLANK(T74)=3,"",IF(COUNTIF(J74,"CUMPLE")+COUNTIF(N74,"CUMPLE")+COUNTIF(T74,"801015")+COUNTIF(T74,"801016")+COUNTIF(T74,"841116")=3,IF(W74="","CUMPLE","NO CUMPLE"),"NO CUMPLE")) -> CUMPLE | X74: =IF(C74<>"",C74,"") -> Consultora Central S.A.S. - BIC | Y74: =+IF(X74<>"",(SUMIFS($S74:$S81,$I74:$I81,C74,$V74:$V81,"CUMPLE")),"") -> 27045954000 | Z74: =IF(D74>0,(IF(Y74>=($D74*E$2),"CUMPLE","NO CUMPLE")),"") -> CUMPLE | AA74: =IF(C74>0,SUMIFS(Y74:Y81,Z74:Z81,"CUMPLE"),"") -> 27045954000 | AC74: =IF(B74="","",IF(COUNTIF(Z74:Z81,"NO CUMPLE")>0,"NO CUMPLE",IF(E74>AA74,"NO CUMPLE",IF(AA74="","","CUMPLE")))) -> CUMPLE
G75: 2 | H75: Ministerio de Educación Nacional - MEN: Realizar los servicios de interventoría integral (técnica, administrativa, gestión social, financiera y jurídica) a los contratos de aporte, contratos con cabildos indígenas y convenios interadministrativos con entidades territoriales certificadas - ETC, suscritos por el Ministerio de educación Nacional - MEN, de acuerdo con el lineamiento técnico administrativo del programa de alimentación escolar - PAE y demás documentos que se derivan para la implementación y ejecución en la vigencia 2015. Zona 2 | I75: Consultora Central S.A.S. - BIC | J75: CUMPLE | K75: 1 | L75: 42179 | M75: 42369 | N75: =IF(M75<>"",IF(M75>Listados!$O$4,"NO CUMPLE","CUMPLE"),"") -> CUMPLE | O75: 3317738656 | P75: =IF(O75>0,K75*O75,"") -> 3317738656 | Q75: =IFERROR((P75/_xlfn.XLOOKUP(YEAR(M75),Listados!$B$3:$B$32,Listados!$C$3:$C$32)),"") -> 5148.9697 | R75: 5148.96 | S75: =IF(V75="CUMPLE",IFERROR(R75*Listados!$C$32,"0"),"") -> 6693648000 | T75: 801016 | U75: 8 | V75: =IF(COUNTBLANK(J75)+COUNTBLANK(N75)+COUNTBLANK(T75)=3,"",IF(COUNTIF(J75,"CUMPLE")+COUNTIF(N75,"CUMPLE")+COUNTIF(T75,"801015")+COUNTIF(T75,"801016")+COUNTIF(T75,"841116")=3,IF(W75="","CUMPLE","NO CUMPLE"),"NO CUMPLE")) -> CUMPLE | X75: =IF(C75<>"",C75,"") | Y75: =+IF(X75<>"",(SUMIFS($S74:$S81,$I74:$I81,C75,$V74:$V81,"CUMPLE")),"") | Z75: =IF(D75>0,(IF(Y75>=($D75*E$2),"CUMPLE","NO CUMPLE")),"")
G76: 3 | H76: Gobernación de Antioquia: Realizar interventoría integral a los contratos y/o convenios celebrados por la Gerencia de Seguridad Alimentaría y Nutricional - MANÁ para garantizar el suministro de víveres y la implementación del programa de alimentación escolar. | I76: Consultora Central S.A.S. - BIC | J76: CUMPLE | K76: 1 | L76: 42067 | M76: 42353 | N76: =IF(M76<>"",IF(M76>Listados!$O$4,"NO CUMPLE","CUMPLE"),"") -> CUMPLE | O76: 3344287607 | P76: =IF(O76>0,K76*O76,"") -> 3344287607 | Q76: =IFERROR((P76/_xlfn.XLOOKUP(YEAR(M76),Listados!$B$3:$B$32,Listados!$C$3:$C$32)),"") -> 5190.1724 | R76: 5190.17 | S76: =IF(V76="CUMPLE",IFERROR(R76*Listados!$C$32,"0"),"") -> 6747221000 | T76: 801016 | U76: 4 | V76: =IF(COUNTBLANK(J76)+COUNTBLANK(N76)+COUNTBLANK(T76)=3,"",IF(COUNTIF(J76,"CUMPLE")+COUNTIF(N76,"CUMPLE")+COUNTIF(T76,"801015")+COUNTIF(T76,"801016")+COUNTIF(T76,"841116")=3,IF(W76="","CUMPLE","NO CUMPLE"),"NO CUMPLE")) -> CUMPLE | X76: =IF(C76<>"",C76,"") | Y76: =+IF(X76<>"",(SUMIFS($S74:$S81,$I74:$I81,C76,$V74:$V81,"CUMPLE")),"") | Z76: =IF(D76>0,(IF(Y76>=($D76*E$2),"CUMPLE","NO CUMPLE")),"")
G77: 4 | H77: Ministerio de Educación Nacional - MEN: Realizar los servicios de interventoría integral (técnica, administrativa, gestión social, financiera y jurídica) a los contratos de aporte, contratos con cabildos indígenas y convenios interadministrativos con entidades territoriales certificadas - ETC, suscritos por el Ministerio de educación Nacional - MEN, de acuerdo con el lineamiento técnico administrativo del programa de alimentación escolar - PAE y demás documentos | I77: Consultora Central S.A.S. - BIC | J77: CUMPLE | K77: 1 | L77: 42179 | M77: 42369 | N77: =IF(M77<>"",IF(M77>Listados!$O$4,"NO CUMPLE","CUMPLE"),"") -> CUMPLE | O77: 3207564687 | P77: =IF(O77>0,K77*O77,"") -> 3207564687 | Q77: =IFERROR((P77/_xlfn.XLOOKUP(YEAR(M77),Listados!$B$3:$B$32,Listados!$C$3:$C$32)),"") -> 4977.9851 | R77: 4977.98 | S77: =IF(V77="CUMPLE",IFERROR(R77*Listados!$C$32,"0"),"") -> 6.471374e+09 | T77: 801016 | U77: 7 | V77: =IF(COUNTBLANK(J77)+COUNTBLANK(N77)+COUNTBLANK(T77)=3,"",IF(COUNTIF(J77,"CUMPLE")+COUNTIF(N77,"CUMPLE")+COUNTIF(T77,"801015")+COUNTIF(T77,"801016")+COUNTIF(T77,"841116")=3,IF(W77="","CUMPLE","NO CUMPLE"),"NO CUMPLE")) -> CUMPLE | X77: =IF(C77<>"",C77,"") | Y77: =+IF(X77<>"",(SUMIFS($S74:$S81,$I74:$I81,C77,$V74:$V81,"CUMPLE")),"") | Z77: =IF(D77>0,(IF(Y77>=($D77*E$2),"CUMPLE","NO CUMPLE")),"")
G78: 5 | H78: Secretaría de Educación Distrital: Realizar la interventoría integral para el seguimiento a los convenios suscritos en la presente vigencia entre la Secretaría de Educación del Distrito y las Instituciones de Educación Superior, que realicen el acompañamiento a instituciones educativas del distrito – IED. | I78: Consultora Central S.A.S. - BIC | J78: CUMPLE | K78: 1 | L78: 44125 | M78: 44307 | N78: =IF(M78<>"",IF(M78>Listados!$O$4,"NO CUMPLE","CUMPLE"),"") -> CUMPLE | O78: 763644420 | P78: =IF(O78>0,K78*O78,"") -> 763644420 | Q78: =IFERROR((P78/_xlfn.XLOOKUP(YEAR(M78),Listados!$B$3:$B$32,Listados!$C$3:$C$32)),"") -> 840.53117 | R78: 840.53 | S78: =IF(V78="CUMPLE",IFERROR(R78*Listados!$C$32,"0"),"") -> 1092689000 | T78: 801016 | U78: 203 | V78: =IF(COUNTBLANK(J78)+COUNTBLANK(N78)+COUNTBLANK(T78)=3,"",IF(COUNTIF(J78,"CUMPLE")+COUNTIF(N78,"CUMPLE")+COUNTIF(T78,"801015")+COUNTIF(T78,"801016")+COUNTIF(T78,"841116")=3,IF(W78="","CUMPLE","NO CUMPLE"),"NO CUMPLE")) -> CUMPLE | X78: =IF(C78<>"",C78,"") | Y78: =+IF(X78<>"",(SUMIFS($S74:$S81,$I74:$I81,C78,$V74:$V81,"CUMPLE")),"") | Z78: =IF(D78>0,(IF(Y78>=($D78*E$2),"CUMPLE","NO CUMPLE")),"")
N79: =IF(M79<>"",IF(M79>Listados!$O$4,"NO CUMPLE","CUMPLE"),"") | P79: =IF(O79>0,K79*O79,"") | Q79: =IFERROR((P79/_xlfn.XLOOKUP(YEAR(M79),Listados!$B$3:$B$32,Listados!$C$3:$C$32)),"") | S79: =IF(V79="CUMPLE",IFERROR(R79*Listados!$C$32,"0"),"") | V79: =IF(COUNTBLANK(J79)+COUNTBLANK(N79)+COUNTBLANK(T79)=3,"",IF(COUNTIF(J79,"CUMPLE")+COUNTIF(N79,"CUMPLE")+COUNTIF(T79,"801015")+COUNTIF(T79,"801016")+COUNTIF(T79,"841116")=3,IF(W79="","CUMPLE","NO CUMPLE"),"NO CUMPLE")) | X79: =IF(C79<>"",C79,"") | Y79: =+IF(X79<>"",(SUMIFS($S74:$S81,$I74:$I81,C79,$V74:$V81,"CUMPLE")),"") | Z79: =IF(D79>0,(IF(Y79>=($D79*E$2),"CUMPLE","NO CUMPLE")),"")
N80: =IF(M80<>"",IF(M80>Listados!$O$4,"NO CUMPLE","CUMPLE"),"") | P80: =IF(O80>0,K80*O80,"") | Q80: =IFERROR((P80/_xlfn.XLOOKUP(YEAR(M80),Listados!$B$3:$B$32,Listados!$C$3:$C$32)),"") | S80: =IF(V80="CUMPLE",IFERROR(R80*Listados!$C$32,"0"),"") | V80: =IF(COUNTBLANK(J80)+COUNTBLANK(N80)+COUNTBLANK(T80)=3,"",IF(COUNTIF(J80,"CUMPLE")+COUNTIF(N80,"CUMPLE")+COUNTIF(T80,"801015")+COUNTIF(T80,"801016")+COUNTIF(T80,"841116")=3,IF(W80="","CUMPLE","NO CUMPLE"),"NO CUMPLE")) | X80: =IF(C80<>"",C80,"") | Y80: =+IF(X80<>"",(SUMIFS($S74:$S81,$I74:$I81,C80,$V74:$V81,"CUMPLE")),"") | Z80: =IF(D80>0,(IF(Y80>=($D80*E$2),"CUMPLE","NO CUMPLE")),"")
N81: =IF(M81<>"",IF(M81>Listados!$O$4,"NO CUMPLE","CUMPLE"),"") | P81: =IF(O81>0,K81*O81,"") | Q81: =IFERROR((P81/_xlfn.XLOOKUP(YEAR(M81),Listados!$B$3:$B$32,Listados!$C$3:$C$32)),"") | S81: =IF(V81="CUMPLE",IFERROR(R81*Listados!$C$32,"0"),"") | V81: =IF(COUNTBLANK(J81)+COUNTBLANK(N81)+COUNTBLANK(T81)=3,"",IF(COUNTIF(J81,"CUMPLE")+COUNTIF(N81,"CUMPLE")+COUNTIF(T81,"801015")+COUNTIF(T81,"801016")+COUNTIF(T81,"841116")=3,IF(W81="","CUMPLE","NO CUMPLE"),"NO CUMPLE")) | X81: =IF(C81<>"",C81,"") | Y81: =+IF(X81<>"",(SUMIFS($S74:$S81,$I74:$I81,C81,$V74:$V81,"CUMPLE")),"") | Z81: =IF(D81>0,(IF(Y81>=($D81*E$2),"CUMPLE","NO CUMPLE")),"")
A82: 11 | B82: CONSORCIO INTERVENCIÓN Y SEGURIDAD DISTRITAL | C82: INGEPLAN.CO SAS EMPRESA DE BENEFICIO E INTERES COLECTIVO BIC NIT 800169622-1 | D82: 0.5 | E82: =Listados!$M$3 -> 1351954266 | F82: =E82/Listados!$C$32 -> 1039.9648 | G82: 1 | H82: CONSEJO SUPERIOR DE LA ADJUDICATURA: Prestar la Interventoría integral a la adquisición de los servicios, elementos y recursos de conectividad, telecomunicaciones e internet para la Rama Judicial a Nivel nacional | I82: INGEPLAN.CO SAS EMPRESA DE BENEFICIO E INTERES COLECTIVO BIC NIT 800169622-1 | J82: CUMPLE | K82: 0.33 | L82: 44928 | M82: 45519 | N82: =IF(M82<>"",IF(M82>Listados!$O$4,"NO CUMPLE","CUMPLE"),"") -> CUMPLE | O82: 4359782750 | P82: =IF(O82>0,K82*O82,"") -> 1.4387283e+09 | Q82: =IFERROR((P82/_xlfn.XLOOKUP(YEAR(M82),Listados!$B$3:$B$32,Listados!$C$3:$C$32)),"") -> 1106.7141 | R82: 1062 | S82: =IF(V82="CUMPLE",IFERROR(R82*Listados!$C$32,"0"),"") -> 1380600000 | T82: 801015 | U82: 104 | V82: =IF(COUNTBLANK(J82)+COUNTBLANK(N82)+COUNTBLANK(T82)=3,"",IF(COUNTIF(J82,"CUMPLE")+COUNTIF(N82,"CUMPLE")+COUNTIF(T82,"801015")+COUNTIF(T82,"801016")+COUNTIF(T82,"841116")=3,IF(W82="","CUMPLE","NO CUMPLE"),"NO CUMPLE")) -> CUMPLE | X82: =IF(C82<>"",C82,"") -> INGEPLAN.CO SAS EMPRESA DE BENEFICIO E INTERES COLECTIVO BIC NIT 800169622-1 | Y82: =+IF(X82<>"",(SUMIFS($S82:$S89,$I82:$I89,C82,$V82:$V89,"CUMPLE")),"") -> 3142100000 | Z82: =IF(D82>0,(IF(Y82>=($D82*E$2),"CUMPLE","NO CUMPLE")),"") -> CUMPLE | AA82: =IF(C82>0,SUMIFS(Y82:Y89,Z82:Z89,"CUMPLE"),"") -> 4362800000 | AC82: =IF(B82="","",IF(COUNTIF(Z82:Z89,"NO CUMPLE")>0,"NO CUMPLE",IF(E82>AA82,"NO CUMPLE",IF(AA82="","","CUMPLE")))) -> CUMPLE
C83: WLG GROUP CONSULTORES LTDA NIT 824001886-2 | D83: 0.5 | G83: 2 | H83: SECRETARIA DE MOVILIDAD: Realizar la interventoría técnica, administrativa, legal y financiera al contrato de consultoría que tiene por objeto realizar la encuesta de movilidad, que comprende la encuesta de origen destino de hogares (EODH) y la encuesta origen destino de interceptación (EODI) para Bogotá y los municipios vecinos de su área de influencia, y de la actualización del modelo de transporte de cuatro etapas del área de estudio | I83: INGEPLAN.CO SAS EMPRESA DE BENEFICIO E INTERES COLECTIVO BIC NIT 800169622-1 | J83: CUMPLE | K83: 0.34 | L83: 44928 | M83: 45369 | N83: =IF(M83<>"",IF(M83>Listados!$O$4,"NO CUMPLE","CUMPLE"),"") -> CUMPLE | O83: 1120826000 | P83: =IF(O83>0,K83*O83,"") -> 381080840 | Q83: =IFERROR((P83/_xlfn.XLOOKUP(YEAR(M83),Listados!$B$3:$B$32,Listados!$C$3:$C$32)),"") -> 293.13911 | R83: 293 | S83: =IF(V83="CUMPLE",IFERROR(R83*Listados!$C$32,"0"),"") -> 380900000 | T83: 801015 | U83: 119 | V83: =IF(COUNTBLANK(J83)+COUNTBLANK(N83)+COUNTBLANK(T83)=3,"",IF(COUNTIF(J83,"CUMPLE")+COUNTIF(N83,"CUMPLE")+COUNTIF(T83,"801015")+COUNTIF(T83,"801016")+COUNTIF(T83,"841116")=3,IF(W83="","CUMPLE","NO CUMPLE"),"NO CUMPLE")) -> CUMPLE | X83: =IF(C83<>"",C83,"") -> WLG GROUP CONSULTORES LTDA NIT 824001886-2 | Y83: =+IF(X83<>"",(SUMIFS($S82:$S89,$I82:$I89,C83,$V82:$V89,"CUMPLE")),"") -> 1220700000 | Z83: =IF(D83>0,(IF(Y83>=($D83*E$2),"CUMPLE","NO CUMPLE")),"") -> CUMPLE
G84: 3 | H84: CONSEJO SUPERIOR DE LA ADJUDICATURA: “Prestar la interventoría técnica, administrativa, financiera, contable, ambiental y jurídica al contrato cuyo objeto consiste en “Adquisición e instalación del cableado estructurado para las sedes de la Rama Judicial (Redes LAN)” | I84: INGEPLAN.CO SAS EMPRESA DE BENEFICIO E INTERES COLECTIVO BIC NIT 800169622-1 | J84: CUMPLE | K84: 0.5 | L84: 44923 | M84: 45412 | N84: =IF(M84<>"",IF(M84>Listados!$O$4,"NO CUMPLE","CUMPLE"),"") -> CUMPLE | O84: 2761533778 | P84: =IF(O84>0,K84*O84,"") -> 1380766889 | Q84: =IFERROR((P84/_xlfn.XLOOKUP(YEAR(M84),Listados!$B$3:$B$32,Listados!$C$3:$C$32)),"") -> 1062.1284 | R84: 1062 | S84: =IF(V84="CUMPLE",IFERROR(R84*Listados!$C$32,"0"),"") -> 1380600000 | T84: 801015 | U84: 104 | V84: =IF(COUNTBLANK(J84)+COUNTBLANK(N84)+COUNTBLANK(T84)=3,"",IF(COUNTIF(J84,"CUMPLE")+COUNTIF(N84,"CUMPLE")+COUNTIF(T84,"801015")+COUNTIF(T84,"801016")+COUNTIF(T84,"841116")=3,IF(W84="","CUMPLE","NO CUMPLE"),"NO CUMPLE")) -> CUMPLE | X84: =IF(C84<>"",C84,"") | Y84: =+IF(X84<>"",(SUMIFS($S82:$S89,$I82:$I89,C84,$V82:$V89,"CUMPLE")),"") | Z84: =IF(D84>0,(IF(Y84>=($D84*E$2),"CUMPLE","NO CUMPLE")),"")
G85: 4 | H85: ALCALDIA MUNICIPAL DE SOACHA: Interventoría integral técnica, administrativa, jurídica y financiera de los contratos que ejecutan las estrategias de prestación de servicios educativos y transporte escolar a cargo de la dirección de cobertura educativa del municipio de Soacha | I85: WLG GROUP CONSULTORES LTDA NIT 824001886-2 | J85: CUMPLE | K85: 0.4 | L85: 44683 | M85: 45225 | N85: =IF(M85<>"",IF(M85>Listados!$O$4,"NO CUMPLE","CUMPLE"),"") -> CUMPLE | O85: 2349367010 | P85: =IF(O85>0,K85*O85,"") -> 939746804 | Q85: =IFERROR((P85/_xlfn.XLOOKUP(YEAR(M85),Listados!$B$3:$B$32,Listados!$C$3:$C$32)),"") -> 810.12656 | R85: 939 | S85: =IF(V85="CUMPLE",IFERROR(R85*Listados!$C$32,"0"),"") -> 1220700000 | T85: 801015 | U85: 234 | V85: =IF(COUNTBLANK(J85)+COUNTBLANK(N85)+COUNTBLANK(T85)=3,"",IF(COUNTIF(J85,"CUMPLE")+COUNTIF(N85,"CUMPLE")+COUNTIF(T85,"801015")+COUNTIF(T85,"801016")+COUNTIF(T85,"841116")=3,IF(W85="","CUMPLE","NO CUMPLE"),"NO CUMPLE")) -> CUMPLE | X85: =IF(C85<>"",C85,"") | Y85: =+IF(X85<>"",(SUMIFS($S82:$S89,$I82:$I89,C85,$V82:$V89,"CUMPLE")),"") | Z85: =IF(D85>0,(IF(Y85>=($D85*E$2),"CUMPLE","NO CUMPLE")),"")
N86: =IF(M86<>"",IF(M86>Listados!$O$4,"NO CUMPLE","CUMPLE"),"") | P86: =IF(O86>0,K86*O86,"") | Q86: =IFERROR((P86/_xlfn.XLOOKUP(YEAR(M86),Listados!$B$3:$B$32,Listados!$C$3:$C$32)),"") | S86: =IF(V86="CUMPLE",IFERROR(R86*Listados!$C$32,"0"),"") | V86: =IF(COUNTBLANK(J86)+COUNTBLANK(N86)+COUNTBLANK(T86)=3,"",IF(COUNTIF(J86,"CUMPLE")+COUNTIF(N86,"CUMPLE")+COUNTIF(T86,"801015")+COUNTIF(T86,"801016")+COUNTIF(T86,"841116")=3,IF(W86="","CUMPLE","NO CUMPLE"),"NO CUMPLE")) | X86: =IF(C86<>"",C86,"") | Y86: =+IF(X86<>"",(SUMIFS($S82:$S89,$I82:$I89,C86,$V82:$V89,"CUMPLE")),"") | Z86: =IF(D86>0,(IF(Y86>=($D86*E$2),"CUMPLE","NO CUMPLE")),"")
N87: =IF(M87<>"",IF(M87>Listados!$O$4,"NO CUMPLE","CUMPLE"),"") | P87: =IF(O87>0,K87*O87,"") | Q87: =IFERROR((P87/_xlfn.XLOOKUP(YEAR(M87),Listados!$B$3:$B$32,Listados!$C$3:$C$32)),"") | S87: =IF(V87="CUMPLE",IFERROR(R87*Listados!$C$32,"0"),"") | V87: =IF(COUNTBLANK(J87)+COUNTBLANK(N87)+COUNTBLANK(T87)=3,"",IF(COUNTIF(J87,"CUMPLE")+COUNTIF(N87,"CUMPLE")+COUNTIF(T87,"801015")+COUNTIF(T87,"801016")+COUNTIF(T87,"841116")=3,IF(W87="","CUMPLE","NO CUMPLE"),"NO CUMPLE")) | X87: =IF(C87<>"",C87,"") | Y87: =+IF(X87<>"",(SUMIFS($S82:$S89,$I82:$I89,C87,$V82:$V89,"CUMPLE")),"") | Z87: =IF(D87>0,(IF(Y87>=($D87*E$2),"CUMPLE","NO CUMPLE")),"")
N88: =IF(M88<>"",IF(M88>Listados!$O$4,"NO CUMPLE","CUMPLE"),"") | P88: =IF(O88>0,K88*O88,"") | Q88: =IFERROR((P88/_xlfn.XLOOKUP(YEAR(M88),Listados!$B$3:$B$32,Listados!$C$3:$C$32)),"") | S88: =IF(V88="CUMPLE",IFERROR(R88*Listados!$C$32,"0"),"") | V88: =IF(COUNTBLANK(J88)+COUNTBLANK(N88)+COUNTBLANK(T88)=3,"",IF(COUNTIF(J88,"CUMPLE")+COUNTIF(N88,"CUMPLE")+COUNTIF(T88,"801015")+COUNTIF(T88,"801016")+COUNTIF(T88,"841116")=3,IF(W88="","CUMPLE","NO CUMPLE"),"NO CUMPLE")) | X88: =IF(C88<>"",C88,"") | Y88: =+IF(X88<>"",(SUMIFS($S82:$S89,$I82:$I89,C88,$V82:$V89,"CUMPLE")),"") | Z88: =IF(D88>0,(IF(Y88>=($D88*E$2),"CUMPLE","NO CUMPLE")),"")
N89: =IF(M89<>"",IF(M89>Listados!$O$4,"NO CUMPLE","CUMPLE"),"") | P89: =IF(O89>0,K89*O89,"") | Q89: =IFERROR((P89/_xlfn.XLOOKUP(YEAR(M89),Listados!$B$3:$B$32,Listados!$C$3:$C$32)),"") | S89: =IF(V89="CUMPLE",IFERROR(R89*Listados!$C$32,"0"),"") | V89: =IF(COUNTBLANK(J89)+COUNTBLANK(N89)+COUNTBLANK(T89)=3,"",IF(COUNTIF(J89,"CUMPLE")+COUNTIF(N89,"CUMPLE")+COUNTIF(T89,"801015")+COUNTIF(T89,"801016")+COUNTIF(T89,"841116")=3,IF(W89="","CUMPLE","NO CUMPLE"),"NO CUMPLE")) | X89: =IF(C89<>"",C89,"") | Y89: =+IF(X89<>"",(SUMIFS($S82:$S89,$I82:$I89,C89,$V82:$V89,"CUMPLE")),"") | Z89: =IF(D89>0,(IF(Y89>=($D89*E$2),"CUMPLE","NO CUMPLE")),"")
A90: 12 | B90: Strycon Energía: NIT 901.466.510-3 | C90: =B90 -> Strycon Energía: NIT 901.466.510-3 | D90: 1 | E90: =Listados!$M$3 -> 1351954266 | F90: =E90/Listados!$C$32 -> 1039.9648 | G90: 1 | H90: ECOPETROL S.A: INTERVENTORÍA TÉCNICA ADMINISTRATIVA FINANCIERA Y LEGAL DEL CONTRATO EPC PARA EL SISTEMA DE RECIBO Y DESPACHO DEL PROPILENO GRADO REFINERÍA PROVENIENTE DE LA REFINERÍA DE BARRANCABERMEJA, Y DEL SISTEMA DE ALMACENAMIENTO Y DESPACHO DEL PROPILENO GRADO REFINERÍA DE LA REFINERÍA DE CARTAGENA - COLOMBIA. Contrato 5202410 | I90: Strycon Energía: NIT 901.466.510-3 | J90: CUMPLE | K90: 0.3 | L90: 39101 | M90: 39567 | N90: =IF(M90<>"",IF(M90>Listados!$O$4,"NO CUMPLE","CUMPLE"),"") -> CUMPLE | O90: 1767473099 | P90: =IF(O90>0,K90*O90,"") -> 5.3024193e+08 | Q90: =IFERROR((P90/_xlfn.XLOOKUP(YEAR(M90),Listados!$B$3:$B$32,Listados!$C$3:$C$32)),"") -> 1148.9533 | R90: =3829.84*0.3 -> 1148.952 | S90: =IF(V90="CUMPLE",IFERROR(R90*Listados!$C$32,"0"),"") -> 1493637600 | T90: 801016 | U90: 69 | V90: =IF(COUNTBLANK(J90)+COUNTBLANK(N90)+COUNTBLANK(T90)=3,"",IF(COUNTIF(J90,"CUMPLE")+COUNTIF(N90,"CUMPLE")+COUNTIF(T90,"801015")+COUNTIF(T90,"801016")+COUNTIF(T90,"841116")=3,IF(W90="","CUMPLE","NO CUMPLE"),"NO CUMPLE")) -> CUMPLE | X90: =IF(C90<>"",C90,"") -> Strycon Energía: NIT 901.466.510-3 | Y90: =+IF(X90<>"",(SUMIFS($S90:$S97,$I90:$I97,C90,$V90:$V97,"CUMPLE")),"") -> 1697659600 | Z90: =IF(D90>0,(IF(Y90>=($D90*E$2),"CUMPLE","NO CUMPLE")),"") -> CUMPLE | AA90: =IF(C90>0,SUMIFS(Y90:Y97,Z90:Z97,"CUMPLE"),"") -> 1697659600 | AC90: =IF(B90="","",IF(COUNTIF(Z90:Z97,"NO CUMPLE")>0,"NO CUMPLE",IF(E90>AA90,"NO CUMPLE",IF(AA90="","","CUMPLE")))) -> CUMPLE
G91: 2 | H91: GECELCA S.A. E.S.P: Interventoría técnica, administrativa, financiera, de calidad, jurídica, ambiental, y de seguridad y salud en el trabajo, para el contrato de diseño de un patio para el almacenamiento de carbón con capacidad de 300.000 toneladas para La Mina Las Palmeras. Contrato Orden de Servicio OGE-7904 | I91: Strycon Energía: NIT 901.466.510-3 | J91: CUMPLE | K91: 1 | L91: 44421 | M91: 44620 | N91: =IF(M91<>"",IF(M91>Listados!$O$4,"NO CUMPLE","CUMPLE"),"") -> CUMPLE | O91: 186770500 | P91: =IF(O91>0,K91*O91,"") -> 186770500 | Q91: =IFERROR((P91/_xlfn.XLOOKUP(YEAR(M91),Listados!$B$3:$B$32,Listados!$C$3:$C$32)),"") -> 186.7705 | R91: 156.94 | S91: =IF(V91="CUMPLE",IFERROR(R91*Listados!$C$32,"0"),"") -> 204022000 | T91: 801015 | U91: 96 | V91: =IF(COUNTBLANK(J91)+COUNTBLANK(N91)+COUNTBLANK(T91)=3,"",IF(COUNTIF(J91,"CUMPLE")+COUNTIF(N91,"CUMPLE")+COUNTIF(T91,"801015")+COUNTIF(T91,"801016")+COUNTIF(T91,"841116")=3,IF(W91="","CUMPLE","NO CUMPLE"),"NO CUMPLE")) -> CUMPLE | X91: =IF(C91<>"",C91,"") | Y91: =+IF(X91<>"",(SUMIFS($S90:$S97,$I90:$I97,C91,$V90:$V97,"CUMPLE")),"") | Z91: =IF(D91>0,(IF(Y91>=($D91*E$2),"CUMPLE","NO CUMPLE")),"")
N92: =IF(M92<>"",IF(M92>Listados!$O$4,"NO CUMPLE","CUMPLE"),"") | P92: =IF(O92>0,K92*O92,"") | Q92: =IFERROR((P92/_xlfn.XLOOKUP(YEAR(M92),Listados!$B$3:$B$32,Listados!$C$3:$C$32)),"") | S92: =IF(V92="CUMPLE",IFERROR(R92*Listados!$C$32,"0"),"") | V92: =IF(COUNTBLANK(J92)+COUNTBLANK(N92)+COUNTBLANK(T92)=3,"",IF(COUNTIF(J92,"CUMPLE")+COUNTIF(N92,"CUMPLE")+COUNTIF(T92,"801015")+COUNTIF(T92,"801016")+COUNTIF(T92,"841116")=3,IF(W92="","CUMPLE","NO CUMPLE"),"NO CUMPLE")) | X92: =IF(C92<>"",C92,"") | Y92: =+IF(X92<>"",(SUMIFS($S90:$S97,$I90:$I97,C92,$V90:$V97,"CUMPLE")),"") | Z92: =IF(D92>0,(IF(Y92>=($D92*E$2),"CUMPLE","NO CUMPLE")),"")
N93: =IF(M93<>"",IF(M93>Listados!$O$4,"NO CUMPLE","CUMPLE"),"") | P93: =IF(O93>0,K93*O93,"") | Q93: =IFERROR((P93/_xlfn.XLOOKUP(YEAR(M93),Listados!$B$3:$B$32,Listados!$C$3:$C$32)),"") | S93: =IF(V93="CUMPLE",IFERROR(R93*Listados!$C$32,"0"),"") | V93: =IF(COUNTBLANK(J93)+COUNTBLANK(N93)+COUNTBLANK(T93)=3,"",IF(COUNTIF(J93,"CUMPLE")+COUNTIF(N93,"CUMPLE")+COUNTIF(T93,"801015")+COUNTIF(T93,"801016")+COUNTIF(T93,"841116")=3,IF(W93="","CUMPLE","NO CUMPLE"),"NO CUMPLE")) | X93: =IF(C93<>"",C93,"") | Y93: =+IF(X93<>"",(SUMIFS($S90:$S97,$I90:$I97,C93,$V90:$V97,"CUMPLE")),"") | Z93: =IF(D93>0,(IF(Y93>=($D93*E$2),"CUMPLE","NO CUMPLE")),"")
N94: =IF(M94<>"",IF(M94>Listados!$O$4,"NO CUMPLE","CUMPLE"),"") | P94: =IF(O94>0,K94*O94,"") | Q94: =IFERROR((P94/_xlfn.XLOOKUP(YEAR(M94),Listados!$B$3:$B$32,Listados!$C$3:$C$32)),"") | S94: =IF(V94="CUMPLE",IFERROR(R94*Listados!$C$32,"0"),"") | V94: =IF(COUNTBLANK(J94)+COUNTBLANK(N94)+COUNTBLANK(T94)=3,"",IF(COUNTIF(J94,"CUMPLE")+COUNTIF(N94,"CUMPLE")+COUNTIF(T94,"801015")+COUNTIF(T94,"801016")+COUNTIF(T94,"841116")=3,IF(W94="","CUMPLE","NO CUMPLE"),"NO CUMPLE")) | X94: =IF(C94<>"",C94,"") | Y94: =+IF(X94<>"",(SUMIFS($S90:$S97,$I90:$I97,C94,$V90:$V97,"CUMPLE")),"") | Z94: =IF(D94>0,(IF(Y94>=($D94*E$2),"CUMPLE","NO CUMPLE")),"")
N95: =IF(M95<>"",IF(M95>Listados!$O$4,"NO CUMPLE","CUMPLE"),"") | P95: =IF(O95>0,K95*O95,"") | Q95: =IFERROR((P95/_xlfn.XLOOKUP(YEAR(M95),Listados!$B$3:$B$32,Listados!$C$3:$C$32)),"") | S95: =IF(V95="CUMPLE",IFERROR(R95*Listados!$C$32,"0"),"") | V95: =IF(COUNTBLANK(J95)+COUNTBLANK(N95)+COUNTBLANK(T95)=3,"",IF(COUNTIF(J95,"CUMPLE")+COUNTIF(N95,"CUMPLE")+COUNTIF(T95,"801015")+COUNTIF(T95,"801016")+COUNTIF(T95,"841116")=3,IF(W95="","CUMPLE","NO CUMPLE"),"NO CUMPLE")) | X95: =IF(C95<>"",C95,"") | Y95: =+IF(X95<>"",(SUMIFS($S90:$S97,$I90:$I97,C95,$V90:$V97,"CUMPLE")),"") | Z95: =IF(D95>0,(IF(Y95>=($D95*E$2),"CUMPLE","NO CUMPLE")),"")
N96: =IF(M96<>"",IF(M96>Listados!$O$4,"NO CUMPLE","CUMPLE"),"") | P96: =IF(O96>0,K96*O96,"") | Q96: =IFERROR((P96/_xlfn.XLOOKUP(YEAR(M96),Listados!$B$3:$B$32,Listados!$C$3:$C$32)),"") | S96: =IF(V96="CUMPLE",IFERROR(R96*Listados!$C$32,"0"),"") | V96: =IF(COUNTBLANK(J96)+COUNTBLANK(N96)+COUNTBLANK(T96)=3,"",IF(COUNTIF(J96,"CUMPLE")+COUNTIF(N96,"CUMPLE")+COUNTIF(T96,"801015")+COUNTIF(T96,"801016")+COUNTIF(T96,"841116")=3,IF(W96="","CUMPLE","NO CUMPLE"),"NO CUMPLE")) | X96: =IF(C96<>"",C96,"") | Y96: =+IF(X96<>"",(SUMIFS($S90:$S97,$I90:$I97,C96,$V90:$V97,"CUMPLE")),"") | Z96: =IF(D96>0,(IF(Y96>=($D96*E$2),"CUMPLE","NO CUMPLE")),"")
N97: =IF(M97<>"",IF(M97>Listados!$O$4,"NO CUMPLE","CUMPLE"),"") | P97: =IF(O97>0,K97*O97,"") | Q97: =IFERROR((P97/_xlfn.XLOOKUP(YEAR(M97),Listados!$B$3:$B$32,Listados!$C$3:$C$32)),"") | S97: =IF(V97="CUMPLE",IFERROR(R97*Listados!$C$32,"0"),"") | V97: =IF(COUNTBLANK(J97)+COUNTBLANK(N97)+COUNTBLANK(T97)=3,"",IF(COUNTIF(J97,"CUMPLE")+COUNTIF(N97,"CUMPLE")+COUNTIF(T97,"801015")+COUNTIF(T97,"801016")+COUNTIF(T97,"841116")=3,IF(W97="","CUMPLE","NO CUMPLE"),"NO CUMPLE")) | X97: =IF(C97<>"",C97,"") | Y97: =+IF(X97<>"",(SUMIFS($S90:$S97,$I90:$I97,C97,$V90:$V97,"CUMPLE")),"") | Z97: =IF(D97>0,(IF(Y97>=($D97*E$2),"CUMPLE","NO CUMPLE")),"")
A98: 13 | B98: ALIANZA INTEGRAL DE PROYECTOS SAS BIC: NIT 901.506.750-7 | C98: =B98 -> ALIANZA INTEGRAL DE PROYECTOS SAS BIC: NIT 901.506.750-7 | D98: 1 | E98: =Listados!$M$3 -> 1351954266 | F98: =E98/Listados!$C$32 -> 1039.9648 | G98: 1 | H98: EMPRESA NACIONAL PROMOTORA DEL DESARROLLO TERRITORIAL - ENTERRITORIO:INTERVENTORÍA TÉCNICA, ADMINISTRATIVA Y DE CONTROL PRESUPUESTAL AL PROYECTO VIVE DIGITAL FASE 2 | I98: ALIANZA INTEGRAL DE PROYECTOS SAS BIC: NIT 901.506.750-7 | J98: CUMPLE | K98: 0.51 | L98: 41877 | M98: 42581 | N98: =IF(M98<>"",IF(M98>Listados!$O$4,"NO CUMPLE","CUMPLE"),"") -> CUMPLE | O98: 6302625057 | P98: =IF(O98>0,K98*O98,"") -> 3.2143388e+09 | Q98: =IFERROR((P98/_xlfn.XLOOKUP(YEAR(M98),Listados!$B$3:$B$32,Listados!$C$3:$C$32)),"") -> 4662.1444 | R98: =9141.45*0.51 -> 4662.1395 | S98: =IF(V98="CUMPLE",IFERROR(R98*Listados!$C$32,"0"),"") -> 6060781350 | T98: 801015 | U98: 536 | V98: =IF(COUNTBLANK(J98)+COUNTBLANK(N98)+COUNTBLANK(T98)=3,"",IF(COUNTIF(J98,"CUMPLE")+COUNTIF(N98,"CUMPLE")+COUNTIF(T98,"801015")+COUNTIF(T98,"801016")+COUNTIF(T98,"841116")=3,IF(W98="","CUMPLE","NO CUMPLE"),"NO CUMPLE")) -> CUMPLE | X98: =IF(C98<>"",C98,"") -> ALIANZA INTEGRAL DE PROYECTOS SAS BIC: NIT 901.506.750-7 | Y98: =+IF(X98<>"",(SUMIFS($S98:$S105,$I98:$I105,C98,$V98:$V105,"CUMPLE")),"") -> 6060781350 | Z98: =IF(D98>0,(IF(Y98>=($D98*E$2),"CUMPLE","NO CUMPLE")),"") -> CUMPLE | AA98: =IF(C98>0,SUMIFS(Y98:Y105,Z98:Z105,"CUMPLE"),"") -> 6060781350 | AC98: =IF(B98="","",IF(COUNTIF(Z98:Z105,"NO CUMPLE")>0,"NO CUMPLE",IF(E98>AA98,"NO CUMPLE",IF(AA98="","","CUMPLE")))) -> CUMPLE | AD98: Se aclara que a pesar que se esta solicitando aclaración de la segunda certificación allegada con la primera certificación cumple con los requisitos mínimos de experiencia habilitante del proponente
G99: 2 | H99: VINCI COATINGS S.A.S. | I99: ALIANZA INTEGRAL DE PROYECTOS SAS BIC: NIT 901.506.750-7 | J99: NO CUMPLE | K99: 0.1125 | L99: 40960 | M99: 41961 | N99: =IF(M99<>"",IF(M99>Listados!$O$4,"NO CUMPLE","CUMPLE"),"") -> CUMPLE | O99: 150000000 | P99: =IF(O99>0,K99*O99,"") -> 16875000 | Q99: =IFERROR((P99/_xlfn.XLOOKUP(YEAR(M99),Listados!$B$3:$B$32,Listados!$C$3:$C$32)),"") -> 27.394481 | R99: =243.5*0.1125 -> 27.39375 | S99: =IF(V99="CUMPLE",IFERROR(R99*Listados!$C$32,"0"),"") | T99: 801016 | U99: 435 | V99: =IF(COUNTBLANK(J99)+COUNTBLANK(N99)+COUNTBLANK(T99)=3,"",IF(COUNTIF(J99,"CUMPLE")+COUNTIF(N99,"CUMPLE")+COUNTIF(T99,"801015")+COUNTIF(T99,"801016")+COUNTIF(T99,"841116")=3,IF(W99="","CUMPLE","NO CUMPLE"),"NO CUMPLE")) -> NO CUMPLE | W99: EL PROPONENTE EN EL TERMINO DE TRASLADO DEBERÁ ADJUNTAR LA CERTIFICACIÓN EN LOS TERMINOS ESTABLECIDOS EN EL NUMERAL 4.5.3 REGLAS PARA LA VALORACIÓN DE LA EXPERIENCIA DEL PROPONENTE, EN LA CUAL SE EVIDENCIE: DOCUMENTO DE PARTICIPACIÓN DE LA UT, ACLARACIÓN EN EL OBJETO SIMILAR RELACIONADAS CON SUPERVISIÓN INTEGRAL O INTERVENTORÍA INTEGRAL O AUDITORÍA INTEGRAL. | X99: =IF(C99<>"",C99,"") | Y99: =+IF(X99<>"",(SUMIFS($S98:$S105,$I98:$I105,C99,$V98:$V105,"CUMPLE")),"") | Z99: =IF(D99>0,(IF(Y99>=($D99*E$2),"CUMPLE","NO CUMPLE")),"")
N100: =IF(M100<>"",IF(M100>Listados!$O$4,"NO CUMPLE","CUMPLE"),"") | P100: =IF(O100>0,K100*O100,"") | Q100: =IFERROR((P100/_xlfn.XLOOKUP(YEAR(M100),Listados!$B$3:$B$32,Listados!$C$3:$C$32)),"") | S100: =IF(V100="CUMPLE",IFERROR(R100*Listados!$C$32,"0"),"") | V100: =IF(COUNTBLANK(J100)+COUNTBLANK(N100)+COUNTBLANK(T100)=3,"",IF(COUNTIF(J100,"CUMPLE")+COUNTIF(N100,"CUMPLE")+COUNTIF(T100,"801015")+COUNTIF(T100,"801016")+COUNTIF(T100,"841116")=3,IF(W100="","CUMPLE","NO CUMPLE"),"NO CUMPLE")) | X100: =IF(C100<>"",C100,"") | Y100: =+IF(X100<>"",(SUMIFS($S98:$S105,$I98:$I105,C100,$V98:$V105,"CUMPLE")),"") | Z100: =IF(D100>0,(IF(Y100>=($D100*E$2),"CUMPLE","NO CUMPLE")),"")
...

Sheet Formato_12
A1: FORMATO 12–ACEPTACIÓN Y CUMPLIMIENTO DE LA FORMACIÓN Y EXPERIENCIA MÍNIMA DEL EQUIPO DE TRABAJO.
A2: No. DE PROPONENTE | B2: NOMBRE DEL PROPONENTE | C2: CUMPLE / NO CUMPLE | D2: OBSERVACIÓN GENERAL
A4: 1 | B4: {=IF(INDIRECT("Formato_9_Exp_Proponente!B"&Listados!S3)="","",INDIRECT("Formato_9_Exp_Proponente!B"&Listados!S3))} -> ARES SECURITY LTDA: NIT 900.599.147-1 | C4: CUMPLE
A5: 2 | B5: {=IF(INDIRECT("Formato_9_Exp_Proponente!B"&Listados!S4)="","",INDIRECT("Formato_9_Exp_Proponente!B"&Listados!S4))} -> GERMAN MONTENEGRO FAJARDO AUDITORES & ASESORES S.A.S. BIC 900.335.334-8 | C5: CUMPLE
A6: 3 | B6: {=IF(INDIRECT("Formato_9_Exp_Proponente!B"&Listados!S5)="","",INDIRECT("Formato_9_Exp_Proponente!B"&Listados!S5))} -> JFS CONSULTORES S.A.S. -BIC 901.542.814-2 | C6: CUMPLE
A7: 4 | B7: {=IF(INDIRECT("Formato_9_Exp_Proponente!B"&Listados!S6)="","",INDIRECT("Formato_9_Exp_Proponente!B"&Listados!S6))} -> SCAIPROYEKTA S.A.S. BIC: NIT 901.476.977-1 | C7: CUMPLE
A8: 5 | B8: {=IF(INDIRECT("Formato_9_Exp_Proponente!B"&Listados!S7)="","",INDIRECT("Formato_9_Exp_Proponente!B"&Listados!S7))} -> UT GREM-NOVAC | C8: CUMPLE
A9: 6 | B9: {=IF(INDIRECT("Formato_9_Exp_Proponente!B"&Listados!S8)="","",INDIRECT("Formato_9_Exp_Proponente!B"&Listados!S8))} -> SGA CONSULTORES S.A.S: NIT 901.549.833-4 | C9: CUMPLE
A10: 7 | B10: {=IF(INDIRECT("Formato_9_Exp_Proponente!B"&Listados!S9)="","",INDIRECT("Formato_9_Exp_Proponente!B"&Listados!S9))} -> SMARTY COLOMBIA SAS BIC: NIT 900249549-6 | C10: CUMPLE
A11: 8 | B11: {=IF(INDIRECT("Formato_9_Exp_Proponente!B"&Listados!S10)="","",INDIRECT("Formato_9_Exp_Proponente!B"&Listados!S10))} -> CONSORCIO TOOL | C11: CUMPLE
A12: 9 | B12: {=IF(INDIRECT("Formato_9_Exp_Proponente!B"&Listados!S11)="","",INDIRECT("Formato_9_Exp_Proponente!B"&Listados!S11))} -> CONSORCIO INTERVENTORÍA DE VIGILANCIA 2024 | C12: CUMPLE
A13: 10 | B13: {=IF(INDIRECT("Formato_9_Exp_Proponente!B"&Listados!S12)="","",INDIRECT("Formato_9_Exp_Proponente!B"&Listados!S12))} -> Consultora Central S.A.S BIC | C13: CUMPLE
A14: 11 | B14: {=IF(INDIRECT("Formato_9_Exp_Proponente!B"&Listados!S13)="","",INDIRECT("Formato_9_Exp_Proponente!B"&Listados!S13))} -> CONSORCIO INTERVENCIÓN Y SEGURIDAD DISTRITAL | C14: CUMPLE
A15: 12 | B15: {=IF(INDIRECT("Formato_9_Exp_Proponente!B"&Listados!S14)="","",INDIRECT("Formato_9_Exp_Proponente!B"&Listados!S14))} -> Strycon Energía: NIT 901.466.510-3 | C15: CUMPLE
A16: 13 | B16: {=IF(INDIRECT("Formato_9_Exp_Proponente!B"&Listados!S15)="","",INDIRECT("Formato_9_Exp_Proponente!B"&Listados!S15))} -> ALIANZA INTEGRAL DE PROYECTOS SAS BIC: NIT 901.506.750-7 | C16: CUMPLE

Sheet Exp_Hab_Director
A1: N°. DE PROPONENTE | B1: NOMBRE DEL PROPONENTE | C1: NOMBRE DIRECTOR DEL PROYECTO PROPUESTO | D1: NUMERO DE DOCUMENTO DE IDENTIDAD | E1: EMPRESA CONTRATANTE | F1: EXPERIENCIA | H1: MESES CERTIFICADOS | I1: CUMPLE / NO CUMPLE CON LA EXPERIENCIA CERTIFICADA | J1: Observaciones a certificaciones individuales | K1: Total Experiencia superior a cinco años (60 meses) | L1: CUMPLE / NO CUMPLE CON EL PERFIL ACADEMICO | M1: DIRECTOR
F2: Fecha Inicio | G2: Fecha Fin | M2: CONDICIONES DE EXPERIENCIA Y FORMACIÓN | N2: OBSERVACIÓN GENERAL
A3: 1 | B3: =IF(Formato_9_Exp_Proponente!B2="","",Formato_9_Exp_Proponente!B2) -> ARES SECURITY LTDA: NIT 900.599.147-1 | C3: GUSTAVO ENRIQUE ROSALES ESCOBAR | D3: 80422094 | E3: Ares Security | H3: =DATEDIF(F3,G3,"m") -> 0 | I3: NO CUMPLE | J3: El proponente en el termino de traslado deberá aportar la hoja de vida con los soportes tanto académicos como de experiencia exigidos para los requisitos habilitantes según el numeral 4.5.4 Exigencias mínimas de experiencia y formación académica del equipo de trabajo del pliego de Condiciones Definitivo, toda vez que el oferente no aportó estos documentos. Dado que la empresa Contratante para esta certificación es el mismo proponente, deberá presentar : "fotocopia legible del contrato laboral y/o de prestación de servicios suscrito entre el proponente y la persona, a través del cual se evidencie el vínculo contractual. En caso de no existir contrato suscrito, deberá allegar una certificación de la junta directiva o junta de socios (la que corresponda) con el visto bueno del revisor fiscal o contador, o adjuntar una certificación expedida por el proponente, acompañada del visto bueno del revisor fiscal o contador." | K3: =SUMIFS(H3:H10,I3:I10,"CUMPLE") -> 0 | L3: NO CUMPLE | M3: =IF(C3="","",IF(K3>=60,IF(L3="CUMPLE","CUMPLE","NO CUMPLE"),"NO CUMPLE")) -> NO CUMPLE | N3: El proponente en el término de traslado deberá adjuntar copia de la hoja de vida con los soportes tanto académicos como de experiencia exigidos en el numeral 4.5.4 Exigencias mínimas de experiencia y formación académica del equipo de trabajo del pliego de Condiciones Definitivo, toda vez que el proponente, no aportó dichos soportes documentales.
E4: BUSINESS ALLIANCE FOR SECURE COMMERCE – BASC | H4: =DATEDIF(F4,G4,"m") -> 0 | I4: NO CUMPLE | J4: El proponente en el termino de traslado deberá aportar la hoja de vida con los soportes tanto académicos como de experiencia exigidos para los requisitos habilitantes según el numeral 4.5.4 Exigencias mínimas de experiencia y formación académica del equipo de trabajo del pliego de Condiciones Definitivo, toda vez que el oferente no aportó estos documentos.
E5: Asesorías de protección a la industria | H5: =DATEDIF(F5,G5,"m") -> 0 | I5: NO CUMPLE | J5: El proponente en el termino de traslado deberá aportar la hoja de vida con los soportes tanto académicos como de experiencia exigidos para los requisitos habilitantes según el numeral 4.5.4 Exigencias mínimas de experiencia y formación académica del equipo de trabajo del pliego de Condiciones Definitivo, toda vez que el oferente no aportó estos documentos.
H6: =DATEDIF(F6,G6,"m") -> 0
H7: =DATEDIF(F7,G7,"m") -> 0
H8: =DATEDIF(F8,G8,"m") -> 0
H9: =DATEDIF(F9,G9,"m") -> 0
H10: =DATEDIF(F10,G10,"m") -> 0
A11: 2 | B11: =IF(Formato_9_Exp_Proponente!B10="","",Formato_9_Exp_Proponente!B10) -> GERMAN MONTENEGRO FAJARDO AUDITORES & ASESORES S.A.S. BIC 900.335.334-8 | C11: JUAN GABRIEL ACOSTA TOVAR | D11: 7.733.030 | E11: LAO’S SEGURIDAD LTDA | F11: 41122 | G11: 45576 | H11: =DATEDIF(F11,G11,"m") -> 146 | I11: CUMPLE | K11: =SUMIFS(H11:H18,I11:I18,"CUMPLE") -> 146 | L11: CUMPLE | M11: =IF(C11="","",IF(K11>=60,IF(L11="CUMPLE","CUMPLE","NO CUMPLE"),"NO CUMPLE")) -> CUMPLE
H12: =DATEDIF(F12,G12,"m") -> 0
H13: =DATEDIF(F13,G13,"m") -> 0
H14: =DATEDIF(F14,G14,"m") -> 0
H15: =DATEDIF(F15,G15,"m") -> 0
H16: =DATEDIF(F16,G16,"m") -> 0
H17: =DATEDIF(F17,G17,"m") -> 0
H18: =DATEDIF(F18,G18,"m") -> 0
A19: 3 | B19: =IF(Formato_9_Exp_Proponente!B18="","",Formato_9_Exp_Proponente!B18) -> JFS CONSULTORES S.A.S. -BIC 901.542.814-2 | C19: JORGE OLIVER VARGAS BELTRAN | D19: 93373569 | E19: CUIDARTE MANTENIMIENTO SAS | F19: 43534 | G19: 45565 | H19: =DATEDIF(F19,G19,"m") -> 66 | I19: CUMPLE | K19: =SUMIFS(H19:H26,I19:I26,"CUMPLE") -> 66 | L19: CUMPLE | M19: =IF(C19="","",IF(K19>=60,IF(L19="CUMPLE","CUMPLE","NO CUMPLE"),"NO CUMPLE")) -> CUMPLE
H20: =DATEDIF(F20,G20,"m") -> 0
H21: =DATEDIF(F21,G21,"m") -> 0
H22: =DATEDIF(F22,G22,"m") -> 0
H23: =DATEDIF(F23,G23,"m") -> 0
H24: =DATEDIF(F24,G24,"m") -> 0
H25: =DATEDIF(F25,G25,"m") -> 0
H26: =DATEDIF(F26,G26,"m") -> 0
A27: 4 | B27: =IF(Formato_9_Exp_Proponente!B26="","",Formato_9_Exp_Proponente!B26) -> SCAIPROYEKTA S.A.S. BIC: NIT 901.476.977-1 | C27: HECTOR GIOVANNI GALEANO GUAVITA | D27: 79702187 | E27: ORGANIZACIÓN GDC GESTION DESARROLLO Y CRECIMIENTO EMPRESARIAL | F27: 42410 | G27: 44377 | H27: =DATEDIF(F27,G27,"m") -> 64 | I27: CUMPLE | K27: =SUMIFS(H27:H34,I27:I34,"CUMPLE") -> 64 | L27: CUMPLE | M27: =IF(C27="","",IF(K27>=60,IF(L27="CUMPLE","CUMPLE","NO CUMPLE"),"NO CUMPLE")) -> CUMPLE
H28: =DATEDIF(F28,G28,"m") -> 0
H29: =DATEDIF(F29,G29,"m") -> 0
H30: =DATEDIF(F30,G30,"m") -> 0
H31: =DATEDIF(F31,G31,"m") -> 0
H32: =DATEDIF(F32,G32,"m") -> 0
H33: =DATEDIF(F33,G33,"m") -> 0
H34: =DATEDIF(F34,G34,"m") -> 0
A35: 5 | B35: =IF(Formato_9_Exp_Proponente!B34="","",Formato_9_Exp_Proponente!B34) -> UT GREM-NOVAC | C35: RONALD GREGORIO GALVIS QUINTERO | D35: 19462080 | E35: EMPRESA ATALAYA 1 SECURITY GROUP LTDA | F35: 40920 | G35: 45569 | H35: =DATEDIF(F35,G35,"m") -> 152 | I35: CUMPLE | K35: =SUMIFS(H35:H42,I35:I42,"CUMPLE") -> 152 | L35: CUMPLE | M35: =IF(C35="","",IF(K35>=60,IF(L35="CUMPLE","CUMPLE","NO CUMPLE"),"NO CUMPLE")) -> CUMPLE
H36: =DATEDIF(F36,G36,"m") -> 0
H37: =DATEDIF(F37,G37,"m") -> 0
H38: =DATEDIF(F38,G38,"m") -> 0
H39: =DATEDIF(F39,G39,"m") -> 0
H40: =DATEDIF(F40,G40,"m") -> 0
H41: =DATEDIF(F41,G41,"m") -> 0
H42: =DATEDIF(F42,G42,"m") -> 0
A43: 6 | B43: =IF(Formato_9_Exp_Proponente!B42="","",Formato_9_Exp_Proponente!B42) -> SGA CONSULTORES S.A.S: NIT 901.549.833-4 | C43: ARNULFO BARBOSA PINZÓN | D43: 17414101 | E43: Protevis LTDA | F43: 40223 | G43: 44920 | H43: =DATEDIF(F43,G43,"m") -> 154 | I43: NO CUMPLE | J43: La certificación allegada no cumple con la experiencia profesional requerida para el Director de la interventoría, toda vez que no se evidencia la realización de alguna de las actividades establecidas en el anexo técnico: • Gerencia en temas de seguridad y vigilancia. • Administración en temas de seguridad y vigilancia. • Coordinación de proyectos en temas de seguridad y vigilancia. • Dirección de proyectos en temas de seguridad y vigilancia. | K43: =SUMIFS(H43:H50,I43:I50,"CUMPLE") -> 0 | L43: NO CUMPLE | M43: =IF(C43="","",IF(K43>=60,IF(L43="CUMPLE","CUMPLE","NO CUMPLE"),"NO CUMPLE")) -> NO CUMPLE | N43: El proponente en el término de traslado deberá adjuntar copia del acto administrativo No. 20184440017747 , por medio del cual se concede la acreditación como consultor y/o investigador de seguridad privada, toda vez que no aporto el soporte, de acuerdo con el numeral 4.5.4 exigencias mínimas de experiencia y formación académica del equipo de trabajo del pliego de Condiciones Definitivo
H44: =DATEDIF(F44,G44,"m") -> 0
H45: =DATEDIF(F45,G45,"m") -> 0
H46: =DATEDIF(F46,G46,"m") -> 0
H47: =DATEDIF(F47,G47,"m") -> 0
H48: =DATEDIF(F48,G48,"m") -> 0
H49: =DATEDIF(F49,G49,"m") -> 0
H50: =DATEDIF(F50,G50,"m") -> 0
A51: 7 | B51: =IF(Formato_9_Exp_Proponente!B50="","",Formato_9_Exp_Proponente!B50) -> SMARTY COLOMBIA SAS BIC: NIT 900249549-6 | C51: JULIAN ANDRES PUENTES BECERRA | D51: 79803323 | E51: OMNITEEMPUS LTDA | F51: 38952 | G51: 40602 | H51: =DATEDIF(F51,G51,"m") -> 54 | I51: NO CUMPLE | J51: El proponente en el termino de traslado deberá adjuntar copia del contrato y/o acta de liquidación que de cuenta de las actividades desempeñadas como director de proyectos especiales, toda vez que no se entiende su campo de acción | K51: =SUMIFS(H51:H58,I51:I58,"CUMPLE") -> 12 | L51: CUMPLE | M51: =IF(C51="","",IF(K51>=60,IF(L51="CUMPLE","CUMPLE","NO CUMPLE"),"NO CUMPLE")) -> NO CUMPLE | N51: El proponente en el termino de traslado deberá adjuntar copia del contrato y/o acta de liquidación que de cuenta de las actividades desempeñadas como director de proyectos especiales, toda vez que no se entiende su campo de acción
E52: STANTON SAS | F52: 42492 | G52: 42863 | H52: =DATEDIF(F52,G52,"m") -> 12 | I52: CUMPLE
H53: =DATEDIF(F53,G53,"m") -> 0
H54: =DATEDIF(F54,G54,"m") -> 0
H55: =DATEDIF(F55,G55,"m") -> 0
H56: =DATEDIF(F56,G56,"m") -> 0
H57: =DATEDIF(F57,G57,"m") -> 0
H58: =DATEDIF(F58,G58,"m") -> 0
A59: 8 | B59: =IF(Formato_9_Exp_Proponente!B58="","",Formato_9_Exp_Proponente!B58) -> CONSORCIO TOOL | C59: JHON FREDY TELLEZ AMAYA | D59: 79.855.660 | E59: COMPA—ÕA DE SERVICIOS DE VIGILANCIA Y SEGURIDAD PRIVADA PORTILLA Y PORTILLA ®COSERVIPP LTDA | F59: 43564 | G59: 44290 | H59: =DATEDIF(F59,G59,"m") -> 23 | I59: CUMPLE | K59: =SUMIFS(H59:H66,I59:I66,"CUMPLE") -> 52 | L59: CUMPLE | M59: =IF(C59="","",IF(K59>=60,IF(L59="CUMPLE","CUMPLE","NO CUMPLE"),"NO CUMPLE")) -> NO CUMPLE | N59: El proponente en el término de traslado, deberá adjuntar soportes de expereincia adicionales, toda vez que no cumple con los cinco (5) años de experiencia minimo que se requiere para el perfil de director de interventoria de acuerdo con el numeral 4.5.4 exigencias mínimas de experiencia y formación académica del equipo de trabajo del pliego de Condiciones Definitivo y anexo técnico.
E60: MEGASEGURIDAD | F60: 42840 | G60: 43546 | H60: =DATEDIF(F60,G60,"m") -> 23 | I60: CUMPLE
E61: AMCOVIT | F61: 42647 | G61: 42841 | H61: =DATEDIF(F61,G61,"m") -> 6 | I61: CUMPLE
H62: =DATEDIF(F62,G62,"m") -> 0
H63: =DATEDIF(F63,G63,"m") -> 0
H64: =DATEDIF(F64,G64,"m") -> 0
H65: =DATEDIF(F65,G65,"m") -> 0
H66: =DATEDIF(F66,G66,"m") -> 0
A67: 9 | B67: =IF(Formato_9_Exp_Proponente!B66="","",Formato_9_Exp_Proponente!B66) -> CONSORCIO INTERVENTORÍA DE VIGILANCIA 2024 | C67: LEONEL FONSECA HOYOS | D67: 73086632 | E67: VIGILANCIA SANTAFEREÑA Y CIA LTDA | F67: 38852 | G67: 39270 | H67: =DATEDIF(F67,G67,"m") -> 13 | I67: CUMPLE | K67: =SUMIFS(H67:H74,I67:I74,"CUMPLE") -> 20 | L67: CUMPLE | M67: =IF(C67="","",IF(K67>=60,IF(L67="CUMPLE","CUMPLE","NO CUMPLE"),"NO CUMPLE")) -> NO CUMPLE | N67: El proponente en el término de traslado, deberá adjuntar copia del contrato y/o acta de liquidación que soporte las actividades realizadas en el marco de las experiencias aportadas, con el fin de establecer si las actividades tiene realción con las actividades requeridas para el director de interventoría de acuerdo con el numeral 4.5.4 exigencias mínimas de experiencia y formación académica del equipo de trabajo del pliego de Condiciones Definitivo y anexo técnico
E68: VIGILANCIA SANTAFEREÑA Y CIA LTDA | F68: 39271 | G68: 39486 | H68: =DATEDIF(F68,G68,"m") -> 7 | I68: CUMPLE
E69: CUIDAR | F69: 39496 | G69: 39614 | H69: =DATEDIF(F69,G69,"m") -> 3 | I69: NO CUMPLE | J69: LA CERTIFICACIÓN ALLEGADA NO CUMPLE, TODA VEZ QUE MENCIONA QUE EJERCIO UN CARGO DE DIRECCIÓN DE OPERACIONES, PERO NO ACLARA FRENTE A QUE TEMA EN ESPECIFICO, EL PROPONENTE EN EL TERMINO DE TRASLADO DEBERÁ ADJUNTAR COPIA DEL CONTRATO CON EL FIN DE VERIFICAR LAS ACTIVIDADES EJERCIDAS EN EL MARCO DE ESA ACTIVIDAD CONTRACTUAL
E70: AGUILA DE ORO COLOMBIA LTDA | F70: 39945 | G70: 41152 | H70: =DATEDIF(F70,G70,"m") -> 39 | I70: NO CUMPLE | J70: LA CERTIFICACIÓN ALLEGADA NO CUMPLE, TODA VEZ QUE MENCIONA QUE EJERCIO UN CARGO DE COORDINADOR DE CONTRATOS, EL PROPONENTE EN EL TERMINO DE TRASLADO DEBERÁ ADJUNTAR COPIA DEL CONTRATO CON EL FIN DE VERIFICAR LAS ACTIVIDADES EJERCIDAS EN EL MARCO DE ESA ACTIVIDAD CONTRACTUAL.
E71: DELTHAC 1 | F71: 41918 | G71: 42278 | H71: =DATEDIF(F71,G71,"m") -> 11 | I71: NO CUMPLE | J71: LA CERTIFICACIÓN ALLEGADA NO CUMPLE, TODA VEZ QUE MENCIONA QUE EJERCIO UN CARGO DE DIRECCIÓN DE OPERACIONES, PERO NO ACLARA FRENTE A QUE TEMA EN ESPECIFICO, EL PROPONENTE EN EL TERMINO DE TRASLADO DEBERÁ ADJUNTAR COPIA DEL CONTRATO CON EL FIN DE VERIFICAR LAS ACTIVIDADES EJERCIDAS EN EL MARCO DE ESA ACTIVIDAD CONTRACTUAL
E72: LA MAGDALENA SEGURIDAD | F72: 42298 | G72: 42666 | H72: =DATEDIF(F72,G72,"m") -> 12 | I72: NO CUMPLE | J72: LA CERTIFICACIÓN ALLEGADA NO CUMPLE, TODA VEZ QUE MENCIONA QUE EJERCIO UN CARGO DE COORDINADOR DE CONTRATOS, EL PROPONENTE EN EL TERMINO DE TRASLADO DEBERÁ ADJUNTAR COPIA DEL CONTRATO CON EL FIN DE VERIFICAR LAS ACTIVIDADES EJERCIDAS EN EL MARCO DE ESA ACTIVIDAD CONTRACTUAL.
H73: =DATEDIF(F73,G73,"m") -> 0
H74: =DATEDIF(F74,G74,"m") -> 0
A75: 10 | B75: =IF(Formato_9_Exp_Proponente!B74="","",Formato_9_Exp_Proponente!B74) -> Consultora Central S.A.S BIC | C75: LUIS MIGUEL PINEDA HERNÁNDEZ | D75: 79.040.453 | E75: VIGILANCIA ACOSTA LTDA | F75: 41022 | G75: 43343 | H75: =DATEDIF(F75,G75,"m") -> 76 | I75: CUMPLE | K75: =SUMIFS(H75:H82,I75:I82,"CUMPLE") -> 123 | L75: CUMPLE | M75: =IF(C75="","",IF(K75>=60,IF(L75="CUMPLE","CUMPLE","NO CUMPLE"),"NO CUMPLE")) -> CUMPLE
E76: CHEMONICS | F76: 43346 | G76: 43905 | H76: =DATEDIF(F76,G76,"m") -> 18 | I76: CUMPLE
E77: CHEMONICS | F77: 43969 | G77: 44669 | H77: =DATEDIF(F77,G77,"m") -> 23 | I77: CUMPLE
E78: GEOGRAFÍA SATELITAL GEOSAT S.A.S. | F78: 45323 | G78: 45534 | H78: =DATEDIF(F78,G78,"m") -> 6 | I78: CUMPLE
H79: =DATEDIF(F79,G79,"m") -> 0
H80: =DATEDIF(F80,G80,"m") -> 0
H81: =DATEDIF(F81,G81,"m") -> 0
H82: =DATEDIF(F82,G82,"m") -> 0
A83: 11 | B83: =IF(Formato_9_Exp_Proponente!B82="","",Formato_9_Exp_Proponente!B82) -> CONSORCIO INTERVENCIÓN Y SEGURIDAD DISTRITAL | C83: JORGE ENRIQUE BOHORQUEZ CUBILLOS | D83: 79459542 | E83: COSINTE LTDA | F83: 39846 | G83: 42215 | H83: =DATEDIF(F83,G83,"m") -> 77 | I83: CUMPLE | K83: =SUMIFS(H83:H90,I83:I90,"CUMPLE") -> 98 | L83: CUMPLE | M83: =IF(C83="","",IF(K83>=60,IF(L83="CUMPLE","CUMPLE","NO CUMPLE"),"NO CUMPLE")) -> CUMPLE
E84: COSINTE LTDA | F84: 42217 | G84: 42867 | H84: =DATEDIF(F84,G84,"m") -> 21 | I84: CUMPLE
H85: =DATEDIF(F85,G85,"m") -> 0
H86: =DATEDIF(F86,G86,"m") -> 0
H87: =DATEDIF(F87,G87,"m") -> 0
H88: =DATEDIF(F88,G88,"m") -> 0
H89: =DATEDIF(F89,G89,"m") -> 0
H90: =DATEDIF(F90,G90,"m") -> 0
A91: 12 | B91: =IF(Formato_9_Exp_Proponente!B90="","",Formato_9_Exp_Proponente!B90) -> Strycon Energía: NIT 901.466.510-3 | C91: GULLERMO JAVIER SOLORZANO JULIO | D91: 73572189 | E91: FIDELITY SECURITY COMPANY LTDA | F91: 42339 | G91: 42551 | H91: =DATEDIF(F91,G91,"m") -> 6 | I91: NO CUMPLE | J91: La certificación allegada no cumple con la experiencia profesional requerida para el Director de la interventoría, toda vez que no se evidencia alguna de las actividades establecidas en el anexo técnico: • Gerencia en temas de seguridad y vigilancia. • Administración en temas de seguridad y vigilancia. • Coordinación de proyectos en temas de seguridad y vigilancia. • Dirección de proyectos en temas de seguridad y vigilancia. | K91: =SUMIFS(H91:H98,I91:I98,"CUMPLE") -> 21 | L91: CUMPLE | M91: =IF(C91="","",IF(K91>=60,IF(L91="CUMPLE","CUMPLE","NO CUMPLE"),"NO CUMPLE")) -> NO CUMPLE | N91: El proponente en el término de traslado, deberá adjuntar copia del contrato y/o acta de liquidación que soporte las actividades realizadas en el marco de las experiencias aportadas, con el fin de establecer si las actividades tiene relación con las actividades requeridas para el director de interventoría de acuerdo con el numeral 4.5.4 exigencias mínimas de experiencia y formación académica del equipo de trabajo del pliego de Condiciones Definitivo y anexo técnico
E92: CIDECC | F92: 42753 | G92: 42933 | H92: =DATEDIF(F92,G92,"m") -> 5 | I92: NO CUMPLE | J92: La certificación allegada no cumple con la experiencia profesional requerida para el Director de la interventoría, toda vez que no se evidencia alguna de las actividades establecidas en el anexo técnico: • Gerencia en temas de seguridad y vigilancia. • Administración en temas de seguridad y vigilancia. • Coordinación de proyectos en temas de seguridad y vigilancia. • Dirección de proyectos en temas de seguridad y vigilancia.
E93: ISVI LTDA | F93: 43238 | G93: 43503 | H93: =DATEDIF(F93,G93,"m") -> 8 | I93: NO CUMPLE | J93: La certificación allegada no cumple con la experiencia profesional requerida para el Director de la interventoría, toda vez que no se evidencia alguna de las actividades establecidas en el anexo técnico: • Gerencia en temas de seguridad y vigilancia. • Administración en temas de seguridad y vigilancia. • Coordinación de proyectos en temas de seguridad y vigilancia. • Dirección de proyectos en temas de seguridad y vigilancia.
E94: ESTELAR | F94: 43556 | G94: 44119 | H94: =DATEDIF(F94,G94,"m") -> 18 | I94: NO CUMPLE | J94: La certificación allegada no cumple con la experiencia profesional requerida para el Director de la interventoría, toda vez que no se evidencia alguna de las actividades establecidas en el anexo técnico: • Gerencia en temas de seguridad y vigilancia. • Administración en temas de seguridad y vigilancia. • Coordinación de proyectos en temas de seguridad y vigilancia. • Dirección de proyectos en temas de seguridad y vigilancia.
E95: SEGURIDAD ATEMPI LTDA | F95: 44358 | G95: 44869 | H95: =DATEDIF(F95,G95,"m") -> 16 | I95: CUMPLE
E96: SEGURIDAD NAPOLES LTDA | F96: 44874 | G96: 45208 | H96: =DATEDIF(F96,G96,"m") -> 11 | I96: NO CUMPLE | J96: La certificación allegada no cumple con la experiencia profesional requerida para el Director de la interventoría, toda vez que no se evidencia alguna de las actividades establecidas en el anexo técnico: • Gerencia en temas de seguridad y vigilancia. • Administración en temas de seguridad y vigilancia. • Coordinación de proyectos en temas de seguridad y vigilancia. • Dirección de proyectos en temas de seguridad y vigilancia.
E97: SERACIS LTDA | F97: 45426 | G97: 45582 | H97: =DATEDIF(F97,G97,"m") -> 5 | I97: CUMPLE
H98: =DATEDIF(F98,G98,"m") -> 0
A99: 13 | B99: =IF(Formato_9_Exp_Proponente!B98="","",Formato_9_Exp_Proponente!B98) -> ALIANZA INTEGRAL DE PROYECTOS SAS BIC: NIT 901.506.750-7 | C99: ACELAS ZAMBRANO JUAN CARLOS | D99: 79486204 | E99: TRANSMETA | F99: 40955 | G99: 42411 | H99: =DATEDIF(F99,G99,"m") -> 47 | I99: CUMPLE | J99: La experiencia reportada por el proponente para el perfil de director de interventoria, cuya expedición corresponde al 11 de diciembre de 2011, se tomára a partir de la fecha de retiro de acuerdo con certificado de retiro que data del 16 de febrero de 2012, por lo tanto no CUMPLE con la expereincia habilitante requerida en el presente proceso de selección. | K99: =SUMIFS(H99:H106,I99:I106,"CUMPLE") -> 47 | L99: CUMPLE | M99: =IF(C99="","",IF(K99>=60,IF(L99="CUMPLE","CUMPLE","NO CUMPLE"),"NO CUMPLE")) -> NO CUMPLE | N99: El proponente en el término de traslado, deberá adjuntar soportes de expereincia adicionales, toda vez que no cumple con los cinco (5) años de experiencia minimo que se requiere para el perfil de director de interventoria de acuerdo con el numeral 4.5.4 exigencias mínimas de experiencia y formación académica del equipo de trabajo del pliego de Condiciones Definitivo y anexo técnico.
H100: =DATEDIF(F100,G100,"m") -> 0
...

Sheet Exp_Hab_Coor_Ope
A1: N°. DE PROPONENTE | B1: NOMBRE DEL PROPONENTE | C1: NOMBRE COORDINADOR OPERATIVO DEL PROYECTO PROPUESTO | D1: NUMERO DE DOCUMENTO DE IDENTIDAD | E1: EMPRESA CONTRATANTE | F1: Experiencia | H1: MESES CERTIFICADOS | I1: CUMPLE / NO CUMPLE CON LA EXPERIENCIA CERTIFICADA | J1: Observaciones a certificaciones individuales | K1: Total Experiencia superior a 4 años (48 meses) | L1: CUMPLE / NO CUMPLE CON EL PERFIL ACADEMICO | M1: COORDINADOR OPERATIVO
F2: Fecha Inicio | G2: Fecha Fin | M2: CONDICIONES DE EXPERIENCIA Y FORMACIÓN | N2: OBSERVACIÓN GENERAL
A3: 1 | B3: =IF(Formato_9_Exp_Proponente!B2="","",Formato_9_Exp_Proponente!B2) -> ARES SECURITY LTDA: NIT 900.599.147-1 | C3: JULIO CESAR GONZALES RODRIGUEZ | D3: ND | E3: Universidad Militar Nueva Granada | H3: =DATEDIF(F3,G3,"m") -> 0 | I3: NO CUMPLE | J3: El proponente en el término de traslado deberá aportar la hoja de vida con los soportes tanto académicos como de experiencia exigidos para los requisitos habilitantes según el numeral 4.5.4 Exigencias mínimas de experiencia y formación académica del equipo de trabajo del pliego de Condiciones Definitivo, toda vez que el oferente no aportó estos documentos. | K3: =SUMIFS(H3:H10,I3:I10,"CUMPLE") -> 0 | L3: NO CUMPLE | M3: =IF(C3="","",IF(K3>=48,IF(L3="CUMPLE","CUMPLE","NO CUMPLE"),"NO CUMPLE")) -> NO CUMPLE | N3: El proponente en el término de traslado deberá aportar la hoja de vida con los soportes tanto académicos como de experiencia exigidos para los requisitos habilitantes de acuerdo con el numeral 4.5.4 exigencias mínimas de experiencia y formación académica del equipo de trabajo del pliego de Condiciones Definitivo y anexo técnico, teniendo en cuenta que el proponente, no adjunto el soporte documental.
E4: Zehirut Ltda | H4: =DATEDIF(F4,G4,"m") -> 0 | I4: NO CUMPLE | J4: El proponente en el termino de traslado deberá aportar la hoja de vida con los soportes tanto académicos como de experiencia exigidos para los requisitos habilitantes según el numeral 4.5.4 Exigencias mínimas de experiencia y formación académica del equipo de trabajo del pliego de Condiciones Definitivo, toda vez que el oferente no aportó estos documentos.
E5: Club Campestre Guaymaral | H5: =DATEDIF(F5,G5,"m") -> 0 | I5: NO CUMPLE | J5: El proponente en el termino de traslado deberá aportar la hoja de vida con los soportes tanto académicos como de experiencia exigidos para los requisitos habilitantes según el numeral 4.5.4 Exigencias mínimas de experiencia y formación académica del equipo de trabajo del pliego de Condiciones Definitivo, toda vez que el oferente no aportó estos documentos.
H6: =DATEDIF(F6,G6,"m") -> 0
H7: =DATEDIF(F7,G7,"m") -> 0
H8: =DATEDIF(F8,G8,"m") -> 0
H9: =DATEDIF(F9,G9,"m") -> 0
H10: =DATEDIF(F10,G10,"m") -> 0
A11: 2 | B11: =IF(Formato_9_Exp_Proponente!B10="","",Formato_9_Exp_Proponente!B10) -> GERMAN MONTENEGRO FAJARDO AUDITORES & ASESORES S.A.S. BIC 900.335.334-8 | C11: OSCAR GERMAN BERNAL | D11: 79.275.058 | E11: LAO’S SEGURIDAD LTDA | F11: 42483 | G11: 45576 | H11: =DATEDIF(F11,G11,"m") -> 101 | I11: CUMPLE | K11: =SUMIFS(H11:H18,I11:I18,"CUMPLE") -> 101 | L11: CUMPLE | M11: =IF(C11="","",IF(K11>=48,IF(L11="CUMPLE","CUMPLE","NO CUMPLE"),"NO CUMPLE")) -> CUMPLE
H12: =DATEDIF(F12,G12,"m") -> 0
H13: =DATEDIF(F13,G13,"m") -> 0
H14: =DATEDIF(F14,G14,"m") -> 0
H15: =DATEDIF(F15,G15,"m") -> 0
H16: =DATEDIF(F16,G16,"m") -> 0
H17: =DATEDIF(F17,G17,"m") -> 0
H18: =DATEDIF(F18,G18,"m") -> 0
A19: 3 | B19: =IF(Formato_9_Exp_Proponente!B18="","",Formato_9_Exp_Proponente!B18) -> JFS CONSULTORES S.A.S. -BIC 901.542.814-2 | C19: MANUEL GUILLERMO MARTINEZ VELASQUEZ | D19: 79434669 | E19: DRUMMOND | F19: 37861 | G19: 39995 | H19: =DATEDIF(F19,G19,"m") -> 70 | I19: CUMPLE | K19: =SUMIFS(H19:H26,I19:I26,"CUMPLE") -> 81 | L19: CUMPLE | M19: =IF(C19="","",IF(K19>=48,IF(L19="CUMPLE","CUMPLE","NO CUMPLE"),"NO CUMPLE")) -> CUMPLE
E20: HONOR | F20: 40332 | G20: 40696 | H20: =DATEDIF(F20,G20,"m") -> 11 | I20: CUMPLE
H21: =DATEDIF(F21,G21,"m") -> 0
H22: =DATEDIF(F22,G22,"m") -> 0
H23: =DATEDIF(F23,G23,"m") -> 0
H24: =DATEDIF(F24,G24,"m") -> 0
H25: =DATEDIF(F25,G25,"m") -> 0
H26: =DATEDIF(F26,G26,"m") -> 0
A27: 4 | B27: =IF(Formato_9_Exp_Proponente!B26="","",Formato_9_Exp_Proponente!B26) -> SCAIPROYEKTA S.A.S. BIC: NIT 901.476.977-1 | C27: NESTOR ORLANDO RUBIANO MUÑOZ | D27: 11522785 | E27: SEGURIDAD ONCOR LTDA | F27: 41743 | G27: 44013 | H27: =DATEDIF(F27,G27,"m") -> 74 | I27: CUMPLE | K27: =SUMIFS(H27:H34,I27:I34,"CUMPLE") -> 74 | L27: NO CUMPLE | M27: =IF(C27="","",IF(K27>=48,IF(L27="CUMPLE","CUMPLE","NO CUMPLE"),"NO CUMPLE")) -> NO CUMPLE | N27: El proponente en el término de traslado deberá adjuntar copia del contrato y/o acta de liquidación de acuerdo con el numeral 4.5.4 exigencias mínimas de experiencia y formación académica del equipo de trabajo del pliego de Condiciones Definitivo y anexo técnico. En este sentido, deberá adjuntar el certificado de retiro de las Fuerzas Militares de Colombia o de la Policía Nacional, toda vez que no se constata ser oficial retirado ni la fecha de retiro, para el cumplimiento del perfil académico del numeral 4.5.4 exigencias mínimas de experiencia y formación académica del equipo de trabajo del pliego de Condiciones Definitivo y anexo técnico.
E28: SEGURIDAD ONCOR LTDA | F28: 41743 | G28: 44963 | H28: =DATEDIF(F28,G28,"m") -> 105 | I28: NO CUMPLE | J28: El proponente en el termino de traslado deberá adjuntar copia del contrato y/o acta de liquidación que de cuenta de las actividades desempeñadas como coordinador de la UIC, toda vez que no se entiende su campo de acción. La certificación presenta simultaneidad con la certificación anterior ya que esta inicia el 14/04/2014.
H29: =DATEDIF(F29,G29,"m") -> 0
H30: =DATEDIF(F30,G30,"m") -> 0
H31: =DATEDIF(F31,G31,"m") -> 0
H32: =DATEDIF(F32,G32,"m") -> 0
H33: =DATEDIF(F33,G33,"m") -> 0
H34: =DATEDIF(F34,G34,"m") -> 0
A35: 5 | B35: =IF(Formato_9_Exp_Proponente!B34="","",Formato_9_Exp_Proponente!B34) -> UT GREM-NOVAC | C35: JOSE HOMERO JIMENEZ BARRERA | D35: 5787214 | E35: EMPRESA ATALAYA 1 SECURITY GROUP LTDA | F35: 40192 | G35: 44986 | H35: =DATEDIF(F35,G35,"m") -> 157 | I35: CUMPLE | K35: =SUMIFS(H35:H42,I35:I42,"CUMPLE") -> 157 | L35: CUMPLE | M35: =IF(C35="","",IF(K35>=48,IF(L35="CUMPLE","CUMPLE","NO CUMPLE"),"NO CUMPLE")) -> CUMPLE
H36: =DATEDIF(F36,G36,"m") -> 0
H37: =DATEDIF(F37,G37,"m") -> 0
H38: =DATEDIF(F38,G38,"m") -> 0
H39: =DATEDIF(F39,G39,"m") -> 0
H40: =DATEDIF(F40,G40,"m") -> 0
H41: =DATEDIF(F41,G41,"m") -> 0
H42: =DATEDIF(F42,G42,"m") -> 0
A43: 6 | B43: =IF(Formato_9_Exp_Proponente!B42="","",Formato_9_Exp_Proponente!B42) -> SGA CONSULTORES S.A.S: NIT 901.549.833-4 | C43: MAURICIO EDUARDO BARRAGÁN GONZÁLES | D43: 79375504 | E43: Petrominerales Colombia LTD | F43: 39568 | H43: =IF(G43="","",DATEDIF(F43,G43,"m")) | I43: NO CUMPLE | J43: El proponente en el término de traslado, deberá allegar la certificación fecha de finalización, teniendo en cuenta que la certificación allegada por la empresa contratante PETROMINERALES COLOMBIA LTD, no cuenta con la fecha de finalización. | K43: =SUMIFS(H43:H50,I43:I50,"CUMPLE") -> 0 | L43: CUMPLE | M43: =IF(C43="","",IF(K43>=48,IF(L43="CUMPLE","CUMPLE","NO CUMPLE"),"NO CUMPLE")) -> NO CUMPLE | N43: El proponente en el término de traslado deberá adajuntar copia de la certificación de experiencia que de cuenta de la fecha de finalización de cuardo con el numeral 4.5.4 exigencias mínimas de experiencia y formación académica del equipo de trabajo del pliego de Condiciones Definitivo y anexo técnico.
H44: =DATEDIF(F44,G44,"m") -> 0
H45: =DATEDIF(F45,G45,"m") -> 0
H46: =DATEDIF(F46,G46,"m") -> 0
H47: =DATEDIF(F47,G47,"m") -> 0
H48: =DATEDIF(F48,G48,"m") -> 0
H49: =DATEDIF(F49,G49,"m") -> 0
H50: =DATEDIF(F50,G50,"m") -> 0
A51: 7 | B51: =IF(Formato_9_Exp_Proponente!B50="","",Formato_9_Exp_Proponente!B50) -> SMARTY COLOMBIA SAS BIC: NIT 900249549-6 | C51: HELMAN AYMAR SAAVEDRA MORALES | D51: 79598307 | E51: TRANS- ENVÍOS SERVICIO INTEGRAL DE TRANSPORTE | F51: 41835 | G51: 42901 | H51: =DATEDIF(F51,G51,"m") -> 35 | I51: CUMPLE | K51: =SUMIFS(H51:H58,I51:I58,"CUMPLE") -> 74 | L51: CUMPLE | M51: =IF(C51="","",IF(K51>=48,IF(L51="CUMPLE","CUMPLE","NO CUMPLE"),"NO CUMPLE")) -> CUMPLE
E52: TRANSPORTES GP CARGO SAS | F52: 44081 | G52: 44848 | H52: =DATEDIF(F52,G52,"m") -> 25 | I52: CUMPLE
E53: CONSORCIO SEGURIDAD S2 | F53: 44393 | G53: 44754 | H53: =DATEDIF(F53,G53,"m") -> 11 | I53: NO CUMPLE | J53: La certificación allegada no cumple con la experiencia profesional requerida para el coordinador operativo, toda vez que no cumple con las actividades establecidas en el anexo técnico: 1. Administración de proyectos relacionados con temas de seguridad y vigilancia. 2. Coordinación de proyectos; relacionados con temas de seguridad y vigilancia. 3. Coordinación operativa en empresas dedicadas a la prestación de los servicios de vigilancia y seguridad privada. La certificación presenta simultaneidad con la certificación anterior.
E54: ISVI LTDA | F54: 44858 | G54: 45100 | H54: =DATEDIF(F54,G54,"m") -> 7 | I54: CUMPLE
E55: GRUPO COLOMBIANO DE SEGURIDAD INTEGRAL | F55: 45237 | G55: 45450 | H55: =DATEDIF(F55,G55,"m") -> 7 | I55: CUMPLE
H56: =DATEDIF(F56,G56,"m") -> 0
H57: =DATEDIF(F57,G57,"m") -> 0
H58: =DATEDIF(F58,G58,"m") -> 0
A59: 8 | B59: =IF(Formato_9_Exp_Proponente!B58="","",Formato_9_Exp_Proponente!B58) -> CONSORCIO TOOL | C59: JOHN JAIRO MONTEALEGRE BRI—EZ | D59: 79.749.157 | E59: MISSION SECURITY SEGURIDAD Y VIGILANCIA PRIVADA LTDA_x000D_ | F59: 42989 | G59: 43424 | H59: =DATEDIF(F59,G59,"m") -> 14 | I59: CUMPLE | K59: =SUMIFS(H59:H66,I59:I66,"CUMPLE") -> 70 | L59: CUMPLE | M59: =IF(C59="","",IF(K59>=48,IF(L59="CUMPLE","CUMPLE","NO CUMPLE"),"NO CUMPLE")) -> CUMPLE
E60: SEGURIDAD SUPERIOR | F60: 43430 | G60: 43544 | H60: =DATEDIF(F60,G60,"m") -> 3 | I60: CUMPLE
E61: MISSION SECURITY SEGURIDAD Y VIGILANCIA PRIVADA LTDA | F61: 43545 | G61: 45187 | H61: =DATEDIF(F61,G61,"m") -> 53 | I61: CUMPLE
H62: =DATEDIF(F62,G62,"m") -> 0
H63: =DATEDIF(F63,G63,"m") -> 0
H64: =DATEDIF(F64,G64,"m") -> 0
H65: =DATEDIF(F65,G65,"m") -> 0
H66: =DATEDIF(F66,G66,"m") -> 0
A67: 9 | B67: =IF(Formato_9_Exp_Proponente!B66="","",Formato_9_Exp_Proponente!B66) -> CONSORCIO INTERVENTORÍA DE VIGILANCIA 2024 | C67: IVAN DARIO QUIROGA BELTRAN | D67: 79966569 | E67: BRINKS | F67: 40681 | G67: 42902 | H67: =DATEDIF(F67,G67,"m") -> 72 | I67: CUMPLE | K67: =SUMIFS(H67:H74,I67:I74,"CUMPLE") -> 103 | L67: CUMPLE | M67: =IF(C67="","",IF(K67>=48,IF(L67="CUMPLE","CUMPLE","NO CUMPLE"),"NO CUMPLE")) -> CUMPLE
E68: SEGURIDAD ONCOR LTDA | F68: 39276 | G68: 40231 | H68: =DATEDIF(F68,G68,"m") -> 31 | I68: CUMPLE
H69: =DATEDIF(F69,G69,"m") -> 0
H70: =DATEDIF(F70,G70,"m") -> 0
H71: =DATEDIF(F71,G71,"m") -> 0
H72: =DATEDIF(F72,G72,"m") -> 0
H73: =DATEDIF(F73,G73,"m") -> 0
H74: =DATEDIF(F74,G74,"m") -> 0
A75: 10 | B75: =IF(Formato_9_Exp_Proponente!B74="","",Formato_9_Exp_Proponente!B74) -> Consultora Central S.A.S BIC | C75: LUIS EDUARDO LEÓN LÓPEZ | D75: 70373312 | E75: ANTARES LTDA | F75: 38930 | G75: 41547 | H75: =DATEDIF(F75,G75,"m") -> 85 | I75: CUMPLE | K75: =SUMIFS(H75:H82,I75:I82,"CUMPLE") -> 137 | L75: CUMPLE | M75: =IF(C75="","",IF(K75>=48,IF(L75="CUMPLE","CUMPLE","NO CUMPLE"),"NO CUMPLE")) -> CUMPLE
E76: SEGURIDAD SELECTA | F76: 41548 | G76: 43159 | H76: =DATEDIF(F76,G76,"m") -> 52 | I76: CUMPLE
H77: =DATEDIF(F77,G77,"m") -> 0
H78: =DATEDIF(F78,G78,"m") -> 0
H79: =DATEDIF(F79,G79,"m") -> 0
H80: =DATEDIF(F80,G80,"m") -> 0
H81: =DATEDIF(F81,G81,"m") -> 0
H82: =DATEDIF(F82,G82,"m") -> 0
A83: 11 | B83: =IF(Formato_9_Exp_Proponente!B82="","",Formato_9_Exp_Proponente!B82) -> CONSORCIO INTERVENCIÓN Y SEGURIDAD DISTRITAL | C83: LUIS MIGUEL PINEDA HERNANDEZ | D83: 79040453 | E83: GEOSAT | F83: 45323 | G83: 45534 | H83: =DATEDIF(F83,G83,"m") -> 6 | I83: CUMPLE | K83: =SUMIFS(H83:H90,I83:I90,"CUMPLE") -> 77 | L83: CUMPLE | M83: =IF(C83="","",IF(K83>=48,IF(L83="CUMPLE","CUMPLE","NO CUMPLE"),"NO CUMPLE")) -> CUMPLE
E84: VIGILANCIA ACOSTA LTDA | F84: 41022 | G84: 43200 | H84: =DATEDIF(F84,G84,"m") -> 71 | I84: CUMPLE
H85: =DATEDIF(F85,G85,"m") -> 0
H86: =DATEDIF(F86,G86,"m") -> 0
H87: =DATEDIF(F87,G87,"m") -> 0
H88: =DATEDIF(F88,G88,"m") -> 0
H89: =DATEDIF(F89,G89,"m") -> 0
H90: =DATEDIF(F90,G90,"m") -> 0
A91: 12 | B91: ALIANZA INTEGRAL DE PROYECTOS SAS BIC | C91: GIOVANNI WILSON SANDOVAL DÍAZ | D91: 79638686 | E91: G4S RISK MANAGEMENT COLOMBIA S.A | F91: 38728 | G91: 38931 | H91: =DATEDIF(F91,G91,"m") -> 6 | I91: CUMPLE | K91: =SUMIFS(H91:H102,I91:I102,"CUMPLE") -> 88 | L91: NO CUMPLE | M91: =IF(C91="","",IF(K91>=48,IF(L91="CUMPLE","CUMPLE","NO CUMPLE"),"NO CUMPLE")) -> NO CUMPLE | N91: El proponente en el término de traslado, deberá adjuntar copia de los contratos y/o actas de liquidación de las certificaciones aportadas, las cuales den cuenta de las actividades realizadas en el marco de las relaciones contractuales asi como de los tiempos de acuerdo con el numeral 4.5.4 exigencias mínimas de experiencia y formación académica del equipo de trabajo del pliego de Condiciones Definitivo y anexo técnico. Por otro lado, el proponente deberá adjuntra certificado de retiro de las Fuerzas Militares de Colombia y/o de la Policía Nacional, toda vez que no se pudo establecer si se trata de oficial retirado asi como su retiro, para el cumplimiento del perfil académico en el numeral 4.5.4 exigencias mínimas de experiencia y formación académica del equipo de trabajo del pliego de Condiciones Definitivo y anexo técnico.
E92: G4S RISK MANAGEMENT COLOMBIA S.A | F92: 39084 | G92: 39173 | H92: =DATEDIF(F92,G92,"m") -> 2 | I92: CUMPLE
E93: SCHRADER CAMARGO Consorcio oriente | F93: 39975 | G93: 40233 | H93: =DATEDIF(F93,G93,"m") -> 8 | I93: NO CUMPLE | J93: La certificación allegada no cumple con la experiencia profesional requerida para el coordinador operativo, toda vez que no cumple con las actividades establecidas en el anexo técnico: 1. Administración de proyectos relacionados con temas de seguridad y vigilancia. 2. Coordinación de proyectos; relacionados con temas de seguridad y vigilancia. 3. Coordinación operativa en empresas dedicadas a la prestación de los servicios de vigilancia y seguridad privada.
E94: YALE SERVISSEG LTDA | F94: 40299 | G94: 40466 | H94: =DATEDIF(F94,G94,"m") -> 5 | I94: CUMPLE
E95: SEVICOL LTDA | F95: 40940 | G95: 40908 | H95: =DATEDIF(F95,G95,"m") -> #NUM! | I95: NO CUMPLE | J95: La fecha de finalización del periodo certificado es anterior a la fecha de inicio, por lo cual se solicita aclaración.
E96: SEVICOL LTDA | F96: 41275 | G96: 42004 | H96: =DATEDIF(F96,G96,"m") -> 23 | I96: CUMPLE
E97: SEVICOL LTDA | F97: 41334 | G97: 41670 | H97: =DATEDIF(F97,G97,"m") -> 10 | I97: NO CUMPLE | J97: La certificación presenta simultaneidad con la certificación anterior, por lo cual no le suma experiencia
E98: FRONTERA ENERGY COLOMBIA | F98: 42005 | G98: 43073 | H98: =DATEDIF(F98,G98,"m") -> 35 | I98: CUMPLE | J98: La certificación presenta simultaneidad con la certificación de SEVICOL LTDA con fecha de inicio 01/01/2013 al 31/12/2014, ya que las certificación de FRONTERA ENERGY COLOMBIA inicia el 10/03/2014, por lo cual se inicia a contar su experiencia desde el 01/01/2015
E99: HONOR SERVICIOS DE SEGURIDAD | F99: 43405 | G99: 43558 | H99: =DATEDIF(F99,G99,"m") -> 5 | I99: CUMPLE
E100: SEGURIDAD SUPERIOR LTDA | F100: 43738 | G100: 43849 | H100: =DATEDIF(F100,G100,"m") -> 3 | I100: CUMPLE
...

Sheet Consolidado habilitante Técnico
A1: CONSOLIDADO
A2: No. PROPONENTE | B2: NOMBRE DEL PROPONENTE | C2: FORMATO 9 - EXPERIENCIA MÍNIMA HABILITANTE DEL PROPONENTE | D2: FORMATO 12–ACEPTACIÓN Y CUMPLIMIENTO DE LA FORMACIÓN Y EXPERIENCIA MÍNIMA DEL EQUIPO DE TRABAJO. | E2: Exp Hab Director Interv. | F2: Exp Hab Coor Operativo | G2: HABILITADO / NO HABILITADO
A3: 1 | B3: {=IF(INDIRECT("Formato_9_Exp_Proponente!B"&Listados!S3)="","",INDIRECT("Formato_9_Exp_Proponente!B"&Listados!S3))} -> ARES SECURITY LTDA: NIT 900.599.147-1 | C3: {=IF(INDIRECT("Formato_9_Exp_Proponente!AC"&Listados!S3)="","",INDIRECT("Formato_9_Exp_Proponente!AC"&Listados!S3))} -> NO CUMPLE | D3: =IF(Formato_12!C4="","",Formato_12!C4) -> CUMPLE | E3: {=IF(INDIRECT("Exp_Hab_Director!M"&Listados!T3)="","",INDIRECT("Exp_Hab_Director!M"&Listados!T3))} -> NO CUMPLE | F3: {=IF(INDIRECT("Exp_Hab_Coor_Ope!M"&Listados!T3)="","",INDIRECT("Exp_Hab_Coor_Ope!M"&Listados!T3))} -> NO CUMPLE | G3: =IF(OR(B3="",C3="")=TRUE,"",IF(AND(C3="CUMPLE",D3="CUMPLE",E3="CUMPLE",F3="CUMPLE"),"HABILITADO","NO HABILITADO")) -> NO HABILITADO
A4: 2 | B4: {=IF(INDIRECT("Formato_9_Exp_Proponente!B"&Listados!S4)="","",INDIRECT("Formato_9_Exp_Proponente!B"&Listados!S4))} -> GERMAN MONTENEGRO FAJARDO AUDITORES & ASESORES S.A.S. BIC 900.335.334-8 | C4: {=IF(INDIRECT("Formato_9_Exp_Proponente!AC"&Listados!S4)="","",INDIRECT("Formato_9_Exp_Proponente!AC"&Listados!S4))} -> CUMPLE | D4: =IF(Formato_12!C5="","",Formato_12!C5) -> CUMPLE | E4: {=IF(INDIRECT("Exp_Hab_Director!M"&Listados!T4)="","",INDIRECT("Exp_Hab_Director!M"&Listados!T4))} -> CUMPLE | F4: {=IF(INDIRECT("Exp_Hab_Coor_Ope!M"&Listados!T4)="","",INDIRECT("Exp_Hab_Coor_Ope!M"&Listados!T4))} -> CUMPLE | G4: =IF(OR(B4="",C4="")=TRUE,"",IF(AND(C4="CUMPLE",D4="CUMPLE",E4="CUMPLE",F4="CUMPLE"),"HABILITADO","NO HABILITADO")) -> HABILITADO
A5: 3 | B5: {=IF(INDIRECT("Formato_9_Exp_Proponente!B"&Listados!S5)="","",INDIRECT("Formato_9_Exp_Proponente!B"&Listados!S5))} -> JFS CONSULTORES S.A.S. -BIC 901.542.814-2 | C5: {=IF(INDIRECT("Formato_9_Exp_Proponente!AC"&Listados!S5)="","",INDIRECT("Formato_9_Exp_Proponente!AC"&Listados!S5))} -> CUMPLE | D5: =IF(Formato_12!C6="","",Formato_12!C6) -> CUMPLE | E5: {=IF(INDIRECT("Exp_Hab_Director!M"&Listados!T5)="","",INDIRECT("Exp_Hab_Director!M"&Listados!T5))} -> CUMPLE | F5: {=IF(INDIRECT("Exp_Hab_Coor_Ope!M"&Listados!T5)="","",INDIRECT("Exp_Hab_Coor_Ope!M"&Listados!T5))} -> CUMPLE | G5: =IF(OR(B5="",C5="")=TRUE,"",IF(AND(C5="CUMPLE",D5="CUMPLE",E5="CUMPLE",F5="CUMPLE"),"HABILITADO","NO HABILITADO")) -> HABILITADO
A6: 4 | B6: {=IF(INDIRECT("Formato_9_Exp_Proponente!B"&Listados!S6)="","",INDIRECT("Formato_9_Exp_Proponente!B"&Listados!S6))} -> SCAIPROYEKTA S.A.S. BIC: NIT 901.476.977-1 | C6: {=IF(INDIRECT("Formato_9_Exp_Proponente!AC"&Listados!S6)="","",INDIRECT("Formato_9_Exp_Proponente!AC"&Listados!S6))} -> CUMPLE | D6: =IF(Formato_12!C7="","",Formato_12!C7) -> CUMPLE | E6: {=IF(INDIRECT("Exp_Hab_Director!M"&Listados!T6)="","",INDIRECT("Exp_Hab_Director!M"&Listados!T6))} -> CUMPLE | F6: {=IF(INDIRECT("Exp_Hab_Coor_Ope!M"&Listados!T6)="","",INDIRECT("Exp_Hab_Coor_Ope!M"&Listados!T6))} -> NO CUMPLE | G6: =IF(OR(B6="",C6="")=TRUE,"",IF(AND(C6="CUMPLE",D6="CUMPLE",E6="CUMPLE",F6="CUMPLE"),"HABILITADO","NO HABILITADO")) -> NO HABILITADO
A7: 5 | B7: {=IF(INDIRECT("Formato_9_Exp_Proponente!B"&Listados!S7)="","",INDIRECT("Formato_9_Exp_Proponente!B"&Listados!S7))} -> UT GREM-NOVAC | C7: {=IF(INDIRECT("Formato_9_Exp_Proponente!AC"&Listados!S7)="","",INDIRECT("Formato_9_Exp_Proponente!AC"&Listados!S7))} -> NO CUMPLE | D7: =IF(Formato_12!C8="","",Formato_12!C8) -> CUMPLE | E7: {=IF(INDIRECT("Exp_Hab_Director!M"&Listados!T7)="","",INDIRECT("Exp_Hab_Director!M"&Listados!T7))} -> CUMPLE | F7: {=IF(INDIRECT("Exp_Hab_Coor_Ope!M"&Listados!T7)="","",INDIRECT("Exp_Hab_Coor_Ope!M"&Listados!T7))} -> CUMPLE | G7: =IF(OR(B7="",C7="")=TRUE,"",IF(AND(C7="CUMPLE",D7="CUMPLE",E7="CUMPLE",F7="CUMPLE"),"HABILITADO","NO HABILITADO")) -> NO HABILITADO
A8: 6 | B8: {=IF(INDIRECT("Formato_9_Exp_Proponente!B"&Listados!S8)="","",INDIRECT("Formato_9_Exp_Proponente!B"&Listados!S8))} -> SGA CONSULTORES S.A.S: NIT 901.549.833-4 | C8: {=IF(INDIRECT("Formato_9_Exp_Proponente!AC"&Listados!S8)="","",INDIRECT("Formato_9_Exp_Proponente!AC"&Listados!S8))} -> CUMPLE | D8: =IF(Formato_12!C9="","",Formato_12!C9) -> CUMPLE | E8: {=IF(INDIRECT("Exp_Hab_Director!M"&Listados!T8)="","",INDIRECT("Exp_Hab_Director!M"&Listados!T8))} -> NO CUMPLE | F8: {=IF(INDIRECT("Exp_Hab_Coor_Ope!M"&Listados!T8)="","",INDIRECT("Exp_Hab_Coor_Ope!M"&Listados!T8))} -> NO CUMPLE | G8: =IF(OR(B8="",C8="")=TRUE,"",IF(AND(C8="CUMPLE",D8="CUMPLE",E8="CUMPLE",F8="CUMPLE"),"HABILITADO","NO HABILITADO")) -> NO HABILITADO
A9: 7 | B9: {=IF(INDIRECT("Formato_9_Exp_Proponente!B"&Listados!S9)="","",INDIRECT("Formato_9_Exp_Proponente!B"&Listados!S9))} -> SMARTY COLOMBIA SAS BIC: NIT 900249549-6 | C9: {=IF(INDIRECT("Formato_9_Exp_Proponente!AC"&Listados!S9)="","",INDIRECT("Formato_9_Exp_Proponente!AC"&Listados!S9))} -> CUMPLE | D9: =IF(Formato_12!C10="","",Formato_12!C10) -> CUMPLE | E9: {=IF(INDIRECT("Exp_Hab_Director!M"&Listados!T9)="","",INDIRECT("Exp_Hab_Director!M"&Listados!T9))} -> NO CUMPLE | F9: {=IF(INDIRECT("Exp_Hab_Coor_Ope!M"&Listados!T9)="","",INDIRECT("Exp_Hab_Coor_Ope!M"&Listados!T9))} -> CUMPLE | G9: =IF(OR(B9="",C9="")=TRUE,"",IF(AND(C9="CUMPLE",D9="CUMPLE",E9="CUMPLE",F9="CUMPLE"),"HABILITADO","NO HABILITADO")) -> NO HABILITADO
A10: 8 | B10: {=IF(INDIRECT("Formato_9_Exp_Proponente!B"&Listados!S10)="","",INDIRECT("Formato_9_Exp_Proponente!B"&Listados!S10))} -> CONSORCIO TOOL | C10: {=IF(INDIRECT("Formato_9_Exp_Proponente!AC"&Listados!S10)="","",INDIRECT("Formato_9_Exp_Proponente!AC"&Listados!S10))} -> CUMPLE | D10: =IF(Formato_12!C11="","",Formato_12!C11) -> CUMPLE | E10: {=IF(INDIRECT("Exp_Hab_Director!M"&Listados!T10)="","",INDIRECT("Exp_Hab_Director!M"&Listados!T10))} -> NO CUMPLE | F10: {=IF(INDIRECT("Exp_Hab_Coor_Ope!M"&Listados!T10)="","",INDIRECT("Exp_Hab_Coor_Ope!M"&Listados!T10))} -> CUMPLE | G10: =IF(OR(B10="",C10="")=TRUE,"",IF(AND(C10="CUMPLE",D10="CUMPLE",E10="CUMPLE",F10="CUMPLE"),"HABILITADO","NO HABILITADO")) -> NO HABILITADO
A11: 9 | B11: {=IF(INDIRECT("Formato_9_Exp_Proponente!B"&Listados!S11)="","",INDIRECT("Formato_9_Exp_Proponente!B"&Listados!S11))} -> CONSORCIO INTERVENTORÍA DE VIGILANCIA 2024 | C11: {=IF(INDIRECT("Formato_9_Exp_Proponente!AC"&Listados!S11)="","",INDIRECT("Formato_9_Exp_Proponente!AC"&Listados!S11))} -> NO CUMPLE | D11: =IF(Formato_12!C12="","",Formato_12!C12) -> CUMPLE | E11: {=IF(INDIRECT("Exp_Hab_Director!M"&Listados!T11)="","",INDIRECT("Exp_Hab_Director!M"&Listados!T11))} -> NO CUMPLE | F11: {=IF(INDIRECT("Exp_Hab_Coor_Ope!M"&Listados!T11)="","",INDIRECT("Exp_Hab_Coor_Ope!M"&Listados!T11))} -> CUMPLE | G11: =IF(OR(B11="",C11="")=TRUE,"",IF(AND(C11="CUMPLE",D11="CUMPLE",E11="CUMPLE",F11="CUMPLE"),"HABILITADO","NO HABILITADO")) -> NO HABILITADO
A12: 10 | B12: {=IF(INDIRECT("Formato_9_Exp_Proponente!B"&Listados!S12)="","",INDIRECT("Formato_9_Exp_Proponente!B"&Listados!S12))} -> Consultora Central S.A.S BIC | C12: {=IF(INDIRECT("Formato_9_Exp_Proponente!AC"&Listados!S12)="","",INDIRECT("Formato_9_Exp_Proponente!AC"&Listados!S12))} -> CUMPLE | D12: =IF(Formato_12!C13="","",Formato_12!C13) -> CUMPLE | E12: {=IF(INDIRECT("Exp_Hab_Director!M"&Listados!T12)="","",INDIRECT("Exp_Hab_Director!M"&Listados!T12))} -> CUMPLE | F12: {=IF(INDIRECT("Exp_Hab_Coor_Ope!M"&Listados!T12)="","",INDIRECT("Exp_Hab_Coor_Ope!M"&Listados!T12))} -> CUMPLE | G12: =IF(OR(B12="",C12="")=TRUE,"",IF(AND(C12="CUMPLE",D12="CUMPLE",E12="CUMPLE",F12="CUMPLE"),"HABILITADO","NO HABILITADO")) -> HABILITADO
A13: 11 | B13: {=IF(INDIRECT("Formato_9_Exp_Proponente!B"&Listados!S13)="","",INDIRECT("Formato_9_Exp_Proponente!B"&Listados!S13))} -> CONSORCIO INTERVENCIÓN Y SEGURIDAD DISTRITAL | C13: {=IF(INDIRECT("Formato_9_Exp_Proponente!AC"&Listados!S13)="","",INDIRECT("Formato_9_Exp_Proponente!AC"&Listados!S13))} -> CUMPLE | D13: =IF(Formato_12!C14="","",Formato_12!C14) -> CUMPLE | E13: {=IF(INDIRECT("Exp_Hab_Director!M"&Listados!T13)="","",INDIRECT("Exp_Hab_Director!M"&Listados!T13))} -> CUMPLE | F13: {=IF(INDIRECT("Exp_Hab_Coor_Ope!M"&Listados!T13)="","",INDIRECT("Exp_Hab_Coor_Ope!M"&Listados!T13))} -> CUMPLE | G13: =IF(OR(B13="",C13="")=TRUE,"",IF(AND(C13="CUMPLE",D13="CUMPLE",E13="CUMPLE",F13="CUMPLE"),"HABILITADO","NO HABILITADO")) -> HABILITADO
A14: 12 | B14: {=IF(INDIRECT("Formato_9_Exp_Proponente!B"&Listados!S14)="","",INDIRECT("Formato_9_Exp_Proponente!B"&Listados!S14))} -> Strycon Energía: NIT 901.466.510-3 | C14: {=IF(INDIRECT("Formato_9_Exp_Proponente!AC"&Listados!S14)="","",INDIRECT("Formato_9_Exp_Proponente!AC"&Listados!S14))} -> CUMPLE | D14: =IF(Formato_12!C15="","",Formato_12!C15) -> CUMPLE | E14: {=IF(INDIRECT("Exp_Hab_Director!M"&Listados!T14)="","",INDIRECT("Exp_Hab_Director!M"&Listados!T14))} -> NO CUMPLE | F14: {=IF(INDIRECT("Exp_Hab_Coor_Ope!M"&Listados!T14)="","",INDIRECT("Exp_Hab_Coor_Ope!M"&Listados!T14))} -> NO CUMPLE | G14: =IF(OR(B14="",C14="")=TRUE,"",IF(AND(C14="CUMPLE",D14="CUMPLE",E14="CUMPLE",F14="CUMPLE"),"HABILITADO","NO HABILITADO")) -> NO HABILITADO
A15: 13 | B15: {=IF(INDIRECT("Formato_9_Exp_Proponente!B"&Listados!S15)="","",INDIRECT("Formato_9_Exp_Proponente!B"&Listados!S15))} -> ALIANZA INTEGRAL DE PROYECTOS SAS BIC: NIT 901.506.750-7 | C15: {=IF(INDIRECT("Formato_9_Exp_Proponente!AC"&Listados!S15)="","",INDIRECT("Formato_9_Exp_Proponente!AC"&Listados!S15))} -> CUMPLE | D15: =IF(Formato_12!C16="","",Formato_12!C16) -> CUMPLE | E15: =Exp_Hab_Director!M99 -> NO CUMPLE | F15: {=IF(INDIRECT("Exp_Hab_Coor_Ope!M"&Listados!T15)="","",INDIRECT("Exp_Hab_Coor_Ope!M"&Listados!T15))} -> CUMPLE | G15: =IF(OR(B15="",C15="")=TRUE,"",IF(AND(C15="CUMPLE",D15="CUMPLE",E15="CUMPLE",F15="CUMPLE"),"HABILITADO","NO HABILITADO")) -> NO HABILITADO

Sheet Listados
B2: año | C2: SMMLV | F2: Listado de certificaciones | M2: Valor presupuesto | U2: CODIGOS UNSP
B3: 1995 | C3: 118934 | F3: 1 | H3: CUMPLE | J3: INCLUIDA | M3: 1351954266 | O3: Fecha de cierre | Q3: ANEXA | S3: 2 | T3: 3 | U3: 801015
B4: 1996 | C4: 142125 | F4: 2 | H4: NO CUMPLE | J4: NO INCLUIDA | O4: 45582 | Q4: NO ANEXA | S4: 10 | T4: 11 | U4: 801016
B5: 1997 | C5: 172005 | F5: 3 | J5: NO APARCE CODIGO | S5: 18 | T5: 19 | U5: 841116
B6: 1998 | C6: 203826 | F6: 4 | J6: NO COINCIDE SALARIO | S6: 26 | T6: 27 | U6: NO DIPONIBLE
B7: 1999 | C7: 236460 | F7: 5 | H7: SI | J7: NO COINCIDE CODIGO | S7: 34 | T7: 35
B8: 2000 | C8: 260100 | F8: 6 | H8: NO | S8: 42 | T8: 43
B9: 2001 | C9: 286000 | F9: Acredita Emp. Mujeres | S9: 50 | T9: 51
B10: 2002 | C10: 309000 | F10: Acredita MIPYMES | S10: 58 | T10: 59
B11: 2003 | C11: 332000 | S11: 66 | T11: 67
B12: 2004 | C12: 358000 | H12: HABILITADO | S12: 74 | T12: 75
B13: 2005 | C13: 381500 | H13: NO HABILITADO | S13: 82 | T13: 83
B14: 2006 | C14: 408000 | S14: 90 | T14: 91
B15: 2007 | C15: 433700 | S15: 98 | T15: 103
B16: 2008 | C16: 461500 | S16: 106 | T16: 107
B17: 2009 | C17: 496900 | S17: 114 | T17: 115
B18: 2010 | C18: 515000 | S18: 122 | T18: 123
B19: 2011 | C19: 535600 | S19: 130 | T19: 131
B20: 2012 | C20: 566700 | S20: 138 | T20: 139
B21: 2013 | C21: 589500 | S21: 146 | T21: 147
B22: 2014 | C22: 616000 | S22: 154 | T22: 155
B23: 2015 | C23: 644350 | S23: 162 | T23: 163
B24: 2016 | C24: 689455 | S24: 170 | T24: 171
B25: 2017 | C25: 737717 | S25: 178 | T25: 179
... B29: 2021 | C29: 908526 | S29: 210 | T29: 211
B30: 2022 | C30: 1000000
B31: 2023 | C31: 1160000
B32: 2024 | C32: 1300000

Sheet Habilitante Económico
A1: N°. DE PROPONENTE | B1: NOMBRE DEL PROPONENTE | C1: VALOR PRESUPUESTO OFICIAL | D1: ANEXO PROPUESTA ECONOMICA Y FORMATO 11 PROPUESTA_ECONOMICA | E1: FIRMA DEL REPRESENTANTE LEGAL | F1: VALOR OFERTADO | I1: VALOR TOTAL OFERTA ECONOMICA Presentada | J1: DISCREPANCIA | K1: MENOR VALOR IGUAL VALOR MAYOR VALOR | L1: HABILITADO / NO HABILITADO | M1: OBSERVACIONES | N1: CUMPLE | O1: NO CUMPLE
D2: CUMPLE / NO CUMPLE | E2: CUMPLE / NO CUMPLE | F2: Item 1 Recurso Humano | G2: Item 2 Otros Costos | H2: IVA | O2: MAYOR VALOR | P2: MENOR VALOR | Q2: IGUAL VALOR
A3: 1 | B3: {=IF(INDIRECT("Formato_9_Exp_Proponente!B"&Listados!S3)="","",INDIRECT("Formato_9_Exp_Proponente!B"&Listados!S3))} -> ARES SECURITY LTDA: NIT 900.599.147-1 | C3: =Listados!$M$3 -> 1351954266 | D3: NO CUMPLE | E3: NO CUMPLE | F3: 0 | G3: 0 | H3: =(F3+G3)*0.19 -> 0 | I3: =+ROUND(SUM(F3:H3),0) -> 0 | J3: =IF(D3="","",C3-I3) -> 1351954266 | K3: =IF(OR(D3="",D3="NO CUMPLE"),"",IF(J3<0,"VALOR MAYOR",IF(J3=0,"IGUAL VALOR","VALOR MENOR"))) | L3: =IF(D3="","",IF(D3="CUMPLE",IF(E3="CUMPLE",IF(OR(K3="IGUAL VALOR",K3="VALOR MENOR"),"HABILITADO","NO HABILITADO"),"NO HABILITADO"),"NO HABILITADO")) -> NO HABILITADO | M3: El proponente no aporta FORMATO 11 PROPUESTA_ECONOMICA_INT_VIG. como se indica en el documeto del Complento Pliego de Condiciones "CAPÍTULO DOCUMENTOS DE LA PROPUESTA - 4.6. COMPONENTE ECONÓMICO - 4.6.1 PROPUESTA ECONÓMICA - Nota 7 El proponente deberá diligenciar el FORMATO 11 PROPUESTA_ECONOMICA_INT_VIG"
A4: 2 | B4: {=IF(INDIRECT("Formato_9_Exp_Proponente!B"&Listados!S4)="","",INDIRECT("Formato_9_Exp_Proponente!B"&Listados!S4))} -> GERMAN MONTENEGRO FAJARDO AUDITORES & ASESORES S.A.S. BIC 900.335.334-8 | C4: =Listados!$M$3 -> 1351954266 | D4: CUMPLE | E4: CUMPLE | F4: 888332583 | G4: 247763439 | H4: =(F4+G4)*0.19 -> 2.1585824e+08 | I4: =+ROUND(SUM(F4:H4),0) -> 1351954266 | J4: =IF(D4="","",C4-I4) -> 0 | K4: =IF(D4="","",IF(J4<0,"VALOR MAYOR",IF(J4=0,"IGUAL VALOR","VALOR MENOR"))) -> IGUAL VALOR | L4: =IF(D4="","",IF(D4="CUMPLE",IF(E4="CUMPLE",IF(OR(K4="IGUAL VALOR",K4="VALOR MENOR"),"HABILITADO","NO HABILITADO"),"NO HABILITADO"),"NO HABILITADO")) -> HABILITADO
A5: 3 | B5: {=IF(INDIRECT("Formato_9_Exp_Proponente!B"&Listados!S5)="","",INDIRECT("Formato_9_Exp_Proponente!B"&Listados!S5))} -> JFS CONSULTORES S.A.S. -BIC 901.542.814-2 | C5: =Listados!$M$3 -> 1351954266 | D5: CUMPLE | E5: CUMPLE | F5: 888332583 | G5: 247763439 | H5: =(F5+G5)*0.19 -> 2.1585824e+08 | I5: =+ROUND(SUM(F5:H5),0) -> 1351954266 | J5: =IF(D5="","",C5-I5) -> 0 | K5: =IF(D5="","",IF(J5<0,"VALOR MAYOR",IF(J5=0,"IGUAL VALOR","VALOR MENOR"))) -> IGUAL VALOR | L5: =IF(D5="","",IF(D5="CUMPLE",IF(E5="CUMPLE",IF(OR(K5="IGUAL VALOR",K5="VALOR MENOR"),"HABILITADO","NO HABILITADO"),"NO HABILITADO"),"NO HABILITADO")) -> HABILITADO
A6: 4 | B6: {=IF(INDIRECT("Formato_9_Exp_Proponente!B"&Listados!S6)="","",INDIRECT("Formato_9_Exp_Proponente!B"&Listados!S6))} -> SCAIPROYEKTA S.A.S. BIC: NIT 901.476.977-1 | C6: =Listados!$M$3 -> 1351954266 | D6: CUMPLE | E6: CUMPLE | F6: 888332583 | G6: 247681982 | H6: =(F6+G6)*0.19 -> 2.1584277e+08 | I6: =+ROUND(SUM(F6:H6),0) -> 1351857332 | J6: =IF(D6="","",C6-I6) -> 96934 | K6: =IF(D6="","",IF(J6<0,"VALOR MAYOR",IF(J6=0,"IGUAL VALOR","VALOR MENOR"))) -> VALOR MENOR | L6: =IF(D6="","",IF(D6="CUMPLE",IF(E6="CUMPLE",IF(OR(K6="IGUAL VALOR",K6="VALOR MENOR"),"HABILITADO","NO HABILITADO"),"NO HABILITADO"),"NO HABILITADO")) -> HABILITADO
A7: 5 | B7: {=IF(INDIRECT("Formato_9_Exp_Proponente!B"&Listados!S7)="","",INDIRECT("Formato_9_Exp_Proponente!B"&Listados!S7))} -> UT GREM-NOVAC | C7: =Listados!$M$3 -> 1351954266 | D7: CUMPLE | E7: CUMPLE | F7: 888332583 | G7: 247763439 | H7: =(F7+G7)*0.19 -> 2.1585824e+08 | I7: =+ROUND(SUM(F7:H7),0) -> 1351954266 | J7: =IF(D7="","",C7-I7) -> 0 | K7: =IF(D7="","",IF(J7<0,"VALOR MAYOR",IF(J7=0,"IGUAL VALOR","VALOR MENOR"))) -> IGUAL VALOR | L7: =IF(D7="","",IF(D7="CUMPLE",IF(E7="CUMPLE",IF(OR(K7="IGUAL VALOR",K7="VALOR MENOR"),"HABILITADO","NO HABILITADO"),"NO HABILITADO"),"NO HABILITADO")) -> HABILITADO
A8: 6 | B8: {=IF(INDIRECT("Formato_9_Exp_Proponente!B"&Listados!S8)="","",INDIRECT("Formato_9_Exp_Proponente!B"&Listados!S8))} -> SGA CONSULTORES S.A.S: NIT 901.549.833-4 | C8: =Listados!$M$3 -> 1351954266 | D8: CUMPLE | E8: CUMPLE | F8: 888332583 | G8: 247763434 | H8: =(F8+G8)*0.19 -> 2.1585824e+08 | I8: =+ROUND(SUM(F8:H8),0) -> 1351954260 | J8: =IF(D8="","",C8-I8) -> 6 | K8: =IF(D8="","",IF(J8<0,"VALOR MAYOR",IF(J8=0,"IGUAL VALOR","VALOR MENOR"))) -> VALOR MENOR | L8: =IF(D8="","",IF(D8="CUMPLE",IF(E8="CUMPLE",IF(OR(K8="IGUAL VALOR",K8="VALOR MENOR"),"HABILITADO","NO HABILITADO"),"NO HABILITADO"),"NO HABILITADO")) -> HABILITADO
A9: 7 | B9: {=IF(INDIRECT("Formato_9_Exp_Proponente!B"&Listados!S9)="","",INDIRECT("Formato_9_Exp_Proponente!B"&Listados!S9))} -> SMARTY COLOMBIA SAS BIC: NIT 900249549-6 | C9: =Listados!$M$3 -> 1351954266 | D9: CUMPLE | E9: CUMPLE | F9: 888332583 | G9: 247481982 | H9: =(F9+G9)*0.19 -> 2.1580477e+08 | I9: =+ROUND(SUM(F9:H9),0) -> 1351619332 | J9: =IF(D9="","",C9-I9) -> 334934 | K9: =IF(D9="","",IF(J9<0,"VALOR MAYOR",IF(J9=0,"IGUAL VALOR","VALOR MENOR"))) -> VALOR MENOR | L9: =IF(D9="","",IF(D9="CUMPLE",IF(E9="CUMPLE",IF(OR(K9="IGUAL VALOR",K9="VALOR MENOR"),"HABILITADO","NO HABILITADO"),"NO HABILITADO"),"NO HABILITADO")) -> HABILITADO
A10: 8 | B10: {=IF(INDIRECT("Formato_9_Exp_Proponente!B"&Listados!S10)="","",INDIRECT("Formato_9_Exp_Proponente!B"&Listados!S10))} -> CONSORCIO TOOL | C10: =Listados!$M$3 -> 1351954266 | D10: CUMPLE | E10: CUMPLE | F10: 888332583 | G10: 247763439 | H10: =(F10+G10)*0.19 -> 2.1585824e+08 | I10: =+ROUND(SUM(F10:H10),0) -> 1351954266 | J10: =IF(D10="","",C10-I10) -> 0 | K10: =IF(D10="","",IF(J10<0,"VALOR MAYOR",IF(J10=0,"IGUAL VALOR","VALOR MENOR"))) -> IGUAL VALOR | L10: =IF(D10="","",IF(D10="CUMPLE",IF(E10="CUMPLE",IF(OR(K10="IGUAL VALOR",K10="VALOR MENOR"),"HABILITADO","NO HABILITADO"),"NO HABILITADO"),"NO HABILITADO")) -> HABILITADO
A11: 9 | B11: {=IF(INDIRECT("Formato_9_Exp_Proponente!B"&Listados!S11)="","",INDIRECT("Formato_9_Exp_Proponente!B"&Listados!S11))} -> CONSORCIO INTERVENTORÍA DE VIGILANCIA 2024 | C11: =Listados!$M$3 -> 1351954266 | D11: CUMPLE | E11: CUMPLE | F11: 888331235 | G11: 247763420 | H11: =(F11+G11)*0.19 -> 2.1585798e+08 | I11: =+ROUND(SUM(F11:H11),0) -> 1351952639 | J11: =IF(D11="","",C11-I11) -> 1627 | K11: =IF(D11="","",IF(J11<0,"VALOR MAYOR",IF(J11=0,"IGUAL VALOR","VALOR MENOR"))) -> VALOR MENOR | L11: =IF(D11="","",IF(D11="CUMPLE",IF(E11="CUMPLE",IF(OR(K11="IGUAL VALOR",K11="VALOR MENOR"),"HABILITADO","NO HABILITADO"),"NO HABILITADO"),"NO HABILITADO")) -> HABILITADO
A12: 10 | B12: {=IF(INDIRECT("Formato_9_Exp_Proponente!B"&Listados!S12)="","",INDIRECT("Formato_9_Exp_Proponente!B"&Listados!S12))} -> Consultora Central S.A.S BIC | C12: =Listados!$M$3 -> 1351954266 | D12: CUMPLE | E12: CUMPLE | F12: 888326681 | G12: 247762000 | H12: =(F12+G12)*0.19 -> 2.1585685e+08 | I12: =+ROUND(SUM(F12:H12),0) -> 1351945530 | J12: =IF(D12="","",C12-I12) -> 8736 | K12: =IF(D12="","",IF(J12<0,"VALOR MAYOR",IF(J12=0,"IGUAL VALOR","VALOR MENOR"))) -> VALOR MENOR | L12: =IF(D12="","",IF(D12="CUMPLE",IF(E12="CUMPLE",IF(OR(K12="IGUAL VALOR",K12="VALOR MENOR"),"HABILITADO","NO HABILITADO"),"NO HABILITADO"),"NO HABILITADO")) -> HABILITADO
A13: 11 | B13: {=IF(INDIRECT("Formato_9_Exp_Proponente!B"&Listados!S13)="","",INDIRECT("Formato_9_Exp_Proponente!B"&Listados!S13))} -> CONSORCIO INTERVENCIÓN Y SEGURIDAD DISTRITAL | C13: =Listados!$M$3 -> 1351954266 | D13: CUMPLE | E13: CUMPLE | F13: 888332583 | G13: 247763439 | H13: =(F13+G13)*0.19 -> 2.1585824e+08 | I13: =+ROUND(SUM(F13:H13),0) -> 1351954266 | J13: =IF(D13="","",C13-I13) -> 0 | K13: =IF(D13="","",IF(J13<0,"VALOR MAYOR",IF(J13=0,"IGUAL VALOR","VALOR MENOR"))) -> IGUAL VALOR | L13: =IF(D13="","",IF(D13="CUMPLE",IF(E13="CUMPLE",IF(OR(K13="IGUAL VALOR",K13="VALOR MENOR"),"HABILITADO","NO HABILITADO"),"NO HABILITADO"),"NO HABILITADO")) -> HABILITADO
A14: 12 | B14: {=IF(INDIRECT("Formato_9_Exp_Proponente!B"&Listados!S14)="","",INDIRECT("Formato_9_Exp_Proponente!B"&Listados!S14))} -> Strycon Energía: NIT 901.466.510-3 | C14: =Listados!$M$3 -> 1351954266 | D14: CUMPLE | E14: CUMPLE | F14: 888332583 | G14: 247763439 | H14: =(F14+G14)*0.19 -> 2.1585824e+08 | I14: =+ROUND(SUM(F14:H14),0) -> 1351954266 | J14: =IF(D14="","",C14-I14) -> 0 | K14: =IF(D14="","",IF(J14<0,"VALOR MAYOR",IF(J14=0,"IGUAL VALOR","VALOR MENOR"))) -> IGUAL VALOR | L14: =IF(D14="","",IF(D14="CUMPLE",IF(E14="CUMPLE",IF(OR(K14="IGUAL VALOR",K14="VALOR MENOR"),"HABILITADO","NO HABILITADO"),"NO HABILITADO"),"NO HABILITADO")) -> HABILITADO
A15: 13 | B15: {=IF(INDIRECT("Formato_9_Exp_Proponente!B"&Listados!S15)="","",INDIRECT("Formato_9_Exp_Proponente!B"&Listados!S15))} -> ALIANZA INTEGRAL DE PROYECTOS SAS BIC: NIT 901.506.750-7 | C15: =Listados!$M$3 -> 1351954266 | D15: CUMPLE | E15: CUMPLE | F15: 888332583 | G15: 247763439 | H15: =(F15+G15)*0.19 -> 2.1585824e+08 | I15: =+ROUND(SUM(F15:H15),0) -> 1351954266 | J15: =IF(D15="","",C15-I15) -> 0 | K15: =IF(D15="","",IF(J15<0,"VALOR MAYOR",IF(J15=0,"IGUAL VALOR","VALOR MENOR"))) -> IGUAL VALOR | L15: =IF(D15="","",IF(D15="CUMPLE",IF(E15="CUMPLE",IF(OR(K15="IGUAL VALOR",K15="VALOR MENOR"),"HABILITADO","NO HABILITADO"),"NO HABILITADO"),"NO HABILITADO")) -> HABILITADO
